Workbook
Name OrgCodeSelection: 'Control Panel'!$E$6
Name OrgNameSelection: 'Control Panel'!$F$6
Name Orgs: 'Reference Data'!$D$2:$E$202
Name SiteOrgCodes: 'Reference Data'!$H$2:$H$4385
Name Sites: 'Reference Data'!$G$2:$J$4385
Name Specialties: 'Reference Data'!$A$2:$A$84
Name WardSiteCodes: Wards!$D$2:$D$6870

Sheet Revision History
B2: Revision History
C3: NStf-Fil | D3: =OrgCodeSelection -> RTQ
B4: Version | C4: Date | D4: Change | E4: Change by | F4: Put Live | G4: Put live By
B5: 31 | C5: 44043 | D5: First UDF Version
B6: 32 | C6: 44054 | D6: Updated ref data for RAJ (merged in RDD and RQ8, but incomplete as not all sites are ODS-registered to RAJ
B7: 33 | C7: 44071 | D7: remove UDFs and replace template with formula-based solution. | J7: DM-6913 | K7: SF
B8: 34 | C8: 44079 | D8: #VALUE! Fix - DM-6980
B9: 35 | C9: 44103 | D9: Ref data updates DM-6963
B10: 36 | C10: 44187 | D10: Ref data updates DM-7206
B11: 36.1 | C11: 44218 | D11: error changed to warning - AB - to be reviewed in April - major version required for next month
B12: 37 | C12: 44225 | D12: 4 x changes | E12: DM-8002
B13: 38 | C13: 44323 | D13: Added Brackley Community Hospital and Ward - Brackley to the ref data
B14: 39 | C14: 44344 | D14: DM-8935
B15: 40 | C15: 44371 | D15: DM-9177
B16: 41 | C16: 44405 | D16: DM-9528 - updated ref data
B17: 41.1 | C17: 44516 | D17: DM-10126
B18: 41.2 | C18: 44523 | D18: DM-10139
B19: 41.3 | C19: 44547 | D19: DM-10182
B20: 41.4 | C20: 44572 | D20: DM-10243
B21: 41.5 | C21: 44617 | D21: DM-10475
B22: 41.6 | C22: 44662 | D22: DM-10596
B23: 42 | C23: 44704 | D23: DM-10607
B24: 42.1 | C24: 44743 | D24: DM-10751
... B28: 42.7 | C28: 45155 | D28: Amended name for RBN re merger & added two RBN sites
B29: 42.8 | C29: 45351 | D29: informational contact email changed to england.modelhospitaloperations@nhs.net DEP007-2456 | E29: Peter.reffell1@nhs.net
B30: 44 | C30: 45379 | D30: https://nhsd-jira.digital.nhs.uk/browse/DEP007-1365 | E30: CR | F30: 45379 | G30: JW
B31: 44.1 | C31: 45415 | D31: DEP007-2612 - readded forest of dean hospital after erroneously leaving out on new version of template | E31: CR - BV Reviewed
B32: 44.2 | C32: 45448 | D32: SCTASK0171432 - readded St Mary's hospital location after erroneously leaving out of new version of template | E32: No review - development already reviewed and completed.
B33: 44.3 | C33: 45485 | D33: SCTASK0181375 - drop down not working correctly
B34: 44.4 | C34: 45491 | D34: DEP007-2807 | E34: CR - BV Reviewed
B35: 44.5 | C35: 45502 | D35: DEP007-2830 | E35: BV - CR reviewed
B36: 44.6 | C36: 45533 | D36: DEP007-2882 | E36: CR - BV Reviewed
B37: 44.7 | C37: 45553 | D37: DEP007-2962 | E37: CR - BV Reviewed
B38: 44.8 | C38: 45566 | D38: DEP007-2990 | E38: CR - PR Reviewed
B39: 44.9 | C39: 45579 | D39: DEP007-3011 | E39: CR - BV Reviewed
B40: 44.11 | C40: 45632 | D40: DEP007-3159 - skipped to 44.11 due to name formatting for SDCS. | E40: CR-AS Reviewed
B41: 44.12 | C41: 45638 | D41: DEP007-3159, DEP007-3181, DEP007-3182 | E41: AS-CR Reviewed
B42: 44.13 | C42: 45663 | D42: Ref data update
B43: 44.14 | C43: 45664 | D43: Ref data Update | E43: CR-AS Reviewed
B44: 44.14 | C44: 45671 | D44: DEP007-3228 (version not on sdcs yet so keeping same version | E44: CR-BV Reviewed
B45: 44.15 | C45: 45674 | D45: DEP007-3248 | E45: CR-BV Reviewed
B46: 44.15 | C46: 45678 | D46: DEP007-3253 | E46: AS-BV Reviewed
B47: 44.16 | C47: 45686 | D47: DEP007-3269 | E47: AS-CR Reviewed
B48: 44.17 | C48: 45727 | D48: SCTASK0234016, SCTASK0218395 | E48: AS-CR Reviewed
B49: 44.18 | C49: 45736 | D49: DEP007-3386
B50: 44.19 | C50: 45779 | D50: DEP007-3509 | E50: PR-CR Reviewed
B51: 44.21 | C51: 45796 | D51: Skipping V44.20 to avoid confusion. DEP007-3606 | E51: CR
B52: 44.22 | C52: 45813 | D52: DEP007-3650 | E52: CR
B53: 44.23 | C53: 45888 | D53: DEP007 - 3827 | E53: PR
B54: 44.24 | C54: 45902 | D54: DEP007 - 3860 - ref data | E54: PR
B55: 44.25 | C55: 45923 | D55: DEO007 - 3905 - ref data | E55: PR
B56: 44.26 | C56: 45940
B57: 44.27 | C57: 45947 | D57: DEP007 - 3976 | E57: PR - CR reviewed
B58: 44.28 | C58: 45980 | D58: DEP007 - 4051 | E58: Review not necessary locking permissions on sheet permission changed to allow copying
B59: 44.29 | C59: 46001 | D59: DEP007 - 3975
B60: 44.31 | C60: 46009 | D60: DEO007 - 4096 & 4100 | E60: Ref Data
B61: 44.32 | C61: 46037 | D61: 4139 | E61: Ref Data
B62: 44.33 | C62: 46100 | E62: Ref Data
B63: 44.34 | C63: 46119 | E63: Minor update to Seren Lodge
B64: 44.35 | C64: 19/05/2026DEP007-4252 | E64: Ref data
B65: 44.36 | C65: 46178 | D65: DEP007 4264 | E65: ref data
B66: 44.37 | C66: 46227 | D66: 4304 | E66: PR ref data

Sheet templatemetadata
A1: Password | B1: missvanjie
A2: RefData
B3: Wards
C4: Concatenate | D4: $A$1:$A$6771
C5: Org code | D5: $B$1:$B$6771 | E5: CCG/ICS
C6: Org name | D6: $C$1:$C$6771
C7: Site Code | D7: $D$1:$D$6771
C8: Site Name | D8: $E$1:$E$6771
C9: Ward | D9: $F$1:$F$2216
B10: Reference Data
C11: Concat Construction | D11: $J$1:$J$4801
C12: AXG | D12: $H$2:$H$4801 | E12: CCG/ICS
C13: SAVERNAKE COMMUNITY HOSPITAL | D13: $I$2:$I$4801
C14: Sites | D14: $G$1:$G$4801
C15: AIREDALE NHS FOUNDATION TRUST | D15: $E$2:$E$204
A16: <END>

Sheet Dev Notes
A2: Date | B2: Change
A3: 45300 | B3: Added PRISCILLA BACON LODGE as a ward for site:PRISCILLA BACON LODGE
A4: 45371 | B4: ADDED The Princess Royal Hospital - Subacute Ward 36 (R1D03) and Royal Shrewsbury Hospital - Subacute Ward 18 (R1D16)

Sheet Control Panel
A1: X
D2: Safe Staffing (Rota Fill Rates and CHPPD) Collection
D4: Please check that the data on this upload template is accurate before being submitted to SDCS. You are reminded that these figures will be published, and it is the responsibility of your organisation that these submitted figures are accurate and in line with national guidance. We will undertake basic validation checks on these figures post submission, and may come back to you with any queries we may have.
E6: RTQ | F6: =VLOOKUP(OrgCodeSelection,Orgs,2,FALSE) -> GLOUCESTERSHIRE HEALTH AND CARE NHS FOUNDATION TRUST
D12: {=IF(ISERROR(MacroCheck(NOW())), "Please enable macros when using this template",IF($E$6="","No organisation has been selected. You cannot submit this template.",IF(COUNTBLANK(Errors!$E$7:$K$206)<>1400,"This template contains errors and will FAIL at submission. Please review the Errors tab for more information",IF(COUNTBLANK('Trust - Frontsheet'!E16:AC215)=5000,"You have not entered any data. The submission will FAIL","No errors have been found in this template. It will be accepted by the SDCS portal"))))} -> No errors have been found in this template. It will be accepted by the SDCS portal | F12: =IF(OR(COUNTBLANK(Warnings!$E$14:$S$213)<>3000,COUNTBLANK(Warnings!$B$7:$K$7)<>10),"There may be issues with these data. Please review the Warnings tab for more information","") -> There may be issues with these data. Please review the Warnings tab for more information
D15: If you have any issues regarding this template please review the Important Information tab before contacting Data Collections
D25: If you have any further queries please contact:
D26: england.modelhospitaloperations@nhs.net

Sheet SDCS
A1: =IF(OrgCodeSelection="","You have not selected an Organistion",IF(COUNTBLANK('Trust - Frontsheet'!E16:AC215)=5000,"You have not entered any data. The submission will FAIL",IF(COUNTBLANK(Errors!$E$7:$K$206)<>1400,"There are errors on this sheet. This submission will FAIL. Please review the Errors tab for more information",""))) | B1: =IF(OR(COUNTBLANK(Warnings!$E$14:$S$213)<>3000,COUNTBLANK(Warnings!$B$7:$K$7)<>10),"There may be issues with these data. Please review the Warnings tab for more information","") -> There may be issues with these data. Please review the Warnings tab for more information
A2: =IF('Control Panel'!$D$12="Please enable macros when using this template","Please enable macros when using this template","")

Sheet Important Information

Sheet Trust - Frontsheet
D2: Safe Staffing (Rota Fill Rates and CHPPD) Collection
D5: Organisation: | E5: =IF(ISBLANK(OrgCodeSelection),"",OrgCodeSelection) -> RTQ | F5: =IF(ISBLANK(OrgNameSelection),"",OrgNameSelection) -> GLOUCESTERSHIRE HEALTH AND CARE NHS FOUNDATION TRUST | AC5: x
AD6: =""
F7: Please provide the URL to the page on your trust website where your staffing information is available
F8: (Please can you ensure that the URL you attach to the spreadsheet is correct and links to the correct web page and include 'http://' in your URL)
F9: http://www.ghc.nhs.uk/our-approach-to-quality/safe-staffing-levels/
F10: =IFERROR(IF(COUNTBLANK(E16:AC215)=5000,"You have not entered any data. The submission will FAIL",IF(COUNTBLANK(Errors!$E$7:$K$206)<>1400,"There are errors on this sheet. This submission will FAIL. Please review the Errors tab for more information",IF(OR(COUNTBLANK(Warnings!$E$14:$S$213)<>3000,COUNTBLANK(Warnings!$B$7:$K$7)<>10),"There may be issues with these data. Please review the Warnings tab for more information",""))),"") -> There may be issues with these data. Please review the Warnings tab for more information
F11: Only complete sites your organisation is accountable for | I11: Day | Q11: Night | Y11: Allied Health Professionals | AC11: Cumulative count over the month of patients at 23:59 each day | AD11: Care Hours Per Patient Day (CHPPD) | AK11: Day | AO11: Night | AS11: Allied Health Professionals
D12: Hospital Site Details | F12: Ward name | G12: Main 2 Specialties on each ward | I12: Registered Nurses/Midwives | K12: Non-registered Nurses/Midwives (Care Staff) | M12: Registered Nursing Associates | O12: Non-registered Nursing Associates | Q12: Registered Nurses/Midwives | S12: Non-registered Nurses/Midwives (Care Staff) | U12: Registered Nursing Associates | W12: Non-registered Nursing Associates | Y12: Registered allied health professionals | AA12: Non-registered allied health professionals | AD12: Registered Nurses/Midwives | AE12: Non-registered Nurses/Midwives | AF12: Registered Nursing Associates | AG12: Non-registered Nursing Associates | AH12: Registered allied health professionals | AI12: Non-registered allied health professionals | AJ12: Overall | AK12: Average fill rate - Registered Nurses/Midwives (%) | AL12: Average fill rate - Non-registered Nurses/Midwives (care staff) (%) | AM12: Average fill rate - Registered Nursing Associates (%) | AN12: Average fill rate - Non-Registered Nursing Associates (%) | AO12: Average fill rate - Registered Nurses/Midwives (%) | AP12: Average fill rate - Non-registered Nurses/Midwives (care staff) (%) | AQ12: Average fill rate - Registered Nursing Associates (%) | AR12: Average fill rate - Non-Registered Nursing Associates (%) | AS12: Average fill rate - registered allied health professionals (AHP) (%) | AT12: Average fill rate - non-registered allied health professionals (AHP) (%)
A13: Site-Ward Concat | D13: Site code *The Site code is automatically populated when a Site name is selected | E13: Hospital Site name | G13: Specialty 1 | H13: Specialty 2 | I13: Total monthly planned staff hours | J13: Total monthly actual staff hours | K13: Total monthly planned staff hours | L13: Total monthly actual staff hours | M13: Total monthly planned staff hours | N13: Total monthly actual staff hours | O13: Total monthly planned staff hours | P13: Total monthly actual staff hours | Q13: Total monthly planned staff hours | R13: Total monthly actual staff hours | S13: Total monthly planned staff hours | T13: Total monthly actual staff hours | U13: Total monthly planned staff hours | V13: Total monthly actual staff hours | W13: Total monthly planned staff hours | X13: Total monthly actual staff hours | Y13: Total monthly planned staff hours | Z13: Total monthly actual staff hours | AA13: Total monthly planned staff hours | AB13: Total monthly actual staff hours
D14: SiteCode | E14: SiteName | F14: WardName | G14: Spec1 | H14: Spec2 | I14: RNM_Planned_Day | J14: RNM_Actual_Day | K14: NRNM_Planned_Day | L14: NRNM_Actual_Day | M14: RNA_Planned_Day | N14: RNA_Actual_Day | O14: NRNA_Planned_Day | P14: NRNA_Actual_Day | Q14: RNM_Planned_Night | R14: RNM_Actual_Night | S14: NRNM_Planned_Night | T14: NRNM_Actual_Night | U14: RNA_Planned_Night | V14: RNA_Actual_Night | W14: NRNA_Planned_Night | X14: NRNA_Actual_Night | Y14: RAHP_Planned | Z14: RAHP_Actual | AA14: NRAHP_Planned | AB14: NRAHP_Actual | AC14: PatientCount | AD14: CHPPD_RNM | AE14: CHPPD_NRNM | AF14: CHPPD_RNA | AG14: CHPPD_NRNA | AH14: CHPPD_RAHP | AI14: CHPPD_NRAHP | AJ14: CHPPD_Overall | AK14: AvgFR_RNM_Day | AL14: AvgFR_NRNM_Day | AM14: AvgFR_RNA_Day | AN14: AvgFR_NRNA_Day | AO14: AvgFR_RNM_Night | AP14: AvgFR_NRNM_Night | AQ14: AvgFR_RNA_Night | AR14: AvgFR_NRNA_Night | AS14: AvgFR_RAHP | AT14: AvgFR_NRAHP
F15: Total | I15: =SUM(INDIRECT("I16:I215")) -> 25003.583 | J15: =SUM(INDIRECT("J16:J215")) -> 22523.567 | K15: =SUM(INDIRECT("K16:K215")) -> 33903.917 | L15: =SUM(INDIRECT("L16:L215")) -> 35930.1 | M15: =SUM(INDIRECT("M16:M215")) -> 0 | N15: =SUM(INDIRECT("N16:N215")) -> 541.33333 | O15: =SUM(INDIRECT("O16:O215")) -> 0 | P15: =SUM(INDIRECT("P16:P215")) -> 98.5 | Q15: =SUM(INDIRECT("Q16:Q215")) -> 12400 | R15: =SUM(INDIRECT("R16:R215")) -> 12694.55 | S15: =SUM(INDIRECT("S16:S215")) -> 15468.25 | T15: =SUM(INDIRECT("T16:T215")) -> 17019.983 | U15: =SUM(INDIRECT("U16:U215")) -> 0 | V15: =SUM(INDIRECT("V16:V215")) -> 115.41667 | W15: =SUM(INDIRECT("W16:W215")) -> 0 | X15: =SUM(INDIRECT("X16:X215")) -> 0 | Y15: =SUM(INDIRECT("Y16:Y215")) -> 5455.5 | Z15: =SUM(INDIRECT("Z16:Z215")) -> 3392.5 | AA15: =SUM(INDIRECT("AA16:AA215")) -> 3082.5 | AB15: =SUM(INDIRECT("AB16:AB215")) -> 1710 | AC15: =SUM(INDIRECT("AC16:AC215")) -> 9699 | AD15: =IFERROR(IF(INDIRECT("$AC" &ROW()) ="","",SUM(INDIRECT("J" &ROW()),INDIRECT("R" & ROW()))/INDIRECT("$AC" &ROW())),"-") -> 3.631108 | AE15: =IFERROR(IF(INDIRECT("$AC"&ROW())="","",SUM(INDIRECT("L"&ROW()),INDIRECT("T"&ROW()))/INDIRECT("$AC"&ROW())),"-") -> 5.4593343 | AF15: =IFERROR(IF(INDIRECT("$AC" &ROW())="","",SUM(INDIRECT("N" &ROW()),INDIRECT("V" &ROW()))/INDIRECT("$AC" &ROW())),"-") -> 0.067713166 | AG15: =IFERROR(IF(INDIRECT("$AC" &ROW())="","",SUM(INDIRECT("P" &ROW()),INDIRECT("X" &ROW()))/INDIRECT("$AC" &ROW())),"-") -> 0.010155686 | AH15: =IFERROR(IF(INDIRECT("$AC" &ROW())="","",INDIRECT("Z" &ROW())/INDIRECT("$AC" &ROW())),"-") -> 0.34977833 | AI15: =IFERROR(IF(INDIRECT("$AC" &ROW())="","",INDIRECT("AB" &ROW())/INDIRECT("$AC" &ROW())),"-") -> 0.17630684 | AJ15: =IFERROR(IF(AC15="","",SUM(J15,L15,N15,P15,R15,T15,V15,X15,Z15,AB15)/AC15),"-") -> 9.6943963 | AK15: =IFERROR(IF(INDIRECT("I" &ROW())="","",INDIRECT("J" &ROW())/INDIRECT("I" &ROW())),"-") -> 0.90081355 | AL15: =IFERROR(IF(INDIRECT("K" &ROW())="","",INDIRECT("L" &ROW())/INDIRECT("K" &ROW())),"-") -> 1.0597625 | AM15: =IFERROR(IF(INDIRECT("M" &ROW())="","",INDIRECT("N" &ROW())/INDIRECT("M" &ROW())),"-") -> - | AN15: =IFERROR(IF(INDIRECT("O" &ROW())="","",INDIRECT("P" &ROW())/INDIRECT("O" &ROW())),"-") -> - | AO15: =IFERROR(IF(INDIRECT("Q" &ROW())="","",INDIRECT("R" &ROW())/INDIRECT("Q" &ROW())),"-") -> 1.023754 | AP15: =IFERROR(IF(INDIRECT("S" &ROW())="","",INDIRECT("T" &ROW())/INDIRECT("S" &ROW())),"-") -> 1.1003173 | AQ15: =IFERROR(IF(INDIRECT("U" &ROW())="","",INDIRECT("V" &ROW())/INDIRECT("U" &ROW())),"-") -> - | AR15: =IFERROR(IF(INDIRECT("W" &ROW())="","",INDIRECT("X" &ROW())/INDIRECT("W" &ROW())),"-") -> - | AS15: =IFERROR(IF(INDIRECT("Y" &ROW())="","",INDIRECT("Z" &ROW())/INDIRECT("Y" &ROW())),"-") -> 0.62184951 | AT15: =IFERROR(IF(INDIRECT("AA" &ROW())="","",INDIRECT("AB" &ROW())/INDIRECT("AA" &ROW())),"-") -> 0.55474453
A16: {=INDIRECT("D" & ROW())&INDIRECT("F" & ROW())} -> RTQ02Abbey | D16: =IFERROR(VLOOKUP($E$5&E16,Sites,4,FALSE),"") -> RTQ02 | E16: WOTTON LAWN HOSPITAL | F16: Abbey | G16: 710 - ADULT MENTAL ILLNESS | I16: 1395 | J16: 1176.3333 | K16: 930 | L16: 1408.5 | M16: 0 | N16: 60 | O16: 0 | P16: 0 | Q16: 310 | R16: 578.43333 | S16: 620 | T16: 904.41667 | U16: 0 | V16: 40 | W16: 0 | X16: 0 | Y16: 0 | Z16: 0 | AA16: 0 | AB16: 0 | AC16: 371 | AD16: =IF(A16="","",IFERROR((VLOOKUP(A16,A16:AC216,10,0)+VLOOKUP(A16,A16:AC216,18,0))/VLOOKUP(A16,A16:AC216,29,0),"-")) -> 4.7298293 | AE16: =IF(A16="","",IFERROR((VLOOKUP(A16,A16:AC216,12,0)+VLOOKUP(A16,A16:AC216,20,0))/VLOOKUP(A16,A16:AC216,29,0),"-")) -> 6.2342767 | AF16: =IF(A16="","",IFERROR((VLOOKUP(A16,A16:AC216,14,0)+VLOOKUP(A16,A16:AC216,22,0))/VLOOKUP(A16,A16:AC216,29,0),"-")) -> 0.26954178 | AG16: =IF(A16="","",IFERROR((VLOOKUP(A16,A16:AC216,16,0)+VLOOKUP(A16,A16:AC216,24,0))/VLOOKUP(A16,A16:AC216,29,0),"-")) -> 0 | AH16: =IF(A16="","",IFERROR(VLOOKUP(A16,A16:AC216,26,0)/VLOOKUP(A16,A16:AC216,29,0),"-")) -> 0 | AI16: =IF(A16="","",IFERROR(VLOOKUP(A16,A16:AC216,28,0)/VLOOKUP(A16,A16:AC216,29,0),"-")) -> 0 | AJ16: =IF(A16="","",IFERROR((VLOOKUP(A16,A16:AC216,10,0)+VLOOKUP(A16,A16:AC216,12,0)+VLOOKUP(A16,A16:AC216,14,0)+VLOOKUP(A16,A16:AC216,16,0)+VLOOKUP(A16,A16:AC216,18,0)+VLOOKUP(A16,A16:AC216,20,0)+VLOOKUP(A16,A16:AC216,22,0)+VLOOKUP(A16,A16:AC216,24,0)+VLOOKUP(A16,A16:AC216,26,0)+VLOOKUP(A16,A16:AC216,28,0))/VLOOKUP(A16,A16:AC216,29,0),"-")) -> 11.233648 | AK16: =IF(A16="","",IFERROR(VLOOKUP(A16,A16:AC216,10,0)/VLOOKUP(A16,A16:AC216,9,0),"-")) -> 0.8432497 | AL16: =IF(A16="","",IFERROR(VLOOKUP(A16,A16:AC216,12,0)/VLOOKUP(A16,A16:AC216,11,0),"-")) -> 1.5145161 | AM16: =IF(A16="","",IFERROR(VLOOKUP(A16,A16:AC216,14,0)/VLOOKUP(A16,A16:AC216,13,0),"-")) -> - | AN16: =IF(A16="","",IFERROR(VLOOKUP(A16,A16:AC216,16,0)/VLOOKUP(A16,A16:AC216,15,0),"-")) -> - | AO16: =IF(A16="","",IFERROR(VLOOKUP(A16,A16:AC216,18,0)/VLOOKUP(A16,A16:AC216,17,0),"-")) -> 1.865914 | AP16: =IF(A16="","",IFERROR(VLOOKUP(A16,A16:AC216,20,0)/VLOOKUP(A16,A16:AC216,19,0),"-")) -> 1.4587366 | AQ16: =IF(A16="","",IFERROR(VLOOKUP(A16,A16:AC216,22,0)/VLOOKUP(A16,A16:AC216,21,0),"-")) -> - | AR16: =IF(A16="","",IFERROR(VLOOKUP(A16,A16:AC216,24,0)/VLOOKUP(A16,A16:AC216,23,0),"-")) -> - | AS16: =IF(A16="","",IFERROR(VLOOKUP(A16,A16:AC216,26,0)/VLOOKUP(A16,A16:AC216,25,0),"-")) -> - | AT16: =IF(A16="","",IFERROR(VLOOKUP(A16,A16:AC216,28,0)/VLOOKUP(A16,A16:AC216,27,0),"-")) -> -
A17: {=INDIRECT("D" & ROW())&INDIRECT("F" & ROW())} -> RTQ02Dean | D17: =IFERROR(VLOOKUP($E$5&E17,Sites,4,FALSE),"") -> RTQ02 | E17: WOTTON LAWN HOSPITAL | F17: Dean | G17: 710 - ADULT MENTAL ILLNESS | I17: 1395 | J17: 1089.55 | K17: 1395 | L17: 1894.7667 | M17: 0 | N17: 169.41667 | O17: 0 | P17: 0 | Q17: 620 | R17: 713.16667 | S17: 620 | T17: 1020.8333 | U17: 0 | V17: 40.666667 | W17: 0 | X17: 0 | Y17: 0 | Z17: 0 | AA17: 0 | AB17: 15 | AC17: 445 | AD17: =IF(A17="","",IFERROR((VLOOKUP(A17,A17:AC217,10,0)+VLOOKUP(A17,A17:AC217,18,0))/VLOOKUP(A17,A17:AC217,29,0),"-")) -> 4.0510487 | AE17: =IF(A17="","",IFERROR((VLOOKUP(A17,A17:AC217,12,0)+VLOOKUP(A17,A17:AC217,20,0))/VLOOKUP(A17,A17:AC217,29,0),"-")) -> 6.5519101 | AF17: =IF(A17="","",IFERROR((VLOOKUP(A17,A17:AC217,14,0)+VLOOKUP(A17,A17:AC217,22,0))/VLOOKUP(A17,A17:AC217,29,0),"-")) -> 0.47209738 | AG17: =IF(A17="","",IFERROR((VLOOKUP(A17,A17:AC217,16,0)+VLOOKUP(A17,A17:AC217,24,0))/VLOOKUP(A17,A17:AC217,29,0),"-")) -> 0 | AH17: =IF(A17="","",IFERROR(VLOOKUP(A17,A17:AC217,26,0)/VLOOKUP(A17,A17:AC217,29,0),"-")) -> 0 | AI17: =IF(A17="","",IFERROR(VLOOKUP(A17,A17:AC217,28,0)/VLOOKUP(A17,A17:AC217,29,0),"-")) -> 0.033707865 | AJ17: =IF(A17="","",IFERROR((VLOOKUP(A17,A17:AC217,10,0)+VLOOKUP(A17,A17:AC217,12,0)+VLOOKUP(A17,A17:AC217,14,0)+VLOOKUP(A17,A17:AC217,16,0)+VLOOKUP(A17,A17:AC217,18,0)+VLOOKUP(A17,A17:AC217,20,0)+VLOOKUP(A17,A17:AC217,22,0)+VLOOKUP(A17,A17:AC217,24,0)+VLOOKUP(A17,A17:AC217,26,0)+VLOOKUP(A17,A17:AC217,28,0))/VLOOKUP(A17,A17:AC217,29,0),"-")) -> 11.108764 | AK17: =IF(A17="","",IFERROR(VLOOKUP(A17,A17:AC217,10,0)/VLOOKUP(A17,A17:AC217,9,0),"-")) -> 0.78103943 | AL17: =IF(A17="","",IFERROR(VLOOKUP(A17,A17:AC217,12,0)/VLOOKUP(A17,A17:AC217,11,0),"-")) -> 1.3582557 | AM17: =IF(A17="","",IFERROR(VLOOKUP(A17,A17:AC217,14,0)/VLOOKUP(A17,A17:AC217,13,0),"-")) -> - | AN17: =IF(A17="","",IFERROR(VLOOKUP(A17,A17:AC217,16,0)/VLOOKUP(A17,A17:AC217,15,0),"-")) -> - | AO17: =IF(A17="","",IFERROR(VLOOKUP(A17,A17:AC217,18,0)/VLOOKUP(A17,A17:AC217,17,0),"-")) -> 1.1502688 | AP17: =IF(A17="","",IFERROR(VLOOKUP(A17,A17:AC217,20,0)/VLOOKUP(A17,A17:AC217,19,0),"-")) -> 1.6465054 | AQ17: =IF(A17="","",IFERROR(VLOOKUP(A17,A17:AC217,22,0)/VLOOKUP(A17,A17:AC217,21,0),"-")) -> - | AR17: =IF(A17="","",IFERROR(VLOOKUP(A17,A17:AC217,24,0)/VLOOKUP(A17,A17:AC217,23,0),"-")) -> - | AS17: =IF(A17="","",IFERROR(VLOOKUP(A17,A17:AC217,26,0)/VLOOKUP(A17,A17:AC217,25,0),"-")) -> - | AT17: =IF(A17="","",IFERROR(VLOOKUP(A17,A17:AC217,28,0)/VLOOKUP(A17,A17:AC217,27,0),"-")) -> -
A18: {=INDIRECT("D" & ROW())&INDIRECT("F" & ROW())} -> RTQ02Greyfriars | D18: =IFERROR(VLOOKUP($E$5&E18,Sites,4,FALSE),"") -> RTQ02 | E18: WOTTON LAWN HOSPITAL | F18: Greyfriars | G18: 710 - ADULT MENTAL ILLNESS | I18: 1627.5 | J18: 1075.1667 | K18: 1395 | L18: 1973.4333 | M18: 0 | N18: 45.25 | O18: 0 | P18: 0 | Q18: 620 | R18: 602.83333 | S18: 620 | T18: 1173.0833 | U18: 0 | V18: 10 | W18: 0 | X18: 0 | Y18: 0 | Z18: 0 | AA18: 0 | AB18: 0 | AC18: 301 | AD18: =IF(A18="","",IFERROR((VLOOKUP(A18,A18:AC218,10,0)+VLOOKUP(A18,A18:AC218,18,0))/VLOOKUP(A18,A18:AC218,29,0),"-")) -> 5.5747508 | AE18: =IF(A18="","",IFERROR((VLOOKUP(A18,A18:AC218,12,0)+VLOOKUP(A18,A18:AC218,20,0))/VLOOKUP(A18,A18:AC218,29,0),"-")) -> 10.453544 | AF18: =IF(A18="","",IFERROR((VLOOKUP(A18,A18:AC218,14,0)+VLOOKUP(A18,A18:AC218,22,0))/VLOOKUP(A18,A18:AC218,29,0),"-")) -> 0.18355482 | AG18: =IF(A18="","",IFERROR((VLOOKUP(A18,A18:AC218,16,0)+VLOOKUP(A18,A18:AC218,24,0))/VLOOKUP(A18,A18:AC218,29,0),"-")) -> 0 | AH18: =IF(A18="","",IFERROR(VLOOKUP(A18,A18:AC218,26,0)/VLOOKUP(A18,A18:AC218,29,0),"-")) -> 0 | AI18: =IF(A18="","",IFERROR(VLOOKUP(A18,A18:AC218,28,0)/VLOOKUP(A18,A18:AC218,29,0),"-")) -> 0 | AJ18: =IF(A18="","",IFERROR((VLOOKUP(A18,A18:AC218,10,0)+VLOOKUP(A18,A18:AC218,12,0)+VLOOKUP(A18,A18:AC218,14,0)+VLOOKUP(A18,A18:AC218,16,0)+VLOOKUP(A18,A18:AC218,18,0)+VLOOKUP(A18,A18:AC218,20,0)+VLOOKUP(A18,A18:AC218,22,0)+VLOOKUP(A18,A18:AC218,24,0)+VLOOKUP(A18,A18:AC218,26,0)+VLOOKUP(A18,A18:AC218,28,0))/VLOOKUP(A18,A18:AC218,29,0),"-")) -> 16.211849 | AK18: =IF(A18="","",IFERROR(VLOOKUP(A18,A18:AC218,10,0)/VLOOKUP(A18,A18:AC218,9,0),"-")) -> 0.66062468 | AL18: =IF(A18="","",IFERROR(VLOOKUP(A18,A18:AC218,12,0)/VLOOKUP(A18,A18:AC218,11,0),"-")) -> 1.4146476 | AM18: =IF(A18="","",IFERROR(VLOOKUP(A18,A18:AC218,14,0)/VLOOKUP(A18,A18:AC218,13,0),"-")) -> - | AN18: =IF(A18="","",IFERROR(VLOOKUP(A18,A18:AC218,16,0)/VLOOKUP(A18,A18:AC218,15,0),"-")) -> - | AO18: =IF(A18="","",IFERROR(VLOOKUP(A18,A18:AC218,18,0)/VLOOKUP(A18,A18:AC218,17,0),"-")) -> 0.97231183 | AP18: =IF(A18="","",IFERROR(VLOOKUP(A18,A18:AC218,20,0)/VLOOKUP(A18,A18:AC218,19,0),"-")) -> 1.8920699 | AQ18: =IF(A18="","",IFERROR(VLOOKUP(A18,A18:AC218,22,0)/VLOOKUP(A18,A18:AC218,21,0),"-")) -> - | AR18: =IF(A18="","",IFERROR(VLOOKUP(A18,A18:AC218,24,0)/VLOOKUP(A18,A18:AC218,23,0),"-")) -> - | AS18: =IF(A18="","",IFERROR(VLOOKUP(A18,A18:AC218,26,0)/VLOOKUP(A18,A18:AC218,25,0),"-")) -> - | AT18: =IF(A18="","",IFERROR(VLOOKUP(A18,A18:AC218,28,0)/VLOOKUP(A18,A18:AC218,27,0),"-")) -> -
A19: {=INDIRECT("D" & ROW())&INDIRECT("F" & ROW())} -> RTQ02Kingsholm | D19: =IFERROR(VLOOKUP($E$5&E19,Sites,4,FALSE),"") -> RTQ02 | E19: WOTTON LAWN HOSPITAL | F19: Kingsholm | G19: 710 - ADULT MENTAL ILLNESS | I19: 1395 | J19: 1280.2 | K19: 1395 | L19: 1716.25 | M19: 0 | N19: 0 | O19: 0 | P19: 0 | Q19: 620 | R19: 607.91667 | S19: 620 | T19: 836.03333 | U19: 0 | V19: 0 | W19: 0 | X19: 0 | Y19: 0 | Z19: 0 | AA19: 0 | AB19: 0 | AC19: 464 | AD19: =IF(A19="","",IFERROR((VLOOKUP(A19,A19:AC219,10,0)+VLOOKUP(A19,A19:AC219,18,0))/VLOOKUP(A19,A19:AC219,29,0),"-")) -> 4.069217 | AE19: =IF(A19="","",IFERROR((VLOOKUP(A19,A19:AC219,12,0)+VLOOKUP(A19,A19:AC219,20,0))/VLOOKUP(A19,A19:AC219,29,0),"-")) -> 5.5006106 | AF19: =IF(A19="","",IFERROR((VLOOKUP(A19,A19:AC219,14,0)+VLOOKUP(A19,A19:AC219,22,0))/VLOOKUP(A19,A19:AC219,29,0),"-")) -> 0 | AG19: =IF(A19="","",IFERROR((VLOOKUP(A19,A19:AC219,16,0)+VLOOKUP(A19,A19:AC219,24,0))/VLOOKUP(A19,A19:AC219,29,0),"-")) -> 0 | AH19: =IF(A19="","",IFERROR(VLOOKUP(A19,A19:AC219,26,0)/VLOOKUP(A19,A19:AC219,29,0),"-")) -> 0 | AI19: =IF(A19="","",IFERROR(VLOOKUP(A19,A19:AC219,28,0)/VLOOKUP(A19,A19:AC219,29,0),"-")) -> 0 | AJ19: =IF(A19="","",IFERROR((VLOOKUP(A19,A19:AC219,10,0)+VLOOKUP(A19,A19:AC219,12,0)+VLOOKUP(A19,A19:AC219,14,0)+VLOOKUP(A19,A19:AC219,16,0)+VLOOKUP(A19,A19:AC219,18,0)+VLOOKUP(A19,A19:AC219,20,0)+VLOOKUP(A19,A19:AC219,22,0)+VLOOKUP(A19,A19:AC219,24,0)+VLOOKUP(A19,A19:AC219,26,0)+VLOOKUP(A19,A19:AC219,28,0))/VLOOKUP(A19,A19:AC219,29,0),"-")) -> 9.5698276 | AK19: =IF(A19="","",IFERROR(VLOOKUP(A19,A19:AC219,10,0)/VLOOKUP(A19,A19:AC219,9,0),"-")) -> 0.91770609 | AL19: =IF(A19="","",IFERROR(VLOOKUP(A19,A19:AC219,12,0)/VLOOKUP(A19,A19:AC219,11,0),"-")) -> 1.2302867 | AM19: =IF(A19="","",IFERROR(VLOOKUP(A19,A19:AC219,14,0)/VLOOKUP(A19,A19:AC219,13,0),"-")) -> - | AN19: =IF(A19="","",IFERROR(VLOOKUP(A19,A19:AC219,16,0)/VLOOKUP(A19,A19:AC219,15,0),"-")) -> - | AO19: =IF(A19="","",IFERROR(VLOOKUP(A19,A19:AC219,18,0)/VLOOKUP(A19,A19:AC219,17,0),"-")) -> 0.98051075 | AP19: =IF(A19="","",IFERROR(VLOOKUP(A19,A19:AC219,20,0)/VLOOKUP(A19,A19:AC219,19,0),"-")) -> 1.3484409 | AQ19: =IF(A19="","",IFERROR(VLOOKUP(A19,A19:AC219,22,0)/VLOOKUP(A19,A19:AC219,21,0),"-")) -> - | AR19: =IF(A19="","",IFERROR(VLOOKUP(A19,A19:AC219,24,0)/VLOOKUP(A19,A19:AC219,23,0),"-")) -> - | AS19: =IF(A19="","",IFERROR(VLOOKUP(A19,A19:AC219,26,0)/VLOOKUP(A19,A19:AC219,25,0),"-")) -> - | AT19: =IF(A19="","",IFERROR(VLOOKUP(A19,A19:AC219,28,0)/VLOOKUP(A19,A19:AC219,27,0),"-")) -> -
A20: {=INDIRECT("D" & ROW())&INDIRECT("F" & ROW())} -> RTQ02Montpellier | D20: =IFERROR(VLOOKUP($E$5&E20,Sites,4,FALSE),"") -> RTQ02 | E20: WOTTON LAWN HOSPITAL | F20: Montpellier | G20: 710 - ADULT MENTAL ILLNESS | I20: 930 | J20: 893.25 | K20: 1395 | L20: 1338.6667 | M20: 0 | N20: 0 | O20: 0 | P20: 0 | Q20: 620 | R20: 618.66667 | S20: 620 | T20: 600.33333 | U20: 0 | V20: 0 | W20: 0 | X20: 0 | Y20: 0 | Z20: 0 | AA20: 0 | AB20: 0 | AC20: 294 | AD20: =IF(A20="","",IFERROR((VLOOKUP(A20,A20:AC220,10,0)+VLOOKUP(A20,A20:AC220,18,0))/VLOOKUP(A20,A20:AC220,29,0),"-")) -> 5.1425737 | AE20: =IF(A20="","",IFERROR((VLOOKUP(A20,A20:AC220,12,0)+VLOOKUP(A20,A20:AC220,20,0))/VLOOKUP(A20,A20:AC220,29,0),"-")) -> 6.5952381 | AF20: =IF(A20="","",IFERROR((VLOOKUP(A20,A20:AC220,14,0)+VLOOKUP(A20,A20:AC220,22,0))/VLOOKUP(A20,A20:AC220,29,0),"-")) -> 0 | AG20: =IF(A20="","",IFERROR((VLOOKUP(A20,A20:AC220,16,0)+VLOOKUP(A20,A20:AC220,24,0))/VLOOKUP(A20,A20:AC220,29,0),"-")) -> 0 | AH20: =IF(A20="","",IFERROR(VLOOKUP(A20,A20:AC220,26,0)/VLOOKUP(A20,A20:AC220,29,0),"-")) -> 0 | AI20: =IF(A20="","",IFERROR(VLOOKUP(A20,A20:AC220,28,0)/VLOOKUP(A20,A20:AC220,29,0),"-")) -> 0 | AJ20: =IF(A20="","",IFERROR((VLOOKUP(A20,A20:AC220,10,0)+VLOOKUP(A20,A20:AC220,12,0)+VLOOKUP(A20,A20:AC220,14,0)+VLOOKUP(A20,A20:AC220,16,0)+VLOOKUP(A20,A20:AC220,18,0)+VLOOKUP(A20,A20:AC220,20,0)+VLOOKUP(A20,A20:AC220,22,0)+VLOOKUP(A20,A20:AC220,24,0)+VLOOKUP(A20,A20:AC220,26,0)+VLOOKUP(A20,A20:AC220,28,0))/VLOOKUP(A20,A20:AC220,29,0),"-")) -> 11.737812 | AK20: =IF(A20="","",IFERROR(VLOOKUP(A20,A20:AC220,10,0)/VLOOKUP(A20,A20:AC220,9,0),"-")) -> 0.96048387 | AL20: =IF(A20="","",IFERROR(VLOOKUP(A20,A20:AC220,12,0)/VLOOKUP(A20,A20:AC220,11,0),"-")) -> 0.95961768 | AM20: =IF(A20="","",IFERROR(VLOOKUP(A20,A20:AC220,14,0)/VLOOKUP(A20,A20:AC220,13,0),"-")) -> - | AN20: =IF(A20="","",IFERROR(VLOOKUP(A20,A20:AC220,16,0)/VLOOKUP(A20,A20:AC220,15,0),"-")) -> - | AO20: =IF(A20="","",IFERROR(VLOOKUP(A20,A20:AC220,18,0)/VLOOKUP(A20,A20:AC220,17,0),"-")) -> 0.99784946 | AP20: =IF(A20="","",IFERROR(VLOOKUP(A20,A20:AC220,20,0)/VLOOKUP(A20,A20:AC220,19,0),"-")) -> 0.96827957 | AQ20: =IF(A20="","",IFERROR(VLOOKUP(A20,A20:AC220,22,0)/VLOOKUP(A20,A20:AC220,21,0),"-")) -> - | AR20: =IF(A20="","",IFERROR(VLOOKUP(A20,A20:AC220,24,0)/VLOOKUP(A20,A20:AC220,23,0),"-")) -> - | AS20: =IF(A20="","",IFERROR(VLOOKUP(A20,A20:AC220,26,0)/VLOOKUP(A20,A20:AC220,25,0),"-")) -> - | AT20: =IF(A20="","",IFERROR(VLOOKUP(A20,A20:AC220,28,0)/VLOOKUP(A20,A20:AC220,27,0),"-")) -> -
A21: {=INDIRECT("D" & ROW())&INDIRECT("F" & ROW())} -> RTQ02Priory | D21: =IFERROR(VLOOKUP($E$5&E21,Sites,4,FALSE),"") -> RTQ02 | E21: WOTTON LAWN HOSPITAL | F21: Priory | G21: 710 - ADULT MENTAL ILLNESS | I21: 1627.5 | J21: 1476.3167 | K21: 1395 | L21: 2154.3333 | M21: 0 | N21: 0 | O21: 0 | P21: 0 | Q21: 620 | R21: 616.95 | S21: 620 | T21: 853.01667 | U21: 0 | V21: 0 | W21: 0 | X21: 0 | Y21: 0 | Z21: 0 | AA21: 0 | AB21: 0 | AC21: 553 | AD21: =IF(A21="","",IFERROR((VLOOKUP(A21,A21:AC221,10,0)+VLOOKUP(A21,A21:AC221,18,0))/VLOOKUP(A21,A21:AC221,29,0),"-")) -> 3.7852923 | AE21: =IF(A21="","",IFERROR((VLOOKUP(A21,A21:AC221,12,0)+VLOOKUP(A21,A21:AC221,20,0))/VLOOKUP(A21,A21:AC221,29,0),"-")) -> 5.4382459 | AF21: =IF(A21="","",IFERROR((VLOOKUP(A21,A21:AC221,14,0)+VLOOKUP(A21,A21:AC221,22,0))/VLOOKUP(A21,A21:AC221,29,0),"-")) -> 0 | AG21: =IF(A21="","",IFERROR((VLOOKUP(A21,A21:AC221,16,0)+VLOOKUP(A21,A21:AC221,24,0))/VLOOKUP(A21,A21:AC221,29,0),"-")) -> 0 | AH21: =IF(A21="","",IFERROR(VLOOKUP(A21,A21:AC221,26,0)/VLOOKUP(A21,A21:AC221,29,0),"-")) -> 0 | AI21: =IF(A21="","",IFERROR(VLOOKUP(A21,A21:AC221,28,0)/VLOOKUP(A21,A21:AC221,29,0),"-")) -> 0 | AJ21: =IF(A21="","",IFERROR((VLOOKUP(A21,A21:AC221,10,0)+VLOOKUP(A21,A21:AC221,12,0)+VLOOKUP(A21,A21:AC221,14,0)+VLOOKUP(A21,A21:AC221,16,0)+VLOOKUP(A21,A21:AC221,18,0)+VLOOKUP(A21,A21:AC221,20,0)+VLOOKUP(A21,A21:AC221,22,0)+VLOOKUP(A21,A21:AC221,24,0)+VLOOKUP(A21,A21:AC221,26,0)+VLOOKUP(A21,A21:AC221,28,0))/VLOOKUP(A21,A21:AC221,29,0),"-")) -> 9.2235383 | AK21: =IF(A21="","",IFERROR(VLOOKUP(A21,A21:AC221,10,0)/VLOOKUP(A21,A21:AC221,9,0),"-")) -> 0.90710701 | AL21: =IF(A21="","",IFERROR(VLOOKUP(A21,A21:AC221,12,0)/VLOOKUP(A21,A21:AC221,11,0),"-")) -> 1.544325 | AM21: =IF(A21="","",IFERROR(VLOOKUP(A21,A21:AC221,14,0)/VLOOKUP(A21,A21:AC221,13,0),"-")) -> - | AN21: =IF(A21="","",IFERROR(VLOOKUP(A21,A21:AC221,16,0)/VLOOKUP(A21,A21:AC221,15,0),"-")) -> - | AO21: =IF(A21="","",IFERROR(VLOOKUP(A21,A21:AC221,18,0)/VLOOKUP(A21,A21:AC221,17,0),"-")) -> 0.99508065 | AP21: =IF(A21="","",IFERROR(VLOOKUP(A21,A21:AC221,20,0)/VLOOKUP(A21,A21:AC221,19,0),"-")) -> 1.3758333 | AQ21: =IF(A21="","",IFERROR(VLOOKUP(A21,A21:AC221,22,0)/VLOOKUP(A21,A21:AC221,21,0),"-")) -> - | AR21: =IF(A21="","",IFERROR(VLOOKUP(A21,A21:AC221,24,0)/VLOOKUP(A21,A21:AC221,23,0),"-")) -> - | AS21: =IF(A21="","",IFERROR(VLOOKUP(A21,A21:AC221,26,0)/VLOOKUP(A21,A21:AC221,25,0),"-")) -> - | AT21: =IF(A21="","",IFERROR(VLOOKUP(A21,A21:AC221,28,0)/VLOOKUP(A21,A21:AC221,27,0),"-")) -> -
A22: {=INDIRECT("D" & ROW())&INDIRECT("F" & ROW())} -> RTQ01Chestnut | D22: =IFERROR(VLOOKUP($E$5&E22,Sites,4,FALSE),"") -> RTQ01 | E22: CHARLTON LANE HOSPITAL | F22: Chestnut | G22: 715 - OLD AGE PSYCHIATRY | I22: 1162.5 | J22: 924.25 | K22: 1162.5 | L22: 1325.8333 | M22: 0 | N22: 0 | O22: 0 | P22: 7.5 | Q22: 310 | R22: 309.16667 | S22: 620 | T22: 608.66667 | U22: 0 | V22: 0 | W22: 0 | X22: 0 | Y22: 0 | Z22: 0 | AA22: 0 | AB22: 0 | AC22: 426 | AD22: =IF(A22="","",IFERROR((VLOOKUP(A22,A22:AC222,10,0)+VLOOKUP(A22,A22:AC222,18,0))/VLOOKUP(A22,A22:AC222,29,0),"-")) -> 2.8953443 | AE22: =IF(A22="","",IFERROR((VLOOKUP(A22,A22:AC222,12,0)+VLOOKUP(A22,A22:AC222,20,0))/VLOOKUP(A22,A22:AC222,29,0),"-")) -> 4.5410798 | AF22: =IF(A22="","",IFERROR((VLOOKUP(A22,A22:AC222,14,0)+VLOOKUP(A22,A22:AC222,22,0))/VLOOKUP(A22,A22:AC222,29,0),"-")) -> 0 | AG22: =IF(A22="","",IFERROR((VLOOKUP(A22,A22:AC222,16,0)+VLOOKUP(A22,A22:AC222,24,0))/VLOOKUP(A22,A22:AC222,29,0),"-")) -> 0.017605634 | AH22: =IF(A22="","",IFERROR(VLOOKUP(A22,A22:AC222,26,0)/VLOOKUP(A22,A22:AC222,29,0),"-")) -> 0 | AI22: =IF(A22="","",IFERROR(VLOOKUP(A22,A22:AC222,28,0)/VLOOKUP(A22,A22:AC222,29,0),"-")) -> 0 | AJ22: =IF(A22="","",IFERROR((VLOOKUP(A22,A22:AC222,10,0)+VLOOKUP(A22,A22:AC222,12,0)+VLOOKUP(A22,A22:AC222,14,0)+VLOOKUP(A22,A22:AC222,16,0)+VLOOKUP(A22,A22:AC222,18,0)+VLOOKUP(A22,A22:AC222,20,0)+VLOOKUP(A22,A22:AC222,22,0)+VLOOKUP(A22,A22:AC222,24,0)+VLOOKUP(A22,A22:AC222,26,0)+VLOOKUP(A22,A22:AC222,28,0))/VLOOKUP(A22,A22:AC222,29,0),"-")) -> 7.4540297 | AK22: =IF(A22="","",IFERROR(VLOOKUP(A22,A22:AC222,10,0)/VLOOKUP(A22,A22:AC222,9,0),"-")) -> 0.79505376 | AL22: =IF(A22="","",IFERROR(VLOOKUP(A22,A22:AC222,12,0)/VLOOKUP(A22,A22:AC222,11,0),"-")) -> 1.1405018 | AM22: =IF(A22="","",IFERROR(VLOOKUP(A22,A22:AC222,14,0)/VLOOKUP(A22,A22:AC222,13,0),"-")) -> - | AN22: =IF(A22="","",IFERROR(VLOOKUP(A22,A22:AC222,16,0)/VLOOKUP(A22,A22:AC222,15,0),"-")) -> - | AO22: =IF(A22="","",IFERROR(VLOOKUP(A22,A22:AC222,18,0)/VLOOKUP(A22,A22:AC222,17,0),"-")) -> 0.99731183 | AP22: =IF(A22="","",IFERROR(VLOOKUP(A22,A22:AC222,20,0)/VLOOKUP(A22,A22:AC222,19,0),"-")) -> 0.98172043 | AQ22: =IF(A22="","",IFERROR(VLOOKUP(A22,A22:AC222,22,0)/VLOOKUP(A22,A22:AC222,21,0),"-")) -> - | AR22: =IF(A22="","",IFERROR(VLOOKUP(A22,A22:AC222,24,0)/VLOOKUP(A22,A22:AC222,23,0),"-")) -> - | AS22: =IF(A22="","",IFERROR(VLOOKUP(A22,A22:AC222,26,0)/VLOOKUP(A22,A22:AC222,25,0),"-")) -> - | AT22: =IF(A22="","",IFERROR(VLOOKUP(A22,A22:AC222,28,0)/VLOOKUP(A22,A22:AC222,27,0),"-")) -> -
A23: {=INDIRECT("D" & ROW())&INDIRECT("F" & ROW())} -> RTQ01Mulberry | D23: =IFERROR(VLOOKUP($E$5&E23,Sites,4,FALSE),"") -> RTQ01 | E23: CHARLTON LANE HOSPITAL | F23: Mulberry | G23: 715 - OLD AGE PSYCHIATRY | I23: 1162.5 | J23: 1054.1667 | K23: 1627.5 | L23: 1558.25 | M23: 0 | N23: 0 | O23: 0 | P23: 0 | Q23: 620 | R23: 579.5 | S23: 620 | T23: 621.41667 | U23: 0 | V23: 0 | W23: 0 | X23: 0 | Y23: 0 | Z23: 0 | AA23: 0 | AB23: 0 | AC23: 544 | AD23: =IF(A23="","",IFERROR((VLOOKUP(A23,A23:AC223,10,0)+VLOOKUP(A23,A23:AC223,18,0))/VLOOKUP(A23,A23:AC223,29,0),"-")) -> 3.0030637 | AE23: =IF(A23="","",IFERROR((VLOOKUP(A23,A23:AC223,12,0)+VLOOKUP(A23,A23:AC223,20,0))/VLOOKUP(A23,A23:AC223,29,0),"-")) -> 4.0067402 | AF23: =IF(A23="","",IFERROR((VLOOKUP(A23,A23:AC223,14,0)+VLOOKUP(A23,A23:AC223,22,0))/VLOOKUP(A23,A23:AC223,29,0),"-")) -> 0 | AG23: =IF(A23="","",IFERROR((VLOOKUP(A23,A23:AC223,16,0)+VLOOKUP(A23,A23:AC223,24,0))/VLOOKUP(A23,A23:AC223,29,0),"-")) -> 0 | AH23: =IF(A23="","",IFERROR(VLOOKUP(A23,A23:AC223,26,0)/VLOOKUP(A23,A23:AC223,29,0),"-")) -> 0 | AI23: =IF(A23="","",IFERROR(VLOOKUP(A23,A23:AC223,28,0)/VLOOKUP(A23,A23:AC223,29,0),"-")) -> 0 | AJ23: =IF(A23="","",IFERROR((VLOOKUP(A23,A23:AC223,10,0)+VLOOKUP(A23,A23:AC223,12,0)+VLOOKUP(A23,A23:AC223,14,0)+VLOOKUP(A23,A23:AC223,16,0)+VLOOKUP(A23,A23:AC223,18,0)+VLOOKUP(A23,A23:AC223,20,0)+VLOOKUP(A23,A23:AC223,22,0)+VLOOKUP(A23,A23:AC223,24,0)+VLOOKUP(A23,A23:AC223,26,0)+VLOOKUP(A23,A23:AC223,28,0))/VLOOKUP(A23,A23:AC223,29,0),"-")) -> 7.0098039 | AK23: =IF(A23="","",IFERROR(VLOOKUP(A23,A23:AC223,10,0)/VLOOKUP(A23,A23:AC223,9,0),"-")) -> 0.90681004 | AL23: =IF(A23="","",IFERROR(VLOOKUP(A23,A23:AC223,12,0)/VLOOKUP(A23,A23:AC223,11,0),"-")) -> 0.95745008 | AM23: =IF(A23="","",IFERROR(VLOOKUP(A23,A23:AC223,14,0)/VLOOKUP(A23,A23:AC223,13,0),"-")) -> - | AN23: =IF(A23="","",IFERROR(VLOOKUP(A23,A23:AC223,16,0)/VLOOKUP(A23,A23:AC223,15,0),"-")) -> - | AO23: =IF(A23="","",IFERROR(VLOOKUP(A23,A23:AC223,18,0)/VLOOKUP(A23,A23:AC223,17,0),"-")) -> 0.93467742 | AP23: =IF(A23="","",IFERROR(VLOOKUP(A23,A23:AC223,20,0)/VLOOKUP(A23,A23:AC223,19,0),"-")) -> 1.0022849 | AQ23: =IF(A23="","",IFERROR(VLOOKUP(A23,A23:AC223,22,0)/VLOOKUP(A23,A23:AC223,21,0),"-")) -> - | AR23: =IF(A23="","",IFERROR(VLOOKUP(A23,A23:AC223,24,0)/VLOOKUP(A23,A23:AC223,23,0),"-")) -> - | AS23: =IF(A23="","",IFERROR(VLOOKUP(A23,A23:AC223,26,0)/VLOOKUP(A23,A23:AC223,25,0),"-")) -> - | AT23: =IF(A23="","",IFERROR(VLOOKUP(A23,A23:AC223,28,0)/VLOOKUP(A23,A23:AC223,27,0),"-")) -> -
A24: {=INDIRECT("D" & ROW())&INDIRECT("F" & ROW())} -> RTQ01Willow | D24: =IFERROR(VLOOKUP($E$5&E24,Sites,4,FALSE),"") -> RTQ01 | E24: CHARLTON LANE HOSPITAL | F24: Willow | G24: 710 - ADULT MENTAL ILLNESS | I24: 930 | J24: 913.16667 | K24: 2790 | L24: 2447.5 | M24: 0 | N24: 0 | O24: 0 | P24: 91 | Q24: 310 | R24: 310 | S24: 930 | T24: 925.26667 | U24: 0 | V24: 0 | W24: 0 | X24: 0 | Y24: 0 | Z24: 0 | AA24: 0 | AB24: 0 | AC24: 491 | AD24: =IF(A24="","",IFERROR((VLOOKUP(A24,A24:AC224,10,0)+VLOOKUP(A24,A24:AC224,18,0))/VLOOKUP(A24,A24:AC224,29,0),"-")) -> 2.4911745 | AE24: =IF(A24="","",IFERROR((VLOOKUP(A24,A24:AC224,12,0)+VLOOKUP(A24,A24:AC224,20,0))/VLOOKUP(A24,A24:AC224,29,0),"-")) -> 6.8691785 | AF24: =IF(A24="","",IFERROR((VLOOKUP(A24,A24:AC224,14,0)+VLOOKUP(A24,A24:AC224,22,0))/VLOOKUP(A24,A24:AC224,29,0),"-")) -> 0 | AG24: =IF(A24="","",IFERROR((VLOOKUP(A24,A24:AC224,16,0)+VLOOKUP(A24,A24:AC224,24,0))/VLOOKUP(A24,A24:AC224,29,0),"-")) -> 0.18533605 | AH24: =IF(A24="","",IFERROR(VLOOKUP(A24,A24:AC224,26,0)/VLOOKUP(A24,A24:AC224,29,0),"-")) -> 0 | AI24: =IF(A24="","",IFERROR(VLOOKUP(A24,A24:AC224,28,0)/VLOOKUP(A24,A24:AC224,29,0),"-")) -> 0 | AJ24: =IF(A24="","",IFERROR((VLOOKUP(A24,A24:AC224,10,0)+VLOOKUP(A24,A24:AC224,12,0)+VLOOKUP(A24,A24:AC224,14,0)+VLOOKUP(A24,A24:AC224,16,0)+VLOOKUP(A24,A24:AC224,18,0)+VLOOKUP(A24,A24:AC224,20,0)+VLOOKUP(A24,A24:AC224,22,0)+VLOOKUP(A24,A24:AC224,24,0)+VLOOKUP(A24,A24:AC224,26,0)+VLOOKUP(A24,A24:AC224,28,0))/VLOOKUP(A24,A24:AC224,29,0),"-")) -> 9.5456891 | AK24: =IF(A24="","",IFERROR(VLOOKUP(A24,A24:AC224,10,0)/VLOOKUP(A24,A24:AC224,9,0),"-")) -> 0.98189964 | AL24: =IF(A24="","",IFERROR(VLOOKUP(A24,A24:AC224,12,0)/VLOOKUP(A24,A24:AC224,11,0),"-")) -> 0.87724014 | AM24: =IF(A24="","",IFERROR(VLOOKUP(A24,A24:AC224,14,0)/VLOOKUP(A24,A24:AC224,13,0),"-")) -> - | AN24: =IF(A24="","",IFERROR(VLOOKUP(A24,A24:AC224,16,0)/VLOOKUP(A24,A24:AC224,15,0),"-")) -> - | AO24: =IF(A24="","",IFERROR(VLOOKUP(A24,A24:AC224,18,0)/VLOOKUP(A24,A24:AC224,17,0),"-")) -> 1 | AP24: =IF(A24="","",IFERROR(VLOOKUP(A24,A24:AC224,20,0)/VLOOKUP(A24,A24:AC224,19,0),"-")) -> 0.99491039 | AQ24: =IF(A24="","",IFERROR(VLOOKUP(A24,A24:AC224,22,0)/VLOOKUP(A24,A24:AC224,21,0),"-")) -> - | AR24: =IF(A24="","",IFERROR(VLOOKUP(A24,A24:AC224,24,0)/VLOOKUP(A24,A24:AC224,23,0),"-")) -> - | AS24: =IF(A24="","",IFERROR(VLOOKUP(A24,A24:AC224,26,0)/VLOOKUP(A24,A24:AC224,25,0),"-")) -> - | AT24: =IF(A24="","",IFERROR(VLOOKUP(A24,A24:AC224,28,0)/VLOOKUP(A24,A24:AC224,27,0),"-")) -> -
A25: {=INDIRECT("D" & ROW())&INDIRECT("F" & ROW())} -> RTQG1Laurel House | D25: =IFERROR(VLOOKUP($E$5&E25,Sites,4,FALSE),"") -> RTQG1 | E25: LAUREL HOUSE | F25: Laurel House | G25: 710 - ADULT MENTAL ILLNESS | I25: 697.5 | J25: 612.66667 | K25: 697.5 | L25: 727.66667 | M25: 0 | N25: 0 | O25: 0 | P25: 0 | Q25: 620 | R25: 620 | S25: 310 | T25: 310 | U25: 0 | V25: 0 | W25: 0 | X25: 0 | Y25: 0 | Z25: 0 | AA25: 0 | AB25: 0 | AC25: 384 | AD25: =IF(A25="","",IFERROR((VLOOKUP(A25,A25:AC225,10,0)+VLOOKUP(A25,A25:AC225,18,0))/VLOOKUP(A25,A25:AC225,29,0),"-")) -> 3.2100694 | AE25: =IF(A25="","",IFERROR((VLOOKUP(A25,A25:AC225,12,0)+VLOOKUP(A25,A25:AC225,20,0))/VLOOKUP(A25,A25:AC225,29,0),"-")) -> 2.7022569 | AF25: =IF(A25="","",IFERROR((VLOOKUP(A25,A25:AC225,14,0)+VLOOKUP(A25,A25:AC225,22,0))/VLOOKUP(A25,A25:AC225,29,0),"-")) -> 0 | AG25: =IF(A25="","",IFERROR((VLOOKUP(A25,A25:AC225,16,0)+VLOOKUP(A25,A25:AC225,24,0))/VLOOKUP(A25,A25:AC225,29,0),"-")) -> 0 | AH25: =IF(A25="","",IFERROR(VLOOKUP(A25,A25:AC225,26,0)/VLOOKUP(A25,A25:AC225,29,0),"-")) -> 0 | AI25: =IF(A25="","",IFERROR(VLOOKUP(A25,A25:AC225,28,0)/VLOOKUP(A25,A25:AC225,29,0),"-")) -> 0 | AJ25: =IF(A25="","",IFERROR((VLOOKUP(A25,A25:AC225,10,0)+VLOOKUP(A25,A25:AC225,12,0)+VLOOKUP(A25,A25:AC225,14,0)+VLOOKUP(A25,A25:AC225,16,0)+VLOOKUP(A25,A25:AC225,18,0)+VLOOKUP(A25,A25:AC225,20,0)+VLOOKUP(A25,A25:AC225,22,0)+VLOOKUP(A25,A25:AC225,24,0)+VLOOKUP(A25,A25:AC225,26,0)+VLOOKUP(A25,A25:AC225,28,0))/VLOOKUP(A25,A25:AC225,29,0),"-")) -> 5.9123264 | AK25: =IF(A25="","",IFERROR(VLOOKUP(A25,A25:AC225,10,0)/VLOOKUP(A25,A25:AC225,9,0),"-")) -> 0.87837515 | AL25: =IF(A25="","",IFERROR(VLOOKUP(A25,A25:AC225,12,0)/VLOOKUP(A25,A25:AC225,11,0),"-")) -> 1.0432497 | AM25: =IF(A25="","",IFERROR(VLOOKUP(A25,A25:AC225,14,0)/VLOOKUP(A25,A25:AC225,13,0),"-")) -> - | AN25: =IF(A25="","",IFERROR(VLOOKUP(A25,A25:AC225,16,0)/VLOOKUP(A25,A25:AC225,15,0),"-")) -> - | AO25: =IF(A25="","",IFERROR(VLOOKUP(A25,A25:AC225,18,0)/VLOOKUP(A25,A25:AC225,17,0),"-")) -> 1 | AP25: =IF(A25="","",IFERROR(VLOOKUP(A25,A25:AC225,20,0)/VLOOKUP(A25,A25:AC225,19,0),"-")) -> 1 | AQ25: =IF(A25="","",IFERROR(VLOOKUP(A25,A25:AC225,22,0)/VLOOKUP(A25,A25:AC225,21,0),"-")) -> - | AR25: =IF(A25="","",IFERROR(VLOOKUP(A25,A25:AC225,24,0)/VLOOKUP(A25,A25:AC225,23,0),"-")) -> - | AS25: =IF(A25="","",IFERROR(VLOOKUP(A25,A25:AC225,26,0)/VLOOKUP(A25,A25:AC225,25,0),"-")) -> - | AT25: =IF(A25="","",IFERROR(VLOOKUP(A25,A25:AC225,28,0)/VLOOKUP(A25,A25:AC225,27,0),"-")) -> -
A26: {=INDIRECT("D" & ROW())&INDIRECT("F" & ROW())} -> RTQ13Honeybourne | D26: =IFERROR(VLOOKUP($E$5&E26,Sites,4,FALSE),"") -> RTQ13 | E26: HONEYBOURNE | F26: Honeybourne | G26: 710 - ADULT MENTAL ILLNESS | I26: 697.5 | J26: 632.25 | K26: 697.5 | L26: 787.66667 | M26: 0 | N26: 0 | O26: 0 | P26: 0 | Q26: 310 | R26: 320 | S26: 310 | T26: 350 | U26: 0 | V26: 0 | W26: 0 | X26: 0 | Y26: 0 | Z26: 0 | AA26: 0 | AB26: 0 | AC26: 259 | AD26: =IF(A26="","",IFERROR((VLOOKUP(A26,A26:AC226,10,0)+VLOOKUP(A26,A26:AC226,18,0))/VLOOKUP(A26,A26:AC226,29,0),"-")) -> 3.6766409 | AE26: =IF(A26="","",IFERROR((VLOOKUP(A26,A26:AC226,12,0)+VLOOKUP(A26,A26:AC226,20,0))/VLOOKUP(A26,A26:AC226,29,0),"-")) -> 4.3925354 | AF26: =IF(A26="","",IFERROR((VLOOKUP(A26,A26:AC226,14,0)+VLOOKUP(A26,A26:AC226,22,0))/VLOOKUP(A26,A26:AC226,29,0),"-")) -> 0 | AG26: =IF(A26="","",IFERROR((VLOOKUP(A26,A26:AC226,16,0)+VLOOKUP(A26,A26:AC226,24,0))/VLOOKUP(A26,A26:AC226,29,0),"-")) -> 0 | AH26: =IF(A26="","",IFERROR(VLOOKUP(A26,A26:AC226,26,0)/VLOOKUP(A26,A26:AC226,29,0),"-")) -> 0 | AI26: =IF(A26="","",IFERROR(VLOOKUP(A26,A26:AC226,28,0)/VLOOKUP(A26,A26:AC226,29,0),"-")) -> 0 | AJ26: =IF(A26="","",IFERROR((VLOOKUP(A26,A26:AC226,10,0)+VLOOKUP(A26,A26:AC226,12,0)+VLOOKUP(A26,A26:AC226,14,0)+VLOOKUP(A26,A26:AC226,16,0)+VLOOKUP(A26,A26:AC226,18,0)+VLOOKUP(A26,A26:AC226,20,0)+VLOOKUP(A26,A26:AC226,22,0)+VLOOKUP(A26,A26:AC226,24,0)+VLOOKUP(A26,A26:AC226,26,0)+VLOOKUP(A26,A26:AC226,28,0))/VLOOKUP(A26,A26:AC226,29,0),"-")) -> 8.0691763 | AK26: =IF(A26="","",IFERROR(VLOOKUP(A26,A26:AC226,10,0)/VLOOKUP(A26,A26:AC226,9,0),"-")) -> 0.90645161 | AL26: =IF(A26="","",IFERROR(VLOOKUP(A26,A26:AC226,12,0)/VLOOKUP(A26,A26:AC226,11,0),"-")) -> 1.1292712 | AM26: =IF(A26="","",IFERROR(VLOOKUP(A26,A26:AC226,14,0)/VLOOKUP(A26,A26:AC226,13,0),"-")) -> - | AN26: =IF(A26="","",IFERROR(VLOOKUP(A26,A26:AC226,16,0)/VLOOKUP(A26,A26:AC226,15,0),"-")) -> - | AO26: =IF(A26="","",IFERROR(VLOOKUP(A26,A26:AC226,18,0)/VLOOKUP(A26,A26:AC226,17,0),"-")) -> 1.0322581 | AP26: =IF(A26="","",IFERROR(VLOOKUP(A26,A26:AC226,20,0)/VLOOKUP(A26,A26:AC226,19,0),"-")) -> 1.1290323 | AQ26: =IF(A26="","",IFERROR(VLOOKUP(A26,A26:AC226,22,0)/VLOOKUP(A26,A26:AC226,21,0),"-")) -> - | AR26: =IF(A26="","",IFERROR(VLOOKUP(A26,A26:AC226,24,0)/VLOOKUP(A26,A26:AC226,23,0),"-")) -> - | AS26: =IF(A26="","",IFERROR(VLOOKUP(A26,A26:AC226,26,0)/VLOOKUP(A26,A26:AC226,25,0),"-")) -> - | AT26: =IF(A26="","",IFERROR(VLOOKUP(A26,A26:AC226,28,0)/VLOOKUP(A26,A26:AC226,27,0),"-")) -> -
A27: {=INDIRECT("D" & ROW())&INDIRECT("F" & ROW())} -> RTQ54Berkeley House | D27: =IFERROR(VLOOKUP($E$5&E27,Sites,4,FALSE),"") -> RTQ54 | E27: BERKELEY HOUSE | F27: Berkeley House | G27: 700 - LEARNING DISABILITY | I27: 901.66667 | J27: 438 | K27: 1787 | L27: 1686.8333 | M27: 0 | N27: 86.666667 | O27: 0 | P27: 0 | Q27: 310 | R27: 315.75 | S27: 1240 | T27: 840 | U27: 0 | V27: 0 | W27: 0 | X27: 0 | Y27: 0 | Z27: 0 | AA27: 0 | AB27: 0 | AC27: 31 | AD27: =IF(A27="","",IFERROR((VLOOKUP(A27,A27:AC227,10,0)+VLOOKUP(A27,A27:AC227,18,0))/VLOOKUP(A27,A27:AC227,29,0),"-")) -> 24.314516 | AE27: =IF(A27="","",IFERROR((VLOOKUP(A27,A27:AC227,12,0)+VLOOKUP(A27,A27:AC227,20,0))/VLOOKUP(A27,A27:AC227,29,0),"-")) -> 81.510753 | AF27: =IF(A27="","",IFERROR((VLOOKUP(A27,A27:AC227,14,0)+VLOOKUP(A27,A27:AC227,22,0))/VLOOKUP(A27,A27:AC227,29,0),"-")) -> 2.7956989 | AG27: =IF(A27="","",IFERROR((VLOOKUP(A27,A27:AC227,16,0)+VLOOKUP(A27,A27:AC227,24,0))/VLOOKUP(A27,A27:AC227,29,0),"-")) -> 0 | AH27: =IF(A27="","",IFERROR(VLOOKUP(A27,A27:AC227,26,0)/VLOOKUP(A27,A27:AC227,29,0),"-")) -> 0 | AI27: =IF(A27="","",IFERROR(VLOOKUP(A27,A27:AC227,28,0)/VLOOKUP(A27,A27:AC227,29,0),"-")) -> 0 | AJ27: =IF(A27="","",IFERROR((VLOOKUP(A27,A27:AC227,10,0)+VLOOKUP(A27,A27:AC227,12,0)+VLOOKUP(A27,A27:AC227,14,0)+VLOOKUP(A27,A27:AC227,16,0)+VLOOKUP(A27,A27:AC227,18,0)+VLOOKUP(A27,A27:AC227,20,0)+VLOOKUP(A27,A27:AC227,22,0)+VLOOKUP(A27,A27:AC227,24,0)+VLOOKUP(A27,A27:AC227,26,0)+VLOOKUP(A27,A27:AC227,28,0))/VLOOKUP(A27,A27:AC227,29,0),"-")) -> 108.62097 | AK27: =IF(A27="","",IFERROR(VLOOKUP(A27,A27:AC227,10,0)/VLOOKUP(A27,A27:AC227,9,0),"-")) -> 0.4857671 | AL27: =IF(A27="","",IFERROR(VLOOKUP(A27,A27:AC227,12,0)/VLOOKUP(A27,A27:AC227,11,0),"-")) -> 0.94394702 | AM27: =IF(A27="","",IFERROR(VLOOKUP(A27,A27:AC227,14,0)/VLOOKUP(A27,A27:AC227,13,0),"-")) -> - | AN27: =IF(A27="","",IFERROR(VLOOKUP(A27,A27:AC227,16,0)/VLOOKUP(A27,A27:AC227,15,0),"-")) -> - | AO27: =IF(A27="","",IFERROR(VLOOKUP(A27,A27:AC227,18,0)/VLOOKUP(A27,A27:AC227,17,0),"-")) -> 1.0185484 | AP27: =IF(A27="","",IFERROR(VLOOKUP(A27,A27:AC227,20,0)/VLOOKUP(A27,A27:AC227,19,0),"-")) -> 0.67741935 | AQ27: =IF(A27="","",IFERROR(VLOOKUP(A27,A27:AC227,22,0)/VLOOKUP(A27,A27:AC227,21,0),"-")) -> - | AR27: =IF(A27="","",IFERROR(VLOOKUP(A27,A27:AC227,24,0)/VLOOKUP(A27,A27:AC227,23,0),"-")) -> - | AS27: =IF(A27="","",IFERROR(VLOOKUP(A27,A27:AC227,26,0)/VLOOKUP(A27,A27:AC227,25,0),"-")) -> - | AT27: =IF(A27="","",IFERROR(VLOOKUP(A27,A27:AC227,28,0)/VLOOKUP(A27,A27:AC227,27,0),"-")) -> -
... A36: {=INDIRECT("D" & ROW())&INDIRECT("F" & ROW())} -> RTQ42Peakview | D36: =IFERROR(VLOOKUP($E$5&E36,Sites,4,FALSE),"") -> RTQ42 | E36: VALE COMMUNITY HOSPITAL | F36: Peakview | G36: 300 - GENERAL MEDICINE | I36: 1145 | J36: 1177.25 | K36: 2248.5 | L36: 2115 | M36: 0 | N36: 0 | O36: 0 | P36: 0 | Q36: 930 | R36: 892.5 | S36: 620 | T36: 660.25 | U36: 0 | V36: 0 | W36: 0 | X36: 0 | Y36: 1245 | Z36: 807.5 | AA36: 810 | AB36: 630 | AC36: 615 | AD36: =IF(A36="","",IFERROR((VLOOKUP(A36,A36:AC236,10,0)+VLOOKUP(A36,A36:AC236,18,0))/VLOOKUP(A36,A36:AC236,29,0),"-")) -> 3.3654472 | AE36: =IF(A36="","",IFERROR((VLOOKUP(A36,A36:AC236,12,0)+VLOOKUP(A36,A36:AC236,20,0))/VLOOKUP(A36,A36:AC236,29,0),"-")) -> 4.5126016 | AF36: =IF(A36="","",IFERROR((VLOOKUP(A36,A36:AC236,14,0)+VLOOKUP(A36,A36:AC236,22,0))/VLOOKUP(A36,A36:AC236,29,0),"-")) -> 0 | AG36: =IF(A36="","",IFERROR((VLOOKUP(A36,A36:AC236,16,0)+VLOOKUP(A36,A36:AC236,24,0))/VLOOKUP(A36,A36:AC236,29,0),"-")) -> 0 | AH36: =IF(A36="","",IFERROR(VLOOKUP(A36,A36:AC236,26,0)/VLOOKUP(A36,A36:AC236,29,0),"-")) -> 1.3130081 | AI36: =IF(A36="","",IFERROR(VLOOKUP(A36,A36:AC236,28,0)/VLOOKUP(A36,A36:AC236,29,0),"-")) -> 1.0243902 | AJ36: =IF(A36="","",IFERROR((VLOOKUP(A36,A36:AC236,10,0)+VLOOKUP(A36,A36:AC236,12,0)+VLOOKUP(A36,A36:AC236,14,0)+VLOOKUP(A36,A36:AC236,16,0)+VLOOKUP(A36,A36:AC236,18,0)+VLOOKUP(A36,A36:AC236,20,0)+VLOOKUP(A36,A36:AC236,22,0)+VLOOKUP(A36,A36:AC236,24,0)+VLOOKUP(A36,A36:AC236,26,0)+VLOOKUP(A36,A36:AC236,28,0))/VLOOKUP(A36,A36:AC236,29,0),"-")) -> 10.215447 | AK36: =IF(A36="","",IFERROR(VLOOKUP(A36,A36:AC236,10,0)/VLOOKUP(A36,A36:AC236,9,0),"-")) -> 1.0281659 | AL36: =IF(A36="","",IFERROR(VLOOKUP(A36,A36:AC236,12,0)/VLOOKUP(A36,A36:AC236,11,0),"-")) -> 0.94062708 | AM36: =IF(A36="","",IFERROR(VLOOKUP(A36,A36:AC236,14,0)/VLOOKUP(A36,A36:AC236,13,0),"-")) -> - | AN36: =IF(A36="","",IFERROR(VLOOKUP(A36,A36:AC236,16,0)/VLOOKUP(A36,A36:AC236,15,0),"-")) -> - | AO36: =IF(A36="","",IFERROR(VLOOKUP(A36,A36:AC236,18,0)/VLOOKUP(A36,A36:AC236,17,0),"-")) -> 0.95967742 | AP36: =IF(A36="","",IFERROR(VLOOKUP(A36,A36:AC236,20,0)/VLOOKUP(A36,A36:AC236,19,0),"-")) -> 1.0649194 | AQ36: =IF(A36="","",IFERROR(VLOOKUP(A36,A36:AC236,22,0)/VLOOKUP(A36,A36:AC236,21,0),"-")) -> - | AR36: =IF(A36="","",IFERROR(VLOOKUP(A36,A36:AC236,24,0)/VLOOKUP(A36,A36:AC236,23,0),"-")) -> - | AS36: =IF(A36="","",IFERROR(VLOOKUP(A36,A36:AC236,26,0)/VLOOKUP(A36,A36:AC236,25,0),"-")) -> 0.64859438 | AT36: =IF(A36="","",IFERROR(VLOOKUP(A36,A36:AC236,28,0)/VLOOKUP(A36,A36:AC236,27,0),"-")) -> 0.77777778
A37: {=INDIRECT("D" & ROW())&INDIRECT("F" & ROW())} | D37: =IFERROR(VLOOKUP($E$5&E37,Sites,4,FALSE),"") | AD37: =IF(A37="","",IFERROR((VLOOKUP(A37,A37:AC237,10,0)+VLOOKUP(A37,A37:AC237,18,0))/VLOOKUP(A37,A37:AC237,29,0),"-")) | AE37: =IF(A37="","",IFERROR((VLOOKUP(A37,A37:AC237,12,0)+VLOOKUP(A37,A37:AC237,20,0))/VLOOKUP(A37,A37:AC237,29,0),"-")) | AF37: =IF(A37="","",IFERROR((VLOOKUP(A37,A37:AC237,14,0)+VLOOKUP(A37,A37:AC237,22,0))/VLOOKUP(A37,A37:AC237,29,0),"-")) | AG37: =IF(A37="","",IFERROR((VLOOKUP(A37,A37:AC237,16,0)+VLOOKUP(A37,A37:AC237,24,0))/VLOOKUP(A37,A37:AC237,29,0),"-")) | AH37: =IF(A37="","",IFERROR(VLOOKUP(A37,A37:AC237,26,0)/VLOOKUP(A37,A37:AC237,29,0),"-")) | AI37: =IF(A37="","",IFERROR(VLOOKUP(A37,A37:AC237,28,0)/VLOOKUP(A37,A37:AC237,29,0),"-")) | AJ37: =IF(A37="","",IFERROR((VLOOKUP(A37,A37:AC237,10,0)+VLOOKUP(A37,A37:AC237,12,0)+VLOOKUP(A37,A37:AC237,14,0)+VLOOKUP(A37,A37:AC237,16,0)+VLOOKUP(A37,A37:AC237,18,0)+VLOOKUP(A37,A37:AC237,20,0)+VLOOKUP(A37,A37:AC237,22,0)+VLOOKUP(A37,A37:AC237,24,0)+VLOOKUP(A37,A37:AC237,26,0)+VLOOKUP(A37,A37:AC237,28,0))/VLOOKUP(A37,A37:AC237,29,0),"-")) | AK37: =IF(A37="","",IFERROR(VLOOKUP(A37,A37:AC237,10,0)/VLOOKUP(A37,A37:AC237,9,0),"-")) | AL37: =IF(A37="","",IFERROR(VLOOKUP(A37,A37:AC237,12,0)/VLOOKUP(A37,A37:AC237,11,0),"-")) | AM37: =IF(A37="","",IFERROR(VLOOKUP(A37,A37:AC237,14,0)/VLOOKUP(A37,A37:AC237,13,0),"-")) | AN37: =IF(A37="","",IFERROR(VLOOKUP(A37,A37:AC237,16,0)/VLOOKUP(A37,A37:AC237,15,0),"-")) | AO37: =IF(A37="","",IFERROR(VLOOKUP(A37,A37:AC237,18,0)/VLOOKUP(A37,A37:AC237,17,0),"-")) | AP37: =IF(A37="","",IFERROR(VLOOKUP(A37,A37:AC237,20,0)/VLOOKUP(A37,A37:AC237,19,0),"-")) | AQ37: =IF(A37="","",IFERROR(VLOOKUP(A37,A37:AC237,22,0)/VLOOKUP(A37,A37:AC237,21,0),"-")) | AR37: =IF(A37="","",IFERROR(VLOOKUP(A37,A37:AC237,24,0)/VLOOKUP(A37,A37:AC237,23,0),"-")) | AS37: =IF(A37="","",IFERROR(VLOOKUP(A37,A37:AC237,26,0)/VLOOKUP(A37,A37:AC237,25,0),"-")) | AT37: =IF(A37="","",IFERROR(VLOOKUP(A37,A37:AC237,28,0)/VLOOKUP(A37,A37:AC237,27,0),"-"))
A38: {=INDIRECT("D" & ROW())&INDIRECT("F" & ROW())} | D38: =IFERROR(VLOOKUP($E$5&E38,Sites,4,FALSE),"") | AD38: =IF(A38="","",IFERROR((VLOOKUP(A38,A38:AC238,10,0)+VLOOKUP(A38,A38:AC238,18,0))/VLOOKUP(A38,A38:AC238,29,0),"-")) | AE38: =IF(A38="","",IFERROR((VLOOKUP(A38,A38:AC238,12,0)+VLOOKUP(A38,A38:AC238,20,0))/VLOOKUP(A38,A38:AC238,29,0),"-")) | AF38: =IF(A38="","",IFERROR((VLOOKUP(A38,A38:AC238,14,0)+VLOOKUP(A38,A38:AC238,22,0))/VLOOKUP(A38,A38:AC238,29,0),"-")) | AG38: =IF(A38="","",IFERROR((VLOOKUP(A38,A38:AC238,16,0)+VLOOKUP(A38,A38:AC238,24,0))/VLOOKUP(A38,A38:AC238,29,0),"-")) | AH38: =IF(A38="","",IFERROR(VLOOKUP(A38,A38:AC238,26,0)/VLOOKUP(A38,A38:AC238,29,0),"-")) | AI38: =IF(A38="","",IFERROR(VLOOKUP(A38,A38:AC238,28,0)/VLOOKUP(A38,A38:AC238,29,0),"-")) | AJ38: =IF(A38="","",IFERROR((VLOOKUP(A38,A38:AC238,10,0)+VLOOKUP(A38,A38:AC238,12,0)+VLOOKUP(A38,A38:AC238,14,0)+VLOOKUP(A38,A38:AC238,16,0)+VLOOKUP(A38,A38:AC238,18,0)+VLOOKUP(A38,A38:AC238,20,0)+VLOOKUP(A38,A38:AC238,22,0)+VLOOKUP(A38,A38:AC238,24,0)+VLOOKUP(A38,A38:AC238,26,0)+VLOOKUP(A38,A38:AC238,28,0))/VLOOKUP(A38,A38:AC238,29,0),"-")) | AK38: =IF(A38="","",IFERROR(VLOOKUP(A38,A38:AC238,10,0)/VLOOKUP(A38,A38:AC238,9,0),"-")) | AL38: =IF(A38="","",IFERROR(VLOOKUP(A38,A38:AC238,12,0)/VLOOKUP(A38,A38:AC238,11,0),"-")) | AM38: =IF(A38="","",IFERROR(VLOOKUP(A38,A38:AC238,14,0)/VLOOKUP(A38,A38:AC238,13,0),"-")) | AN38: =IF(A38="","",IFERROR(VLOOKUP(A38,A38:AC238,16,0)/VLOOKUP(A38,A38:AC238,15,0),"-")) | AO38: =IF(A38="","",IFERROR(VLOOKUP(A38,A38:AC238,18,0)/VLOOKUP(A38,A38:AC238,17,0),"-")) | AP38: =IF(A38="","",IFERROR(VLOOKUP(A38,A38:AC238,20,0)/VLOOKUP(A38,A38:AC238,19,0),"-")) | AQ38: =IF(A38="","",IFERROR(VLOOKUP(A38,A38:AC238,22,0)/VLOOKUP(A38,A38:AC238,21,0),"-")) | AR38: =IF(A38="","",IFERROR(VLOOKUP(A38,A38:AC238,24,0)/VLOOKUP(A38,A38:AC238,23,0),"-")) | AS38: =IF(A38="","",IFERROR(VLOOKUP(A38,A38:AC238,26,0)/VLOOKUP(A38,A38:AC238,25,0),"-")) | AT38: =IF(A38="","",IFERROR(VLOOKUP(A38,A38:AC238,28,0)/VLOOKUP(A38,A38:AC238,27,0),"-"))
A39: {=INDIRECT("D" & ROW())&INDIRECT("F" & ROW())} | D39: =IFERROR(VLOOKUP($E$5&E39,Sites,4,FALSE),"") | AD39: =IF(A39="","",IFERROR((VLOOKUP(A39,A39:AC239,10,0)+VLOOKUP(A39,A39:AC239,18,0))/VLOOKUP(A39,A39:AC239,29,0),"-")) | AE39: =IF(A39="","",IFERROR((VLOOKUP(A39,A39:AC239,12,0)+VLOOKUP(A39,A39:AC239,20,0))/VLOOKUP(A39,A39:AC239,29,0),"-")) | AF39: =IF(A39="","",IFERROR((VLOOKUP(A39,A39:AC239,14,0)+VLOOKUP(A39,A39:AC239,22,0))/VLOOKUP(A39,A39:AC239,29,0),"-")) | AG39: =IF(A39="","",IFERROR((VLOOKUP(A39,A39:AC239,16,0)+VLOOKUP(A39,A39:AC239,24,0))/VLOOKUP(A39,A39:AC239,29,0),"-")) | AH39: =IF(A39="","",IFERROR(VLOOKUP(A39,A39:AC239,26,0)/VLOOKUP(A39,A39:AC239,29,0),"-")) | AI39: =IF(A39="","",IFERROR(VLOOKUP(A39,A39:AC239,28,0)/VLOOKUP(A39,A39:AC239,29,0),"-")) | AJ39: =IF(A39="","",IFERROR((VLOOKUP(A39,A39:AC239,10,0)+VLOOKUP(A39,A39:AC239,12,0)+VLOOKUP(A39,A39:AC239,14,0)+VLOOKUP(A39,A39:AC239,16,0)+VLOOKUP(A39,A39:AC239,18,0)+VLOOKUP(A39,A39:AC239,20,0)+VLOOKUP(A39,A39:AC239,22,0)+VLOOKUP(A39,A39:AC239,24,0)+VLOOKUP(A39,A39:AC239,26,0)+VLOOKUP(A39,A39:AC239,28,0))/VLOOKUP(A39,A39:AC239,29,0),"-")) | AK39: =IF(A39="","",IFERROR(VLOOKUP(A39,A39:AC239,10,0)/VLOOKUP(A39,A39:AC239,9,0),"-")) | AL39: =IF(A39="","",IFERROR(VLOOKUP(A39,A39:AC239,12,0)/VLOOKUP(A39,A39:AC239,11,0),"-")) | AM39: =IF(A39="","",IFERROR(VLOOKUP(A39,A39:AC239,14,0)/VLOOKUP(A39,A39:AC239,13,0),"-")) | AN39: =IF(A39="","",IFERROR(VLOOKUP(A39,A39:AC239,16,0)/VLOOKUP(A39,A39:AC239,15,0),"-")) | AO39: =IF(A39="","",IFERROR(VLOOKUP(A39,A39:AC239,18,0)/VLOOKUP(A39,A39:AC239,17,0),"-")) | AP39: =IF(A39="","",IFERROR(VLOOKUP(A39,A39:AC239,20,0)/VLOOKUP(A39,A39:AC239,19,0),"-")) | AQ39: =IF(A39="","",IFERROR(VLOOKUP(A39,A39:AC239,22,0)/VLOOKUP(A39,A39:AC239,21,0),"-")) | AR39: =IF(A39="","",IFERROR(VLOOKUP(A39,A39:AC239,24,0)/VLOOKUP(A39,A39:AC239,23,0),"-")) | AS39: =IF(A39="","",IFERROR(VLOOKUP(A39,A39:AC239,26,0)/VLOOKUP(A39,A39:AC239,25,0),"-")) | AT39: =IF(A39="","",IFERROR(VLOOKUP(A39,A39:AC239,28,0)/VLOOKUP(A39,A39:AC239,27,0),"-"))
A40: {=INDIRECT("D" & ROW())&INDIRECT("F" & ROW())} | D40: =IFERROR(VLOOKUP($E$5&E40,Sites,4,FALSE),"") | AD40: =IF(A40="","",IFERROR((VLOOKUP(A40,A40:AC240,10,0)+VLOOKUP(A40,A40:AC240,18,0))/VLOOKUP(A40,A40:AC240,29,0),"-")) | AE40: =IF(A40="","",IFERROR((VLOOKUP(A40,A40:AC240,12,0)+VLOOKUP(A40,A40:AC240,20,0))/VLOOKUP(A40,A40:AC240,29,0),"-")) | AF40: =IF(A40="","",IFERROR((VLOOKUP(A40,A40:AC240,14,0)+VLOOKUP(A40,A40:AC240,22,0))/VLOOKUP(A40,A40:AC240,29,0),"-")) | AG40: =IF(A40="","",IFERROR((VLOOKUP(A40,A40:AC240,16,0)+VLOOKUP(A40,A40:AC240,24,0))/VLOOKUP(A40,A40:AC240,29,0),"-")) | AH40: =IF(A40="","",IFERROR(VLOOKUP(A40,A40:AC240,26,0)/VLOOKUP(A40,A40:AC240,29,0),"-")) | AI40: =IF(A40="","",IFERROR(VLOOKUP(A40,A40:AC240,28,0)/VLOOKUP(A40,A40:AC240,29,0),"-")) | AJ40: =IF(A40="","",IFERROR((VLOOKUP(A40,A40:AC240,10,0)+VLOOKUP(A40,A40:AC240,12,0)+VLOOKUP(A40,A40:AC240,14,0)+VLOOKUP(A40,A40:AC240,16,0)+VLOOKUP(A40,A40:AC240,18,0)+VLOOKUP(A40,A40:AC240,20,0)+VLOOKUP(A40,A40:AC240,22,0)+VLOOKUP(A40,A40:AC240,24,0)+VLOOKUP(A40,A40:AC240,26,0)+VLOOKUP(A40,A40:AC240,28,0))/VLOOKUP(A40,A40:AC240,29,0),"-")) | AK40: =IF(A40="","",IFERROR(VLOOKUP(A40,A40:AC240,10,0)/VLOOKUP(A40,A40:AC240,9,0),"-")) | AL40: =IF(A40="","",IFERROR(VLOOKUP(A40,A40:AC240,12,0)/VLOOKUP(A40,A40:AC240,11,0),"-")) | AM40: =IF(A40="","",IFERROR(VLOOKUP(A40,A40:AC240,14,0)/VLOOKUP(A40,A40:AC240,13,0),"-")) | AN40: =IF(A40="","",IFERROR(VLOOKUP(A40,A40:AC240,16,0)/VLOOKUP(A40,A40:AC240,15,0),"-")) | AO40: =IF(A40="","",IFERROR(VLOOKUP(A40,A40:AC240,18,0)/VLOOKUP(A40,A40:AC240,17,0),"-")) | AP40: =IF(A40="","",IFERROR(VLOOKUP(A40,A40:AC240,20,0)/VLOOKUP(A40,A40:AC240,19,0),"-")) | AQ40: =IF(A40="","",IFERROR(VLOOKUP(A40,A40:AC240,22,0)/VLOOKUP(A40,A40:AC240,21,0),"-")) | AR40: =IF(A40="","",IFERROR(VLOOKUP(A40,A40:AC240,24,0)/VLOOKUP(A40,A40:AC240,23,0),"-")) | AS40: =IF(A40="","",IFERROR(VLOOKUP(A40,A40:AC240,26,0)/VLOOKUP(A40,A40:AC240,25,0),"-")) | AT40: =IF(A40="","",IFERROR(VLOOKUP(A40,A40:AC240,28,0)/VLOOKUP(A40,A40:AC240,27,0),"-"))
A41: {=INDIRECT("D" & ROW())&INDIRECT("F" & ROW())} | D41: =IFERROR(VLOOKUP($E$5&E41,Sites,4,FALSE),"") | AD41: =IF(A41="","",IFERROR((VLOOKUP(A41,A41:AC241,10,0)+VLOOKUP(A41,A41:AC241,18,0))/VLOOKUP(A41,A41:AC241,29,0),"-")) | AE41: =IF(A41="","",IFERROR((VLOOKUP(A41,A41:AC241,12,0)+VLOOKUP(A41,A41:AC241,20,0))/VLOOKUP(A41,A41:AC241,29,0),"-")) | AF41: =IF(A41="","",IFERROR((VLOOKUP(A41,A41:AC241,14,0)+VLOOKUP(A41,A41:AC241,22,0))/VLOOKUP(A41,A41:AC241,29,0),"-")) | AG41: =IF(A41="","",IFERROR((VLOOKUP(A41,A41:AC241,16,0)+VLOOKUP(A41,A41:AC241,24,0))/VLOOKUP(A41,A41:AC241,29,0),"-")) | AH41: =IF(A41="","",IFERROR(VLOOKUP(A41,A41:AC241,26,0)/VLOOKUP(A41,A41:AC241,29,0),"-")) | AI41: =IF(A41="","",IFERROR(VLOOKUP(A41,A41:AC241,28,0)/VLOOKUP(A41,A41:AC241,29,0),"-")) | AJ41: =IF(A41="","",IFERROR((VLOOKUP(A41,A41:AC241,10,0)+VLOOKUP(A41,A41:AC241,12,0)+VLOOKUP(A41,A41:AC241,14,0)+VLOOKUP(A41,A41:AC241,16,0)+VLOOKUP(A41,A41:AC241,18,0)+VLOOKUP(A41,A41:AC241,20,0)+VLOOKUP(A41,A41:AC241,22,0)+VLOOKUP(A41,A41:AC241,24,0)+VLOOKUP(A41,A41:AC241,26,0)+VLOOKUP(A41,A41:AC241,28,0))/VLOOKUP(A41,A41:AC241,29,0),"-")) | AK41: =IF(A41="","",IFERROR(VLOOKUP(A41,A41:AC241,10,0)/VLOOKUP(A41,A41:AC241,9,0),"-")) | AL41: =IF(A41="","",IFERROR(VLOOKUP(A41,A41:AC241,12,0)/VLOOKUP(A41,A41:AC241,11,0),"-")) | AM41: =IF(A41="","",IFERROR(VLOOKUP(A41,A41:AC241,14,0)/VLOOKUP(A41,A41:AC241,13,0),"-")) | AN41: =IF(A41="","",IFERROR(VLOOKUP(A41,A41:AC241,16,0)/VLOOKUP(A41,A41:AC241,15,0),"-")) | AO41: =IF(A41="","",IFERROR(VLOOKUP(A41,A41:AC241,18,0)/VLOOKUP(A41,A41:AC241,17,0),"-")) | AP41: =IF(A41="","",IFERROR(VLOOKUP(A41,A41:AC241,20,0)/VLOOKUP(A41,A41:AC241,19,0),"-")) | AQ41: =IF(A41="","",IFERROR(VLOOKUP(A41,A41:AC241,22,0)/VLOOKUP(A41,A41:AC241,21,0),"-")) | AR41: =IF(A41="","",IFERROR(VLOOKUP(A41,A41:AC241,24,0)/VLOOKUP(A41,A41:AC241,23,0),"-")) | AS41: =IF(A41="","",IFERROR(VLOOKUP(A41,A41:AC241,26,0)/VLOOKUP(A41,A41:AC241,25,0),"-")) | AT41: =IF(A41="","",IFERROR(VLOOKUP(A41,A41:AC241,28,0)/VLOOKUP(A41,A41:AC241,27,0),"-"))
A42: {=INDIRECT("D" & ROW())&INDIRECT("F" & ROW())} | D42: =IFERROR(VLOOKUP($E$5&E42,Sites,4,FALSE),"") | AD42: =IF(A42="","",IFERROR((VLOOKUP(A42,A42:AC242,10,0)+VLOOKUP(A42,A42:AC242,18,0))/VLOOKUP(A42,A42:AC242,29,0),"-")) | AE42: =IF(A42="","",IFERROR((VLOOKUP(A42,A42:AC242,12,0)+VLOOKUP(A42,A42:AC242,20,0))/VLOOKUP(A42,A42:AC242,29,0),"-")) | AF42: =IF(A42="","",IFERROR((VLOOKUP(A42,A42:AC242,14,0)+VLOOKUP(A42,A42:AC242,22,0))/VLOOKUP(A42,A42:AC242,29,0),"-")) | AG42: =IF(A42="","",IFERROR((VLOOKUP(A42,A42:AC242,16,0)+VLOOKUP(A42,A42:AC242,24,0))/VLOOKUP(A42,A42:AC242,29,0),"-")) | AH42: =IF(A42="","",IFERROR(VLOOKUP(A42,A42:AC242,26,0)/VLOOKUP(A42,A42:AC242,29,0),"-")) | AI42: =IF(A42="","",IFERROR(VLOOKUP(A42,A42:AC242,28,0)/VLOOKUP(A42,A42:AC242,29,0),"-")) | AJ42: =IF(A42="","",IFERROR((VLOOKUP(A42,A42:AC242,10,0)+VLOOKUP(A42,A42:AC242,12,0)+VLOOKUP(A42,A42:AC242,14,0)+VLOOKUP(A42,A42:AC242,16,0)+VLOOKUP(A42,A42:AC242,18,0)+VLOOKUP(A42,A42:AC242,20,0)+VLOOKUP(A42,A42:AC242,22,0)+VLOOKUP(A42,A42:AC242,24,0)+VLOOKUP(A42,A42:AC242,26,0)+VLOOKUP(A42,A42:AC242,28,0))/VLOOKUP(A42,A42:AC242,29,0),"-")) | AK42: =IF(A42="","",IFERROR(VLOOKUP(A42,A42:AC242,10,0)/VLOOKUP(A42,A42:AC242,9,0),"-")) | AL42: =IF(A42="","",IFERROR(VLOOKUP(A42,A42:AC242,12,0)/VLOOKUP(A42,A42:AC242,11,0),"-")) | AM42: =IF(A42="","",IFERROR(VLOOKUP(A42,A42:AC242,14,0)/VLOOKUP(A42,A42:AC242,13,0),"-")) | AN42: =IF(A42="","",IFERROR(VLOOKUP(A42,A42:AC242,16,0)/VLOOKUP(A42,A42:AC242,15,0),"-")) | AO42: =IF(A42="","",IFERROR(VLOOKUP(A42,A42:AC242,18,0)/VLOOKUP(A42,A42:AC242,17,0),"-")) | AP42: =IF(A42="","",IFERROR(VLOOKUP(A42,A42:AC242,20,0)/VLOOKUP(A42,A42:AC242,19,0),"-")) | AQ42: =IF(A42="","",IFERROR(VLOOKUP(A42,A42:AC242,22,0)/VLOOKUP(A42,A42:AC242,21,0),"-")) | AR42: =IF(A42="","",IFERROR(VLOOKUP(A42,A42:AC242,24,0)/VLOOKUP(A42,A42:AC242,23,0),"-")) | AS42: =IF(A42="","",IFERROR(VLOOKUP(A42,A42:AC242,26,0)/VLOOKUP(A42,A42:AC242,25,0),"-")) | AT42: =IF(A42="","",IFERROR(VLOOKUP(A42,A42:AC242,28,0)/VLOOKUP(A42,A42:AC242,27,0),"-"))
A43: {=INDIRECT("D" & ROW())&INDIRECT("F" & ROW())} | D43: =IFERROR(VLOOKUP($E$5&E43,Sites,4,FALSE),"") | AD43: =IF(A43="","",IFERROR((VLOOKUP(A43,A43:AC243,10,0)+VLOOKUP(A43,A43:AC243,18,0))/VLOOKUP(A43,A43:AC243,29,0),"-")) | AE43: =IF(A43="","",IFERROR((VLOOKUP(A43,A43:AC243,12,0)+VLOOKUP(A43,A43:AC243,20,0))/VLOOKUP(A43,A43:AC243,29,0),"-")) | AF43: =IF(A43="","",IFERROR((VLOOKUP(A43,A43:AC243,14,0)+VLOOKUP(A43,A43:AC243,22,0))/VLOOKUP(A43,A43:AC243,29,0),"-")) | AG43: =IF(A43="","",IFERROR((VLOOKUP(A43,A43:AC243,16,0)+VLOOKUP(A43,A43:AC243,24,0))/VLOOKUP(A43,A43:AC243,29,0),"-")) | AH43: =IF(A43="","",IFERROR(VLOOKUP(A43,A43:AC243,26,0)/VLOOKUP(A43,A43:AC243,29,0),"-")) | AI43: =IF(A43="","",IFERROR(VLOOKUP(A43,A43:AC243,28,0)/VLOOKUP(A43,A43:AC243,29,0),"-")) | AJ43: =IF(A43="","",IFERROR((VLOOKUP(A43,A43:AC243,10,0)+VLOOKUP(A43,A43:AC243,12,0)+VLOOKUP(A43,A43:AC243,14,0)+VLOOKUP(A43,A43:AC243,16,0)+VLOOKUP(A43,A43:AC243,18,0)+VLOOKUP(A43,A43:AC243,20,0)+VLOOKUP(A43,A43:AC243,22,0)+VLOOKUP(A43,A43:AC243,24,0)+VLOOKUP(A43,A43:AC243,26,0)+VLOOKUP(A43,A43:AC243,28,0))/VLOOKUP(A43,A43:AC243,29,0),"-")) | AK43: =IF(A43="","",IFERROR(VLOOKUP(A43,A43:AC243,10,0)/VLOOKUP(A43,A43:AC243,9,0),"-")) | AL43: =IF(A43="","",IFERROR(VLOOKUP(A43,A43:AC243,12,0)/VLOOKUP(A43,A43:AC243,11,0),"-")) | AM43: =IF(A43="","",IFERROR(VLOOKUP(A43,A43:AC243,14,0)/VLOOKUP(A43,A43:AC243,13,0),"-")) | AN43: =IF(A43="","",IFERROR(VLOOKUP(A43,A43:AC243,16,0)/VLOOKUP(A43,A43:AC243,15,0),"-")) | AO43: =IF(A43="","",IFERROR(VLOOKUP(A43,A43:AC243,18,0)/VLOOKUP(A43,A43:AC243,17,0),"-")) | AP43: =IF(A43="","",IFERROR(VLOOKUP(A43,A43:AC243,20,0)/VLOOKUP(A43,A43:AC243,19,0),"-")) | AQ43: =IF(A43="","",IFERROR(VLOOKUP(A43,A43:AC243,22,0)/VLOOKUP(A43,A43:AC243,21,0),"-")) | AR43: =IF(A43="","",IFERROR(VLOOKUP(A43,A43:AC243,24,0)/VLOOKUP(A43,A43:AC243,23,0),"-")) | AS43: =IF(A43="","",IFERROR(VLOOKUP(A43,A43:AC243,26,0)/VLOOKUP(A43,A43:AC243,25,0),"-")) | AT43: =IF(A43="","",IFERROR(VLOOKUP(A43,A43:AC243,28,0)/VLOOKUP(A43,A43:AC243,27,0),"-"))
A44: {=INDIRECT("D" & ROW())&INDIRECT("F" & ROW())} | D44: =IFERROR(VLOOKUP($E$5&E44,Sites,4,FALSE),"") | AD44: =IF(A44="","",IFERROR((VLOOKUP(A44,A44:AC244,10,0)+VLOOKUP(A44,A44:AC244,18,0))/VLOOKUP(A44,A44:AC244,29,0),"-")) | AE44: =IF(A44="","",IFERROR((VLOOKUP(A44,A44:AC244,12,0)+VLOOKUP(A44,A44:AC244,20,0))/VLOOKUP(A44,A44:AC244,29,0),"-")) | AF44: =IF(A44="","",IFERROR((VLOOKUP(A44,A44:AC244,14,0)+VLOOKUP(A44,A44:AC244,22,0))/VLOOKUP(A44,A44:AC244,29,0),"-")) | AG44: =IF(A44="","",IFERROR((VLOOKUP(A44,A44:AC244,16,0)+VLOOKUP(A44,A44:AC244,24,0))/VLOOKUP(A44,A44:AC244,29,0),"-")) | AH44: =IF(A44="","",IFERROR(VLOOKUP(A44,A44:AC244,26,0)/VLOOKUP(A44,A44:AC244,29,0),"-")) | AI44: =IF(A44="","",IFERROR(VLOOKUP(A44,A44:AC244,28,0)/VLOOKUP(A44,A44:AC244,29,0),"-")) | AJ44: =IF(A44="","",IFERROR((VLOOKUP(A44,A44:AC244,10,0)+VLOOKUP(A44,A44:AC244,12,0)+VLOOKUP(A44,A44:AC244,14,0)+VLOOKUP(A44,A44:AC244,16,0)+VLOOKUP(A44,A44:AC244,18,0)+VLOOKUP(A44,A44:AC244,20,0)+VLOOKUP(A44,A44:AC244,22,0)+VLOOKUP(A44,A44:AC244,24,0)+VLOOKUP(A44,A44:AC244,26,0)+VLOOKUP(A44,A44:AC244,28,0))/VLOOKUP(A44,A44:AC244,29,0),"-")) | AK44: =IF(A44="","",IFERROR(VLOOKUP(A44,A44:AC244,10,0)/VLOOKUP(A44,A44:AC244,9,0),"-")) | AL44: =IF(A44="","",IFERROR(VLOOKUP(A44,A44:AC244,12,0)/VLOOKUP(A44,A44:AC244,11,0),"-")) | AM44: =IF(A44="","",IFERROR(VLOOKUP(A44,A44:AC244,14,0)/VLOOKUP(A44,A44:AC244,13,0),"-")) | AN44: =IF(A44="","",IFERROR(VLOOKUP(A44,A44:AC244,16,0)/VLOOKUP(A44,A44:AC244,15,0),"-")) | AO44: =IF(A44="","",IFERROR(VLOOKUP(A44,A44:AC244,18,0)/VLOOKUP(A44,A44:AC244,17,0),"-")) | AP44: =IF(A44="","",IFERROR(VLOOKUP(A44,A44:AC244,20,0)/VLOOKUP(A44,A44:AC244,19,0),"-")) | AQ44: =IF(A44="","",IFERROR(VLOOKUP(A44,A44:AC244,22,0)/VLOOKUP(A44,A44:AC244,21,0),"-")) | AR44: =IF(A44="","",IFERROR(VLOOKUP(A44,A44:AC244,24,0)/VLOOKUP(A44,A44:AC244,23,0),"-")) | AS44: =IF(A44="","",IFERROR(VLOOKUP(A44,A44:AC244,26,0)/VLOOKUP(A44,A44:AC244,25,0),"-")) | AT44: =IF(A44="","",IFERROR(VLOOKUP(A44,A44:AC244,28,0)/VLOOKUP(A44,A44:AC244,27,0),"-"))
A45: {=INDIRECT("D" & ROW())&INDIRECT("F" & ROW())} | D45: =IFERROR(VLOOKUP($E$5&E45,Sites,4,FALSE),"") | AD45: =IF(A45="","",IFERROR((VLOOKUP(A45,A45:AC245,10,0)+VLOOKUP(A45,A45:AC245,18,0))/VLOOKUP(A45,A45:AC245,29,0),"-")) | AE45: =IF(A45="","",IFERROR((VLOOKUP(A45,A45:AC245,12,0)+VLOOKUP(A45,A45:AC245,20,0))/VLOOKUP(A45,A45:AC245,29,0),"-")) | AF45: =IF(A45="","",IFERROR((VLOOKUP(A45,A45:AC245,14,0)+VLOOKUP(A45,A45:AC245,22,0))/VLOOKUP(A45,A45:AC245,29,0),"-")) | AG45: =IF(A45="","",IFERROR((VLOOKUP(A45,A45:AC245,16,0)+VLOOKUP(A45,A45:AC245,24,0))/VLOOKUP(A45,A45:AC245,29,0),"-")) | AH45: =IF(A45="","",IFERROR(VLOOKUP(A45,A45:AC245,26,0)/VLOOKUP(A45,A45:AC245,29,0),"-")) | AI45: =IF(A45="","",IFERROR(VLOOKUP(A45,A45:AC245,28,0)/VLOOKUP(A45,A45:AC245,29,0),"-")) | AJ45: =IF(A45="","",IFERROR((VLOOKUP(A45,A45:AC245,10,0)+VLOOKUP(A45,A45:AC245,12,0)+VLOOKUP(A45,A45:AC245,14,0)+VLOOKUP(A45,A45:AC245,16,0)+VLOOKUP(A45,A45:AC245,18,0)+VLOOKUP(A45,A45:AC245,20,0)+VLOOKUP(A45,A45:AC245,22,0)+VLOOKUP(A45,A45:AC245,24,0)+VLOOKUP(A45,A45:AC245,26,0)+VLOOKUP(A45,A45:AC245,28,0))/VLOOKUP(A45,A45:AC245,29,0),"-")) | AK45: =IF(A45="","",IFERROR(VLOOKUP(A45,A45:AC245,10,0)/VLOOKUP(A45,A45:AC245,9,0),"-")) | AL45: =IF(A45="","",IFERROR(VLOOKUP(A45,A45:AC245,12,0)/VLOOKUP(A45,A45:AC245,11,0),"-")) | AM45: =IF(A45="","",IFERROR(VLOOKUP(A45,A45:AC245,14,0)/VLOOKUP(A45,A45:AC245,13,0),"-")) | AN45: =IF(A45="","",IFERROR(VLOOKUP(A45,A45:AC245,16,0)/VLOOKUP(A45,A45:AC245,15,0),"-")) | AO45: =IF(A45="","",IFERROR(VLOOKUP(A45,A45:AC245,18,0)/VLOOKUP(A45,A45:AC245,17,0),"-")) | AP45: =IF(A45="","",IFERROR(VLOOKUP(A45,A45:AC245,20,0)/VLOOKUP(A45,A45:AC245,19,0),"-")) | AQ45: =IF(A45="","",IFERROR(VLOOKUP(A45,A45:AC245,22,0)/VLOOKUP(A45,A45:AC245,21,0),"-")) | AR45: =IF(A45="","",IFERROR(VLOOKUP(A45,A45:AC245,24,0)/VLOOKUP(A45,A45:AC245,23,0),"-")) | AS45: =IF(A45="","",IFERROR(VLOOKUP(A45,A45:AC245,26,0)/VLOOKUP(A45,A45:AC245,25,0),"-")) | AT45: =IF(A45="","",IFERROR(VLOOKUP(A45,A45:AC245,28,0)/VLOOKUP(A45,A45:AC245,27,0),"-"))
A46: {=INDIRECT("D" & ROW())&INDIRECT("F" & ROW())} | D46: =IFERROR(VLOOKUP($E$5&E46,Sites,4,FALSE),"") | AD46: =IF(A46="","",IFERROR((VLOOKUP(A46,A46:AC246,10,0)+VLOOKUP(A46,A46:AC246,18,0))/VLOOKUP(A46,A46:AC246,29,0),"-")) | AE46: =IF(A46="","",IFERROR((VLOOKUP(A46,A46:AC246,12,0)+VLOOKUP(A46,A46:AC246,20,0))/VLOOKUP(A46,A46:AC246,29,0),"-")) | AF46: =IF(A46="","",IFERROR((VLOOKUP(A46,A46:AC246,14,0)+VLOOKUP(A46,A46:AC246,22,0))/VLOOKUP(A46,A46:AC246,29,0),"-")) | AG46: =IF(A46="","",IFERROR((VLOOKUP(A46,A46:AC246,16,0)+VLOOKUP(A46,A46:AC246,24,0))/VLOOKUP(A46,A46:AC246,29,0),"-")) | AH46: =IF(A46="","",IFERROR(VLOOKUP(A46,A46:AC246,26,0)/VLOOKUP(A46,A46:AC246,29,0),"-")) | AI46: =IF(A46="","",IFERROR(VLOOKUP(A46,A46:AC246,28,0)/VLOOKUP(A46,A46:AC246,29,0),"-")) | AJ46: =IF(A46="","",IFERROR((VLOOKUP(A46,A46:AC246,10,0)+VLOOKUP(A46,A46:AC246,12,0)+VLOOKUP(A46,A46:AC246,14,0)+VLOOKUP(A46,A46:AC246,16,0)+VLOOKUP(A46,A46:AC246,18,0)+VLOOKUP(A46,A46:AC246,20,0)+VLOOKUP(A46,A46:AC246,22,0)+VLOOKUP(A46,A46:AC246,24,0)+VLOOKUP(A46,A46:AC246,26,0)+VLOOKUP(A46,A46:AC246,28,0))/VLOOKUP(A46,A46:AC246,29,0),"-")) | AK46: =IF(A46="","",IFERROR(VLOOKUP(A46,A46:AC246,10,0)/VLOOKUP(A46,A46:AC246,9,0),"-")) | AL46: =IF(A46="","",IFERROR(VLOOKUP(A46,A46:AC246,12,0)/VLOOKUP(A46,A46:AC246,11,0),"-")) | AM46: =IF(A46="","",IFERROR(VLOOKUP(A46,A46:AC246,14,0)/VLOOKUP(A46,A46:AC246,13,0),"-")) | AN46: =IF(A46="","",IFERROR(VLOOKUP(A46,A46:AC246,16,0)/VLOOKUP(A46,A46:AC246,15,0),"-")) | AO46: =IF(A46="","",IFERROR(VLOOKUP(A46,A46:AC246,18,0)/VLOOKUP(A46,A46:AC246,17,0),"-")) | AP46: =IF(A46="","",IFERROR(VLOOKUP(A46,A46:AC246,20,0)/VLOOKUP(A46,A46:AC246,19,0),"-")) | AQ46: =IF(A46="","",IFERROR(VLOOKUP(A46,A46:AC246,22,0)/VLOOKUP(A46,A46:AC246,21,0),"-")) | AR46: =IF(A46="","",IFERROR(VLOOKUP(A46,A46:AC246,24,0)/VLOOKUP(A46,A46:AC246,23,0),"-")) | AS46: =IF(A46="","",IFERROR(VLOOKUP(A46,A46:AC246,26,0)/VLOOKUP(A46,A46:AC246,25,0),"-")) | AT46: =IF(A46="","",IFERROR(VLOOKUP(A46,A46:AC246,28,0)/VLOOKUP(A46,A46:AC246,27,0),"-"))
A47: {=INDIRECT("D" & ROW())&INDIRECT("F" & ROW())} | D47: =IFERROR(VLOOKUP($E$5&E47,Sites,4,FALSE),"") | AD47: =IF(A47="","",IFERROR((VLOOKUP(A47,A47:AC247,10,0)+VLOOKUP(A47,A47:AC247,18,0))/VLOOKUP(A47,A47:AC247,29,0),"-")) | AE47: =IF(A47="","",IFERROR((VLOOKUP(A47,A47:AC247,12,0)+VLOOKUP(A47,A47:AC247,20,0))/VLOOKUP(A47,A47:AC247,29,0),"-")) | AF47: =IF(A47="","",IFERROR((VLOOKUP(A47,A47:AC247,14,0)+VLOOKUP(A47,A47:AC247,22,0))/VLOOKUP(A47,A47:AC247,29,0),"-")) | AG47: =IF(A47="","",IFERROR((VLOOKUP(A47,A47:AC247,16,0)+VLOOKUP(A47,A47:AC247,24,0))/VLOOKUP(A47,A47:AC247,29,0),"-")) | AH47: =IF(A47="","",IFERROR(VLOOKUP(A47,A47:AC247,26,0)/VLOOKUP(A47,A47:AC247,29,0),"-")) | AI47: =IF(A47="","",IFERROR(VLOOKUP(A47,A47:AC247,28,0)/VLOOKUP(A47,A47:AC247,29,0),"-")) | AJ47: =IF(A47="","",IFERROR((VLOOKUP(A47,A47:AC247,10,0)+VLOOKUP(A47,A47:AC247,12,0)+VLOOKUP(A47,A47:AC247,14,0)+VLOOKUP(A47,A47:AC247,16,0)+VLOOKUP(A47,A47:AC247,18,0)+VLOOKUP(A47,A47:AC247,20,0)+VLOOKUP(A47,A47:AC247,22,0)+VLOOKUP(A47,A47:AC247,24,0)+VLOOKUP(A47,A47:AC247,26,0)+VLOOKUP(A47,A47:AC247,28,0))/VLOOKUP(A47,A47:AC247,29,0),"-")) | AK47: =IF(A47="","",IFERROR(VLOOKUP(A47,A47:AC247,10,0)/VLOOKUP(A47,A47:AC247,9,0),"-")) | AL47: =IF(A47="","",IFERROR(VLOOKUP(A47,A47:AC247,12,0)/VLOOKUP(A47,A47:AC247,11,0),"-")) | AM47: =IF(A47="","",IFERROR(VLOOKUP(A47,A47:AC247,14,0)/VLOOKUP(A47,A47:AC247,13,0),"-")) | AN47: =IF(A47="","",IFERROR(VLOOKUP(A47,A47:AC247,16,0)/VLOOKUP(A47,A47:AC247,15,0),"-")) | AO47: =IF(A47="","",IFERROR(VLOOKUP(A47,A47:AC247,18,0)/VLOOKUP(A47,A47:AC247,17,0),"-")) | AP47: =IF(A47="","",IFERROR(VLOOKUP(A47,A47:AC247,20,0)/VLOOKUP(A47,A47:AC247,19,0),"-")) | AQ47: =IF(A47="","",IFERROR(VLOOKUP(A47,A47:AC247,22,0)/VLOOKUP(A47,A47:AC247,21,0),"-")) | AR47: =IF(A47="","",IFERROR(VLOOKUP(A47,A47:AC247,24,0)/VLOOKUP(A47,A47:AC247,23,0),"-")) | AS47: =IF(A47="","",IFERROR(VLOOKUP(A47,A47:AC247,26,0)/VLOOKUP(A47,A47:AC247,25,0),"-")) | AT47: =IF(A47="","",IFERROR(VLOOKUP(A47,A47:AC247,28,0)/VLOOKUP(A47,A47:AC247,27,0),"-"))
A48: {=INDIRECT("D" & ROW())&INDIRECT("F" & ROW())} | D48: =IFERROR(VLOOKUP($E$5&E48,Sites,4,FALSE),"") | AD48: =IF(A48="","",IFERROR((VLOOKUP(A48,A48:AC248,10,0)+VLOOKUP(A48,A48:AC248,18,0))/VLOOKUP(A48,A48:AC248,29,0),"-")) | AE48: =IF(A48="","",IFERROR((VLOOKUP(A48,A48:AC248,12,0)+VLOOKUP(A48,A48:AC248,20,0))/VLOOKUP(A48,A48:AC248,29,0),"-")) | AF48: =IF(A48="","",IFERROR((VLOOKUP(A48,A48:AC248,14,0)+VLOOKUP(A48,A48:AC248,22,0))/VLOOKUP(A48,A48:AC248,29,0),"-")) | AG48: =IF(A48="","",IFERROR((VLOOKUP(A48,A48:AC248,16,0)+VLOOKUP(A48,A48:AC248,24,0))/VLOOKUP(A48,A48:AC248,29,0),"-")) | AH48: =IF(A48="","",IFERROR(VLOOKUP(A48,A48:AC248,26,0)/VLOOKUP(A48,A48:AC248,29,0),"-")) | AI48: =IF(A48="","",IFERROR(VLOOKUP(A48,A48:AC248,28,0)/VLOOKUP(A48,A48:AC248,29,0),"-")) | AJ48: =IF(A48="","",IFERROR((VLOOKUP(A48,A48:AC248,10,0)+VLOOKUP(A48,A48:AC248,12,0)+VLOOKUP(A48,A48:AC248,14,0)+VLOOKUP(A48,A48:AC248,16,0)+VLOOKUP(A48,A48:AC248,18,0)+VLOOKUP(A48,A48:AC248,20,0)+VLOOKUP(A48,A48:AC248,22,0)+VLOOKUP(A48,A48:AC248,24,0)+VLOOKUP(A48,A48:AC248,26,0)+VLOOKUP(A48,A48:AC248,28,0))/VLOOKUP(A48,A48:AC248,29,0),"-")) | AK48: =IF(A48="","",IFERROR(VLOOKUP(A48,A48:AC248,10,0)/VLOOKUP(A48,A48:AC248,9,0),"-")) | AL48: =IF(A48="","",IFERROR(VLOOKUP(A48,A48:AC248,12,0)/VLOOKUP(A48,A48:AC248,11,0),"-")) | AM48: =IF(A48="","",IFERROR(VLOOKUP(A48,A48:AC248,14,0)/VLOOKUP(A48,A48:AC248,13,0),"-")) | AN48: =IF(A48="","",IFERROR(VLOOKUP(A48,A48:AC248,16,0)/VLOOKUP(A48,A48:AC248,15,0),"-")) | AO48: =IF(A48="","",IFERROR(VLOOKUP(A48,A48:AC248,18,0)/VLOOKUP(A48,A48:AC248,17,0),"-")) | AP48: =IF(A48="","",IFERROR(VLOOKUP(A48,A48:AC248,20,0)/VLOOKUP(A48,A48:AC248,19,0),"-")) | AQ48: =IF(A48="","",IFERROR(VLOOKUP(A48,A48:AC248,22,0)/VLOOKUP(A48,A48:AC248,21,0),"-")) | AR48: =IF(A48="","",IFERROR(VLOOKUP(A48,A48:AC248,24,0)/VLOOKUP(A48,A48:AC248,23,0),"-")) | AS48: =IF(A48="","",IFERROR(VLOOKUP(A48,A48:AC248,26,0)/VLOOKUP(A48,A48:AC248,25,0),"-")) | AT48: =IF(A48="","",IFERROR(VLOOKUP(A48,A48:AC248,28,0)/VLOOKUP(A48,A48:AC248,27,0),"-"))
... A215: {=INDIRECT("D" & ROW())&INDIRECT("F" & ROW())} | D215: =IFERROR(VLOOKUP($E$5&E215,Sites,4,FALSE),"") | AD215: =IF(A215="","",IFERROR((VLOOKUP(A215,A215:AC415,10,0)+VLOOKUP(A215,A215:AC415,18,0))/VLOOKUP(A215,A215:AC415,29,0),"-")) | AE215: =IF(A215="","",IFERROR((VLOOKUP(A215,A215:AC415,12,0)+VLOOKUP(A215,A215:AC415,20,0))/VLOOKUP(A215,A215:AC415,29,0),"-")) | AF215: =IF(A215="","",IFERROR((VLOOKUP(A215,A215:AC415,14,0)+VLOOKUP(A215,A215:AC415,22,0))/VLOOKUP(A215,A215:AC415,29,0),"-")) | AG215: =IF(A215="","",IFERROR((VLOOKUP(A215,A215:AC415,16,0)+VLOOKUP(A215,A215:AC415,24,0))/VLOOKUP(A215,A215:AC415,29,0),"-")) | AH215: =IF(A215="","",IFERROR(VLOOKUP(A215,A215:AC415,26,0)/VLOOKUP(A215,A215:AC415,29,0),"-")) | AI215: =IF(A215="","",IFERROR(VLOOKUP(A215,A215:AC415,28,0)/VLOOKUP(A215,A215:AC415,29,0),"-")) | AJ215: =IF(A215="","",IFERROR((VLOOKUP(A215,A215:AC415,10,0)+VLOOKUP(A215,A215:AC415,12,0)+VLOOKUP(A215,A215:AC415,14,0)+VLOOKUP(A215,A215:AC415,16,0)+VLOOKUP(A215,A215:AC415,18,0)+VLOOKUP(A215,A215:AC415,20,0)+VLOOKUP(A215,A215:AC415,22,0)+VLOOKUP(A215,A215:AC415,24,0)+VLOOKUP(A215,A215:AC415,26,0)+VLOOKUP(A215,A215:AC415,28,0))/VLOOKUP(A215,A215:AC415,29,0),"-")) | AK215: =IF(A215="","",IFERROR(VLOOKUP(A215,A215:AC415,10,0)/VLOOKUP(A215,A215:AC415,9,0),"-")) | AL215: =IF(A215="","",IFERROR(VLOOKUP(A215,A215:AC415,12,0)/VLOOKUP(A215,A215:AC415,11,0),"-")) | AM215: =IF(A215="","",IFERROR(VLOOKUP(A215,A215:AC415,14,0)/VLOOKUP(A215,A215:AC415,13,0),"-")) | AN215: =IF(A215="","",IFERROR(VLOOKUP(A215,A215:AC415,16,0)/VLOOKUP(A215,A215:AC415,15,0),"-")) | AO215: =IF(A215="","",IFERROR(VLOOKUP(A215,A215:AC415,18,0)/VLOOKUP(A215,A215:AC415,17,0),"-")) | AP215: =IF(A215="","",IFERROR(VLOOKUP(A215,A215:AC415,20,0)/VLOOKUP(A215,A215:AC415,19,0),"-")) | AQ215: =IF(A215="","",IFERROR(VLOOKUP(A215,A215:AC415,22,0)/VLOOKUP(A215,A215:AC415,21,0),"-")) | AR215: =IF(A215="","",IFERROR(VLOOKUP(A215,A215:AC415,24,0)/VLOOKUP(A215,A215:AC415,23,0),"-")) | AS215: =IF(A215="","",IFERROR(VLOOKUP(A215,A215:AC415,26,0)/VLOOKUP(A215,A215:AC415,25,0),"-")) | AT215: =IF(A215="","",IFERROR(VLOOKUP(A215,A215:AC415,28,0)/VLOOKUP(A215,A215:AC415,27,0),"-"))

Sheet Errors
A4: Total Errors per column
E5: {=SUM(--(LEN(E7:E206)>0))} -> 0 | F5: {=SUM(--(LEN(F7:F206)>0))} -> 0 | G5: {=SUM(--(LEN(G7:G206)>0))} -> 0 | H5: {=SUM(--(LEN(H7:H206)>0))} -> 0 | I5: {=SUM(--(LEN(I7:I206)>0))} -> 0 | J5: 0 | K5: {=SUM(--(LEN(K7:K206)>0))} -> 0 | L5: {=SUM(--(LEN(L7:L206)>0))} -> 179
A6: Site-Ward Pair | B6: SiteCode | C6: Hospital Site Name | D6: Ward Name | E6: Format Checks | F6: Site Code Present? | G6: Ward Name present? | H6: At least 1 Specialty? | I6: Specialties in List? | K6: Duplicate Site-Ward | L6: Blank Row?
A7: =IF('Trust - Frontsheet'!A16="","",'Trust - Frontsheet'!A16) -> RTQ02Abbey | B7: =IF('Trust - Frontsheet'!A16="","",'Trust - Frontsheet'!D16) -> RTQ02 | C7: =IF(VLOOKUP(A7,'Trust - Frontsheet'!$A$16:$AC$215,5,0)="","",VLOOKUP(A7,'Trust - Frontsheet'!$A$16:$AC$216,5,0)) -> WOTTON LAWN HOSPITAL | D7: =IF(VLOOKUP(A7,'Trust - Frontsheet'!$A$16:$AC$215,6,0)="","",VLOOKUP(A7,'Trust - Frontsheet'!$A$16:$AC$216,6,0)) -> Abbey | E7: {=IF(OR(SUMPRODUCT(--(ISTEXT('Trust - Frontsheet'!I16:AC16)))>0,SUMPRODUCT(--(ISERROR('Trust - Frontsheet'!AD16:AT16)))>0),"There is invalid data on this row",IF(SUMPRODUCT(--('Trust - Frontsheet'!I16:AC16<0))>0,"This row contains negative values",IF(AND(L7="This is a blank Row",COUNTBLANK(INDIRECT("L" & ROW() + 1 & ":L" & 206))>0),"No blank rows in the data","")))} | F7: =IF(A7 = "","",IF('Trust - Frontsheet'!D16="", "Site code not present.","")) | G7: =IF('Trust - Frontsheet'!D16="","",IF(VLOOKUP(A7,'Trust - Frontsheet'!$A$16:$AC$215,6,0)="","Ward name not present","")) | H7: =IF(A7="","",IF(VLOOKUP(A7,'Trust - Frontsheet'!$A$16:$AC$215,7,0)="","Specialty 1 has not been selected","")) | I7: =IF(A7="","",IF(OR(COUNTIF(Specialties,VLOOKUP(A7,'Trust - Frontsheet'!$A$16:$AC$215,7,0))=0, AND(COUNTIF(Specialties,VLOOKUP(A7,'Trust - Frontsheet'!$A$16:$AC$215,8,0))=0,VLOOKUP(A7,'Trust - Frontsheet'!$A$16:$AC$215,8,0)<>"")),"You have entered unacceptable specialties.","")) | K7: =IF(A7="","",IF(COUNTIF($A$7:$A$206,A7)>1,"You have entered a duplicate site-ward pair","")) | L7: {=IF(SUMPRODUCT(--('Trust - Frontsheet'!$D16:$AC16=""))<>26,"","This is a blank row")}
A8: =IF('Trust - Frontsheet'!A17="","",'Trust - Frontsheet'!A17) -> RTQ02Dean | B8: =IF('Trust - Frontsheet'!A17="","",'Trust - Frontsheet'!D17) -> RTQ02 | C8: =IF(VLOOKUP(A8,'Trust - Frontsheet'!$A$16:$AC$215,5,0)="","",VLOOKUP(A8,'Trust - Frontsheet'!$A$16:$AC$216,5,0)) -> WOTTON LAWN HOSPITAL | D8: =IF(VLOOKUP(A8,'Trust - Frontsheet'!$A$16:$AC$215,6,0)="","",VLOOKUP(A8,'Trust - Frontsheet'!$A$16:$AC$216,6,0)) -> Dean | E8: {=IF(OR(SUMPRODUCT(--(ISTEXT('Trust - Frontsheet'!I17:AC17)))>0,SUMPRODUCT(--(ISERROR('Trust - Frontsheet'!AD17:AT17)))>0),"There is invalid data on this row",IF(SUMPRODUCT(--('Trust - Frontsheet'!I17:AC17<0))>0,"This row contains negative values",IF(AND(L8="This is a blank Row",COUNTBLANK(INDIRECT("L" & ROW() + 1 & ":L" & 206))>0),"No blank rows in the data","")))} | F8: =IF(A8 = "","",IF('Trust - Frontsheet'!D17="", "Site code not present","")) | G8: =IF('Trust - Frontsheet'!D17="","",IF(VLOOKUP(A8,'Trust - Frontsheet'!$A$16:$AC$215,6,0)="","Ward name not present","")) | H8: =IF(A8="","",IF(VLOOKUP(A8,'Trust - Frontsheet'!$A$16:$AC$215,7,0)="","Specialty 1 has not been selected","")) | I8: =IF(A8="","",IF(OR(COUNTIF(Specialties,VLOOKUP(A8,'Trust - Frontsheet'!$A$16:$AC$215,7,0))=0, AND(COUNTIF(Specialties,VLOOKUP(A8,'Trust - Frontsheet'!$A$16:$AC$215,8,0))=0,VLOOKUP(A8,'Trust - Frontsheet'!$A$16:$AC$215,8,0)<>"")),"You have entered unacceptable specialties.","")) | K8: =IF(A8="","",IF(COUNTIF($A$7:$A$206,A8)>1,"You have entered a duplicate site-ward pair","")) | L8: {=IF(SUMPRODUCT(--('Trust - Frontsheet'!$D17:$AC17=""))<>26,"","This is a blank row")}
A9: =IF('Trust - Frontsheet'!A18="","",'Trust - Frontsheet'!A18) -> RTQ02Greyfriars | B9: =IF('Trust - Frontsheet'!A18="","",'Trust - Frontsheet'!D18) -> RTQ02 | C9: =IF(VLOOKUP(A9,'Trust - Frontsheet'!$A$16:$AC$215,5,0)="","",VLOOKUP(A9,'Trust - Frontsheet'!$A$16:$AC$216,5,0)) -> WOTTON LAWN HOSPITAL | D9: =IF(VLOOKUP(A9,'Trust - Frontsheet'!$A$16:$AC$215,6,0)="","",VLOOKUP(A9,'Trust - Frontsheet'!$A$16:$AC$216,6,0)) -> Greyfriars | E9: {=IF(OR(SUMPRODUCT(--(ISTEXT('Trust - Frontsheet'!I18:AC18)))>0,SUMPRODUCT(--(ISERROR('Trust - Frontsheet'!AD18:AT18)))>0),"There is invalid data on this row",IF(SUMPRODUCT(--('Trust - Frontsheet'!I18:AC18<0))>0,"This row contains negative values",IF(AND(L9="This is a blank Row",COUNTBLANK(INDIRECT("L" & ROW() + 1 & ":L" & 206))>0),"No blank rows in the data","")))} | F9: =IF(A9 = "","",IF('Trust - Frontsheet'!D18="", "Site code not present","")) | G9: =IF('Trust - Frontsheet'!D18="","",IF(VLOOKUP(A9,'Trust - Frontsheet'!$A$16:$AC$215,6,0)="","Ward name not present","")) | H9: =IF(A9="","",IF(VLOOKUP(A9,'Trust - Frontsheet'!$A$16:$AC$215,7,0)="","Specialty 1 has not been selected","")) | I9: =IF(A9="","",IF(OR(COUNTIF(Specialties,VLOOKUP(A9,'Trust - Frontsheet'!$A$16:$AC$215,7,0))=0, AND(COUNTIF(Specialties,VLOOKUP(A9,'Trust - Frontsheet'!$A$16:$AC$215,8,0))=0,VLOOKUP(A9,'Trust - Frontsheet'!$A$16:$AC$215,8,0)<>"")),"You have entered unacceptable specialties.","")) | K9: =IF(A9="","",IF(COUNTIF($A$7:$A$206,A9)>1,"You have entered a duplicate site-ward pair","")) | L9: {=IF(SUMPRODUCT(--('Trust - Frontsheet'!$D18:$AC18=""))<>26,"","This is a blank row")}
A10: =IF('Trust - Frontsheet'!A19="","",'Trust - Frontsheet'!A19) -> RTQ02Kingsholm | B10: =IF('Trust - Frontsheet'!A19="","",'Trust - Frontsheet'!D19) -> RTQ02 | C10: =IF(VLOOKUP(A10,'Trust - Frontsheet'!$A$16:$AC$215,5,0)="","",VLOOKUP(A10,'Trust - Frontsheet'!$A$16:$AC$216,5,0)) -> WOTTON LAWN HOSPITAL | D10: =IF(VLOOKUP(A10,'Trust - Frontsheet'!$A$16:$AC$215,6,0)="","",VLOOKUP(A10,'Trust - Frontsheet'!$A$16:$AC$216,6,0)) -> Kingsholm | E10: {=IF(OR(SUMPRODUCT(--(ISTEXT('Trust - Frontsheet'!I19:AC19)))>0,SUMPRODUCT(--(ISERROR('Trust - Frontsheet'!AD19:AT19)))>0),"There is invalid data on this row",IF(SUMPRODUCT(--('Trust - Frontsheet'!I19:AC19<0))>0,"This row contains negative values",IF(AND(L10="This is a blank Row",COUNTBLANK(INDIRECT("L" & ROW() + 1 & ":L" & 206))>0),"No blank rows in the data","")))} | F10: =IF(A10 = "","",IF('Trust - Frontsheet'!D19="", "Site code not present","")) | G10: =IF('Trust - Frontsheet'!D19="","",IF(VLOOKUP(A10,'Trust - Frontsheet'!$A$16:$AC$215,6,0)="","Ward name not present","")) | H10: =IF(A10="","",IF(VLOOKUP(A10,'Trust - Frontsheet'!$A$16:$AC$215,7,0)="","Specialty 1 has not been selected","")) | I10: =IF(A10="","",IF(OR(COUNTIF(Specialties,VLOOKUP(A10,'Trust - Frontsheet'!$A$16:$AC$215,7,0))=0, AND(COUNTIF(Specialties,VLOOKUP(A10,'Trust - Frontsheet'!$A$16:$AC$215,8,0))=0,VLOOKUP(A10,'Trust - Frontsheet'!$A$16:$AC$215,8,0)<>"")),"You have entered unacceptable specialties.","")) | K10: =IF(A10="","",IF(COUNTIF($A$7:$A$206,A10)>1,"You have entered a duplicate site-ward pair","")) | L10: {=IF(SUMPRODUCT(--('Trust - Frontsheet'!$D19:$AC19=""))<>26,"","This is a blank row")}
A11: =IF('Trust - Frontsheet'!A20="","",'Trust - Frontsheet'!A20) -> RTQ02Montpellier | B11: =IF('Trust - Frontsheet'!A20="","",'Trust - Frontsheet'!D20) -> RTQ02 | C11: =IF(VLOOKUP(A11,'Trust - Frontsheet'!$A$16:$AC$215,5,0)="","",VLOOKUP(A11,'Trust - Frontsheet'!$A$16:$AC$216,5,0)) -> WOTTON LAWN HOSPITAL | D11: =IF(VLOOKUP(A11,'Trust - Frontsheet'!$A$16:$AC$215,6,0)="","",VLOOKUP(A11,'Trust - Frontsheet'!$A$16:$AC$216,6,0)) -> Montpellier | E11: {=IF(OR(SUMPRODUCT(--(ISTEXT('Trust - Frontsheet'!I20:AC20)))>0,SUMPRODUCT(--(ISERROR('Trust - Frontsheet'!AD20:AT20)))>0),"There is invalid data on this row",IF(SUMPRODUCT(--('Trust - Frontsheet'!I20:AC20<0))>0,"This row contains negative values",IF(AND(L11="This is a blank Row",COUNTBLANK(INDIRECT("L" & ROW() + 1 & ":L" & 206))>0),"No blank rows in the data","")))} | F11: =IF(A11 = "","",IF('Trust - Frontsheet'!D20="", "Site code not present","")) | G11: =IF('Trust - Frontsheet'!D20="","",IF(VLOOKUP(A11,'Trust - Frontsheet'!$A$16:$AC$215,6,0)="","Ward name not present","")) | H11: =IF(A11="","",IF(VLOOKUP(A11,'Trust - Frontsheet'!$A$16:$AC$215,7,0)="","Specialty 1 has not been selected","")) | I11: =IF(A11="","",IF(OR(COUNTIF(Specialties,VLOOKUP(A11,'Trust - Frontsheet'!$A$16:$AC$215,7,0))=0, AND(COUNTIF(Specialties,VLOOKUP(A11,'Trust - Frontsheet'!$A$16:$AC$215,8,0))=0,VLOOKUP(A11,'Trust - Frontsheet'!$A$16:$AC$215,8,0)<>"")),"You have entered unacceptable specialties.","")) | K11: =IF(A11="","",IF(COUNTIF($A$7:$A$206,A11)>1,"You have entered a duplicate site-ward pair","")) | L11: {=IF(SUMPRODUCT(--('Trust - Frontsheet'!$D20:$AC20=""))<>26,"","This is a blank row")}
A12: =IF('Trust - Frontsheet'!A21="","",'Trust - Frontsheet'!A21) -> RTQ02Priory | B12: =IF('Trust - Frontsheet'!A21="","",'Trust - Frontsheet'!D21) -> RTQ02 | C12: =IF(VLOOKUP(A12,'Trust - Frontsheet'!$A$16:$AC$215,5,0)="","",VLOOKUP(A12,'Trust - Frontsheet'!$A$16:$AC$216,5,0)) -> WOTTON LAWN HOSPITAL | D12: =IF(VLOOKUP(A12,'Trust - Frontsheet'!$A$16:$AC$215,6,0)="","",VLOOKUP(A12,'Trust - Frontsheet'!$A$16:$AC$216,6,0)) -> Priory | E12: {=IF(OR(SUMPRODUCT(--(ISTEXT('Trust - Frontsheet'!I21:AC21)))>0,SUMPRODUCT(--(ISERROR('Trust - Frontsheet'!AD21:AT21)))>0),"There is invalid data on this row",IF(SUMPRODUCT(--('Trust - Frontsheet'!I21:AC21<0))>0,"This row contains negative values",IF(AND(L12="This is a blank Row",COUNTBLANK(INDIRECT("L" & ROW() + 1 & ":L" & 206))>0),"No blank rows in the data","")))} | F12: =IF(A12 = "","",IF('Trust - Frontsheet'!D21="", "Site code not present","")) | G12: =IF('Trust - Frontsheet'!D21="","",IF(VLOOKUP(A12,'Trust - Frontsheet'!$A$16:$AC$215,6,0)="","Ward name not present","")) | H12: =IF(A12="","",IF(VLOOKUP(A12,'Trust - Frontsheet'!$A$16:$AC$215,7,0)="","Specialty 1 has not been selected","")) | I12: =IF(A12="","",IF(OR(COUNTIF(Specialties,VLOOKUP(A12,'Trust - Frontsheet'!$A$16:$AC$215,7,0))=0, AND(COUNTIF(Specialties,VLOOKUP(A12,'Trust - Frontsheet'!$A$16:$AC$215,8,0))=0,VLOOKUP(A12,'Trust - Frontsheet'!$A$16:$AC$215,8,0)<>"")),"You have entered unacceptable specialties.","")) | K12: =IF(A12="","",IF(COUNTIF($A$7:$A$206,A12)>1,"You have entered a duplicate site-ward pair","")) | L12: {=IF(SUMPRODUCT(--('Trust - Frontsheet'!$D21:$AC21=""))<>26,"","This is a blank row")}
A13: =IF('Trust - Frontsheet'!A22="","",'Trust - Frontsheet'!A22) -> RTQ01Chestnut | B13: =IF('Trust - Frontsheet'!A22="","",'Trust - Frontsheet'!D22) -> RTQ01 | C13: =IF(VLOOKUP(A13,'Trust - Frontsheet'!$A$16:$AC$215,5,0)="","",VLOOKUP(A13,'Trust - Frontsheet'!$A$16:$AC$216,5,0)) -> CHARLTON LANE HOSPITAL | D13: =IF(VLOOKUP(A13,'Trust - Frontsheet'!$A$16:$AC$215,6,0)="","",VLOOKUP(A13,'Trust - Frontsheet'!$A$16:$AC$216,6,0)) -> Chestnut | E13: {=IF(OR(SUMPRODUCT(--(ISTEXT('Trust - Frontsheet'!I22:AC22)))>0,SUMPRODUCT(--(ISERROR('Trust - Frontsheet'!AD22:AT22)))>0),"There is invalid data on this row",IF(SUMPRODUCT(--('Trust - Frontsheet'!I22:AC22<0))>0,"This row contains negative values",IF(AND(L13="This is a blank Row",COUNTBLANK(INDIRECT("L" & ROW() + 1 & ":L" & 206))>0),"No blank rows in the data","")))} | F13: =IF(A13 = "","",IF('Trust - Frontsheet'!D22="", "Site code not present","")) | G13: =IF('Trust - Frontsheet'!D22="","",IF(VLOOKUP(A13,'Trust - Frontsheet'!$A$16:$AC$215,6,0)="","Ward name not present","")) | H13: =IF(A13="","",IF(VLOOKUP(A13,'Trust - Frontsheet'!$A$16:$AC$215,7,0)="","Specialty 1 has not been selected","")) | I13: =IF(A13="","",IF(OR(COUNTIF(Specialties,VLOOKUP(A13,'Trust - Frontsheet'!$A$16:$AC$215,7,0))=0, AND(COUNTIF(Specialties,VLOOKUP(A13,'Trust - Frontsheet'!$A$16:$AC$215,8,0))=0,VLOOKUP(A13,'Trust - Frontsheet'!$A$16:$AC$215,8,0)<>"")),"You have entered unacceptable specialties.","")) | K13: =IF(A13="","",IF(COUNTIF($A$7:$A$206,A13)>1,"You have entered a duplicate site-ward pair","")) | L13: {=IF(SUMPRODUCT(--('Trust - Frontsheet'!$D22:$AC22=""))<>26,"","This is a blank row")}
A14: =IF('Trust - Frontsheet'!A23="","",'Trust - Frontsheet'!A23) -> RTQ01Mulberry | B14: =IF('Trust - Frontsheet'!A23="","",'Trust - Frontsheet'!D23) -> RTQ01 | C14: =IF(VLOOKUP(A14,'Trust - Frontsheet'!$A$16:$AC$215,5,0)="","",VLOOKUP(A14,'Trust - Frontsheet'!$A$16:$AC$216,5,0)) -> CHARLTON LANE HOSPITAL | D14: =IF(VLOOKUP(A14,'Trust - Frontsheet'!$A$16:$AC$215,6,0)="","",VLOOKUP(A14,'Trust - Frontsheet'!$A$16:$AC$216,6,0)) -> Mulberry | E14: {=IF(OR(SUMPRODUCT(--(ISTEXT('Trust - Frontsheet'!I23:AC23)))>0,SUMPRODUCT(--(ISERROR('Trust - Frontsheet'!AD23:AT23)))>0),"There is invalid data on this row",IF(SUMPRODUCT(--('Trust - Frontsheet'!I23:AC23<0))>0,"This row contains negative values",IF(AND(L14="This is a blank Row",COUNTBLANK(INDIRECT("L" & ROW() + 1 & ":L" & 206))>0),"No blank rows in the data","")))} | F14: =IF(A14 = "","",IF('Trust - Frontsheet'!D23="", "Site code not present","")) | G14: =IF('Trust - Frontsheet'!D23="","",IF(VLOOKUP(A14,'Trust - Frontsheet'!$A$16:$AC$215,6,0)="","Ward name not present","")) | H14: =IF(A14="","",IF(VLOOKUP(A14,'Trust - Frontsheet'!$A$16:$AC$215,7,0)="","Specialty 1 has not been selected","")) | I14: =IF(A14="","",IF(OR(COUNTIF(Specialties,VLOOKUP(A14,'Trust - Frontsheet'!$A$16:$AC$215,7,0))=0, AND(COUNTIF(Specialties,VLOOKUP(A14,'Trust - Frontsheet'!$A$16:$AC$215,8,0))=0,VLOOKUP(A14,'Trust - Frontsheet'!$A$16:$AC$215,8,0)<>"")),"You have entered unacceptable specialties.","")) | K14: =IF(A14="","",IF(COUNTIF($A$7:$A$206,A14)>1,"You have entered a duplicate site-ward pair","")) | L14: {=IF(SUMPRODUCT(--('Trust - Frontsheet'!$D23:$AC23=""))<>26,"","This is a blank row")}
A15: =IF('Trust - Frontsheet'!A24="","",'Trust - Frontsheet'!A24) -> RTQ01Willow | B15: =IF('Trust - Frontsheet'!A24="","",'Trust - Frontsheet'!D24) -> RTQ01 | C15: =IF(VLOOKUP(A15,'Trust - Frontsheet'!$A$16:$AC$215,5,0)="","",VLOOKUP(A15,'Trust - Frontsheet'!$A$16:$AC$216,5,0)) -> CHARLTON LANE HOSPITAL | D15: =IF(VLOOKUP(A15,'Trust - Frontsheet'!$A$16:$AC$215,6,0)="","",VLOOKUP(A15,'Trust - Frontsheet'!$A$16:$AC$216,6,0)) -> Willow | E15: {=IF(OR(SUMPRODUCT(--(ISTEXT('Trust - Frontsheet'!I24:AC24)))>0,SUMPRODUCT(--(ISERROR('Trust - Frontsheet'!AD24:AT24)))>0),"There is invalid data on this row",IF(SUMPRODUCT(--('Trust - Frontsheet'!I24:AC24<0))>0,"This row contains negative values",IF(AND(L15="This is a blank Row",COUNTBLANK(INDIRECT("L" & ROW() + 1 & ":L" & 206))>0),"No blank rows in the data","")))} | F15: =IF(A15 = "","",IF('Trust - Frontsheet'!D24="", "Site code not present","")) | G15: =IF('Trust - Frontsheet'!D24="","",IF(VLOOKUP(A15,'Trust - Frontsheet'!$A$16:$AC$215,6,0)="","Ward name not present","")) | H15: =IF(A15="","",IF(VLOOKUP(A15,'Trust - Frontsheet'!$A$16:$AC$215,7,0)="","Specialty 1 has not been selected","")) | I15: =IF(A15="","",IF(OR(COUNTIF(Specialties,VLOOKUP(A15,'Trust - Frontsheet'!$A$16:$AC$215,7,0))=0, AND(COUNTIF(Specialties,VLOOKUP(A15,'Trust - Frontsheet'!$A$16:$AC$215,8,0))=0,VLOOKUP(A15,'Trust - Frontsheet'!$A$16:$AC$215,8,0)<>"")),"You have entered unacceptable specialties.","")) | K15: =IF(A15="","",IF(COUNTIF($A$7:$A$206,A15)>1,"You have entered a duplicate site-ward pair","")) | L15: {=IF(SUMPRODUCT(--('Trust - Frontsheet'!$D24:$AC24=""))<>26,"","This is a blank row")}
A16: =IF('Trust - Frontsheet'!A25="","",'Trust - Frontsheet'!A25) -> RTQG1Laurel House | B16: =IF('Trust - Frontsheet'!A25="","",'Trust - Frontsheet'!D25) -> RTQG1 | C16: =IF(VLOOKUP(A16,'Trust - Frontsheet'!$A$16:$AC$215,5,0)="","",VLOOKUP(A16,'Trust - Frontsheet'!$A$16:$AC$216,5,0)) -> LAUREL HOUSE | D16: =IF(VLOOKUP(A16,'Trust - Frontsheet'!$A$16:$AC$215,6,0)="","",VLOOKUP(A16,'Trust - Frontsheet'!$A$16:$AC$216,6,0)) -> Laurel House | E16: {=IF(OR(SUMPRODUCT(--(ISTEXT('Trust - Frontsheet'!I25:AC25)))>0,SUMPRODUCT(--(ISERROR('Trust - Frontsheet'!AD25:AT25)))>0),"There is invalid data on this row",IF(SUMPRODUCT(--('Trust - Frontsheet'!I25:AC25<0))>0,"This row contains negative values",IF(AND(L16="This is a blank Row",COUNTBLANK(INDIRECT("L" & ROW() + 1 & ":L" & 206))>0),"No blank rows in the data","")))} | F16: =IF(A16 = "","",IF('Trust - Frontsheet'!D25="", "Site code not present","")) | G16: =IF('Trust - Frontsheet'!D25="","",IF(VLOOKUP(A16,'Trust - Frontsheet'!$A$16:$AC$215,6,0)="","Ward name not present","")) | H16: =IF(A16="","",IF(VLOOKUP(A16,'Trust - Frontsheet'!$A$16:$AC$215,7,0)="","Specialty 1 has not been selected","")) | I16: =IF(A16="","",IF(OR(COUNTIF(Specialties,VLOOKUP(A16,'Trust - Frontsheet'!$A$16:$AC$215,7,0))=0, AND(COUNTIF(Specialties,VLOOKUP(A16,'Trust - Frontsheet'!$A$16:$AC$215,8,0))=0,VLOOKUP(A16,'Trust - Frontsheet'!$A$16:$AC$215,8,0)<>"")),"You have entered unacceptable specialties.","")) | K16: =IF(A16="","",IF(COUNTIF($A$7:$A$206,A16)>1,"You have entered a duplicate site-ward pair","")) | L16: {=IF(SUMPRODUCT(--('Trust - Frontsheet'!$D25:$AC25=""))<>26,"","This is a blank row")}
A17: =IF('Trust - Frontsheet'!A26="","",'Trust - Frontsheet'!A26) -> RTQ13Honeybourne | B17: =IF('Trust - Frontsheet'!A26="","",'Trust - Frontsheet'!D26) -> RTQ13 | C17: =IF(VLOOKUP(A17,'Trust - Frontsheet'!$A$16:$AC$215,5,0)="","",VLOOKUP(A17,'Trust - Frontsheet'!$A$16:$AC$216,5,0)) -> HONEYBOURNE | D17: =IF(VLOOKUP(A17,'Trust - Frontsheet'!$A$16:$AC$215,6,0)="","",VLOOKUP(A17,'Trust - Frontsheet'!$A$16:$AC$216,6,0)) -> Honeybourne | E17: {=IF(OR(SUMPRODUCT(--(ISTEXT('Trust - Frontsheet'!I26:AC26)))>0,SUMPRODUCT(--(ISERROR('Trust - Frontsheet'!AD26:AT26)))>0),"There is invalid data on this row",IF(SUMPRODUCT(--('Trust - Frontsheet'!I26:AC26<0))>0,"This row contains negative values",IF(AND(L17="This is a blank Row",COUNTBLANK(INDIRECT("L" & ROW() + 1 & ":L" & 206))>0),"No blank rows in the data","")))} | F17: =IF(A17 = "","",IF('Trust - Frontsheet'!D26="", "Site code not present","")) | G17: =IF('Trust - Frontsheet'!D26="","",IF(VLOOKUP(A17,'Trust - Frontsheet'!$A$16:$AC$215,6,0)="","Ward name not present","")) | H17: =IF(A17="","",IF(VLOOKUP(A17,'Trust - Frontsheet'!$A$16:$AC$215,7,0)="","Specialty 1 has not been selected","")) | I17: =IF(A17="","",IF(OR(COUNTIF(Specialties,VLOOKUP(A17,'Trust - Frontsheet'!$A$16:$AC$215,7,0))=0, AND(COUNTIF(Specialties,VLOOKUP(A17,'Trust - Frontsheet'!$A$16:$AC$215,8,0))=0,VLOOKUP(A17,'Trust - Frontsheet'!$A$16:$AC$215,8,0)<>"")),"You have entered unacceptable specialties.","")) | K17: =IF(A17="","",IF(COUNTIF($A$7:$A$206,A17)>1,"You have entered a duplicate site-ward pair","")) | L17: {=IF(SUMPRODUCT(--('Trust - Frontsheet'!$D26:$AC26=""))<>26,"","This is a blank row")}
A18: =IF('Trust - Frontsheet'!A27="","",'Trust - Frontsheet'!A27) -> RTQ54Berkeley House | B18: =IF('Trust - Frontsheet'!A27="","",'Trust - Frontsheet'!D27) -> RTQ54 | C18: =IF(VLOOKUP(A18,'Trust - Frontsheet'!$A$16:$AC$215,5,0)="","",VLOOKUP(A18,'Trust - Frontsheet'!$A$16:$AC$216,5,0)) -> BERKELEY HOUSE | D18: =IF(VLOOKUP(A18,'Trust - Frontsheet'!$A$16:$AC$215,6,0)="","",VLOOKUP(A18,'Trust - Frontsheet'!$A$16:$AC$216,6,0)) -> Berkeley House | E18: {=IF(OR(SUMPRODUCT(--(ISTEXT('Trust - Frontsheet'!I27:AC27)))>0,SUMPRODUCT(--(ISERROR('Trust - Frontsheet'!AD27:AT27)))>0),"There is invalid data on this row",IF(SUMPRODUCT(--('Trust - Frontsheet'!I27:AC27<0))>0,"This row contains negative values",IF(AND(L18="This is a blank Row",COUNTBLANK(INDIRECT("L" & ROW() + 1 & ":L" & 206))>0),"No blank rows in the data","")))} | F18: =IF(A18 = "","",IF('Trust - Frontsheet'!D27="", "Site code not present","")) | G18: =IF('Trust - Frontsheet'!D27="","",IF(VLOOKUP(A18,'Trust - Frontsheet'!$A$16:$AC$215,6,0)="","Ward name not present","")) | H18: =IF(A18="","",IF(VLOOKUP(A18,'Trust - Frontsheet'!$A$16:$AC$215,7,0)="","Specialty 1 has not been selected","")) | I18: =IF(A18="","",IF(OR(COUNTIF(Specialties,VLOOKUP(A18,'Trust - Frontsheet'!$A$16:$AC$215,7,0))=0, AND(COUNTIF(Specialties,VLOOKUP(A18,'Trust - Frontsheet'!$A$16:$AC$215,8,0))=0,VLOOKUP(A18,'Trust - Frontsheet'!$A$16:$AC$215,8,0)<>"")),"You have entered unacceptable specialties.","")) | K18: =IF(A18="","",IF(COUNTIF($A$7:$A$206,A18)>1,"You have entered a duplicate site-ward pair","")) | L18: {=IF(SUMPRODUCT(--('Trust - Frontsheet'!$D27:$AC27=""))<>26,"","This is a blank row")}
A19: =IF('Trust - Frontsheet'!A28="","",'Trust - Frontsheet'!A28) -> RTQ21Coln | B19: =IF('Trust - Frontsheet'!A28="","",'Trust - Frontsheet'!D28) -> RTQ21 | C19: =IF(VLOOKUP(A19,'Trust - Frontsheet'!$A$16:$AC$215,5,0)="","",VLOOKUP(A19,'Trust - Frontsheet'!$A$16:$AC$216,5,0)) -> CIRENCESTER HOSPITAL | D19: =IF(VLOOKUP(A19,'Trust - Frontsheet'!$A$16:$AC$215,6,0)="","",VLOOKUP(A19,'Trust - Frontsheet'!$A$16:$AC$216,6,0)) -> Coln | E19: {=IF(OR(SUMPRODUCT(--(ISTEXT('Trust - Frontsheet'!I28:AC28)))>0,SUMPRODUCT(--(ISERROR('Trust - Frontsheet'!AD28:AT28)))>0),"There is invalid data on this row",IF(SUMPRODUCT(--('Trust - Frontsheet'!I28:AC28<0))>0,"This row contains negative values",IF(AND(L19="This is a blank Row",COUNTBLANK(INDIRECT("L" & ROW() + 1 & ":L" & 206))>0),"No blank rows in the data","")))} | F19: =IF(A19 = "","",IF('Trust - Frontsheet'!D28="", "Site code not present","")) | G19: =IF('Trust - Frontsheet'!D28="","",IF(VLOOKUP(A19,'Trust - Frontsheet'!$A$16:$AC$215,6,0)="","Ward name not present","")) | H19: =IF(A19="","",IF(VLOOKUP(A19,'Trust - Frontsheet'!$A$16:$AC$215,7,0)="","Specialty 1 has not been selected","")) | I19: =IF(A19="","",IF(OR(COUNTIF(Specialties,VLOOKUP(A19,'Trust - Frontsheet'!$A$16:$AC$215,7,0))=0, AND(COUNTIF(Specialties,VLOOKUP(A19,'Trust - Frontsheet'!$A$16:$AC$215,8,0))=0,VLOOKUP(A19,'Trust - Frontsheet'!$A$16:$AC$215,8,0)<>"")),"You have entered unacceptable specialties.","")) | K19: =IF(A19="","",IF(COUNTIF($A$7:$A$206,A19)>1,"You have entered a duplicate site-ward pair","")) | L19: {=IF(SUMPRODUCT(--('Trust - Frontsheet'!$D28:$AC28=""))<>26,"","This is a blank row")}
... A205: =IF('Trust - Frontsheet'!A214="","",'Trust - Frontsheet'!A214) | B205: =IF('Trust - Frontsheet'!A214="","",'Trust - Frontsheet'!D214) | C205: =IF(VLOOKUP(A205,'Trust - Frontsheet'!$A$16:$AC$215,5,0)="","",VLOOKUP(A205,'Trust - Frontsheet'!$A$16:$AC$216,5,0)) | D205: =IF(VLOOKUP(A205,'Trust - Frontsheet'!$A$16:$AC$215,6,0)="","",VLOOKUP(A205,'Trust - Frontsheet'!$A$16:$AC$216,6,0)) | E205: {=IF(OR(SUMPRODUCT(--(ISTEXT('Trust - Frontsheet'!I214:AC214)))>0,SUMPRODUCT(--(ISERROR('Trust - Frontsheet'!AD214:AT214)))>0),"There is invalid data on this row",IF(SUMPRODUCT(--('Trust - Frontsheet'!I214:AC214<0))>0,"This row contains negative values",IF(AND(L205="This is a blank Row",COUNTBLANK(INDIRECT("L" & ROW() + 1 & ":L" & 206))>0),"No blank rows in the data","")))} | F205: =IF(A205 = "","",IF('Trust - Frontsheet'!D214="", "Site code not present","")) | G205: =IF('Trust - Frontsheet'!D214="","",IF(VLOOKUP(A205,'Trust - Frontsheet'!$A$16:$AC$215,6,0)="","Ward name not present","")) | H205: =IF(A205="","",IF(VLOOKUP(A205,'Trust - Frontsheet'!$A$16:$AC$215,7,0)="","Specialty 1 has not been selected","")) | I205: =IF(A205="","",IF(OR(COUNTIF(Specialties,VLOOKUP(A205,'Trust - Frontsheet'!$A$16:$AC$215,7,0))=0, AND(COUNTIF(Specialties,VLOOKUP(A205,'Trust - Frontsheet'!$A$16:$AC$215,8,0))=0,VLOOKUP(A205,'Trust - Frontsheet'!$A$16:$AC$215,8,0)<>"")),"You have entered unacceptable specialties.","")) | K205: =IF(A205="","",IF(COUNTIF($A$7:$A$206,A205)>1,"You have entered a duplicate site-ward pair","")) | L205: {=IF(SUMPRODUCT(--('Trust - Frontsheet'!$D214:$AC214=""))<>26,"","This is a blank row")} -> This is a blank row
A206: =IF('Trust - Frontsheet'!A215="","",'Trust - Frontsheet'!A215) | B206: =IF('Trust - Frontsheet'!A215="","",'Trust - Frontsheet'!D215) | C206: =IF(VLOOKUP(A206,'Trust - Frontsheet'!$A$16:$AC$215,5,0)="","",VLOOKUP(A206,'Trust - Frontsheet'!$A$16:$AC$216,5,0)) | D206: =IF(VLOOKUP(A206,'Trust - Frontsheet'!$A$16:$AC$215,6,0)="","",VLOOKUP(A206,'Trust - Frontsheet'!$A$16:$AC$216,6,0)) | E206: {=IF(OR(SUMPRODUCT(--(ISTEXT('Trust - Frontsheet'!I215:AC215)))>0,SUMPRODUCT(--(ISERROR('Trust - Frontsheet'!AD215:AT215)))>0),"There is invalid data on this row",IF(SUMPRODUCT(--('Trust - Frontsheet'!I215:AC215<0))>0,"This row contains negative values",""))} | F206: =IF(A206 = "","",IF('Trust - Frontsheet'!D215="", "Site code not present","")) | G206: =IF('Trust - Frontsheet'!D215="","",IF(VLOOKUP(A206,'Trust - Frontsheet'!$A$16:$AC$215,6,0)="","Ward name not present","")) | H206: =IF(A206="","",IF(VLOOKUP(A206,'Trust - Frontsheet'!$A$16:$AC$215,7,0)="","Specialty 1 has not been selected","")) | I206: =IF(A206="","",IF(OR(COUNTIF(Specialties,VLOOKUP(A206,'Trust - Frontsheet'!$A$16:$AC$215,7,0))=0, AND(COUNTIF(Specialties,VLOOKUP(A206,'Trust - Frontsheet'!$A$16:$AC$215,8,0))=0,VLOOKUP(A206,'Trust - Frontsheet'!$A$16:$AC$215,8,0)<>"")),"You have entered unacceptable specialties.","")) | K206: =IF(A206="","",IF(COUNTIF($A$7:$A$206,A206)>1,"You have entered a duplicate site-ward pair","")) | L206: {=IF(SUMPRODUCT(--('Trust - Frontsheet'!$D215:$AC215=""))<>26,"","This is a blank row")} -> This is a blank row

Sheet Warnings
B5: Trust - Level Warnings
B6: DAY - Registered Nurses/Midwives 80<x<150 (Trust level only) | C6: DAY - Non-registered Nurses/Midwives (care staff)80<x<150 (Trust level only) | D6: DAY - Registered Nursing Associates 80<x<150 (Trust level only) | E6: DAY - Non-Registered Nursing Associates80<x<150 (Trust level only) | F6: Night - Registered Nurses/Midwives 80<x<150 (Trust level only) | G6: Night - Non-registered Nurses/Midwives (care staff)80<x<150 (Trust level only) | H6: Night - Registered Nursing Associates 80<x<150 (Trust level only) | I6: Night - Non-Registered Nursing Associates80<x<150 (Trust level only) | J6: registered allied health professionals (AHP) 80<x<150 (Trust level only) | K6: non-registered allied health professionals (AHP) 80<x<150 (Trust level only)
B7: =IF(AND('Control Panel'!$E$6<>"",ISNUMBER('Trust - Frontsheet'!AK15),OR('Trust - Frontsheet'!AK15<0.8,'Trust - Frontsheet'!AK15>1.5)),"Registered Nurses/Midwives Avg Day Fill rate not between 80 and 150%","") | C7: =IF(AND('Control Panel'!$E$6<>"",ISNUMBER('Trust - Frontsheet'!AL15),OR('Trust - Frontsheet'!AL15<0.8,'Trust - Frontsheet'!AL15>1.5)),"Non-Registered Nurses/Midwives Avg Day Fill rate not between 80 and 150%","") | D7: =IF(AND('Control Panel'!$E$6<>"",ISNUMBER('Trust - Frontsheet'!AM15),OR('Trust - Frontsheet'!AM15<0.8,'Trust - Frontsheet'!AM15>1.5)),"Registered Nursing Associates Day Fill rate not between 80 and 150%","") | E7: =IF(AND('Control Panel'!$E$6<>"",ISNUMBER('Trust - Frontsheet'!AN15),OR('Trust - Frontsheet'!AN15<0.8,'Trust - Frontsheet'!AN15>1.5)),"Non-Registered Nursing Associates Day Fill rate not between 80 and 150%","") | F7: =IF(AND('Control Panel'!$E$6<>"",ISNUMBER('Trust - Frontsheet'!AO15),OR('Trust - Frontsheet'!AO15<0.8,'Trust - Frontsheet'!AO15>1.5)),"Registered Nurses/Midwives Avg Night Fill rate not between 80 and 150%","") | G7: =IF(AND('Control Panel'!$E$6<>"",ISNUMBER('Trust - Frontsheet'!AP15),OR('Trust - Frontsheet'!AP15<0.8,'Trust - Frontsheet'!AP15>1.5)),"Non-Registered Nurses/Midwives Avg Night Fill rate not between 80 and 150%","") | H7: =IF(AND('Control Panel'!$E$6<>"",ISNUMBER('Trust - Frontsheet'!AQ15),OR('Trust - Frontsheet'!AQ15<0.8,'Trust - Frontsheet'!AQ15>1.5)),"Registered Nursing Associates Avg Night Fill rate not between 80 and 150%","") | I7: =IF(AND('Control Panel'!$E$6<>"",ISNUMBER('Trust - Frontsheet'!AR15),OR('Trust - Frontsheet'!AR15<0.8,'Trust - Frontsheet'!AR15>1.5)),"Non-Registered Nursing Associates Avg Night Fill rate not between 80 and 150%","") | J7: =IF(AND('Control Panel'!$E$6<>"",ISNUMBER('Trust - Frontsheet'!AS15),OR('Trust - Frontsheet'!AS15<0.8,'Trust - Frontsheet'!AS15>1.5)),"Registered Allied Health Professionals Avg Fill rate not between 80 and 150%","") -> Registered Allied Health Professionals Avg Fill rate not between 80 and 150% | K7: =IF(AND('Control Panel'!$E$6<>"",ISNUMBER('Trust - Frontsheet'!AT15),OR('Trust - Frontsheet'!AT15<0.8,'Trust - Frontsheet'!AT15>1.5)),"Non-Registered Allied Health Professionals Avg Fill rate not between 80 and 150%","") -> Non-Registered Allied Health Professionals Avg Fill rate not between 80 and 150%
A10: Total Warnings per column
E11: {=SUM(--(LEN(E14:E213)>0))} -> 5 | F11: {=SUM(--(LEN(F14:F213)>0))} -> 10 | G11: {=SUM(--(LEN(G14:G213)>0))} -> 0 | H11: {=SUM(--(LEN(H14:H213)>0))} -> 0 | I11: {=SUM(--(LEN(I14:I213)>0))} -> 6 | J11: {=SUM(--(LEN(J14:J213)>0))} -> 12 | K11: {=SUM(--(LEN(K14:K213)>0))} -> 0 | L11: {=SUM(--(LEN(L14:L213)>0))} -> 0 | ... S11: {=SUM(--(LEN(S14:S213)>0))} -> 0
B12: Ward-Level Warnings
A13: Site-Ward Pair | B13: SiteCode | C13: Hospital Site Name | D13: Ward Name | E13: Day - Average fill rate - Registered Nurses/Midwives > 100 | F13: Day - Average fill rate - Non-registered Nurses/Midwives (care staff) > 100 | G13: Day - Average fill rate - Registered Nursing Associates (%) > 100 | H13: Day - Average fill rate - Non-Registered Nursing Associates (%) > 100 | I13: Night - Average fill rate - Registered Nurses/Midwives (%) > 100 | J13: Night - Average fill rate - Non-registered Nurses/Midwives (care staff) (%) > 100 | K13: Night - Average fill rate - Registered Nursing Associates (%) > 100 | L13: Night - Average fill rate - Non-Registered Nursing Associates (%) > 100 | M13: Average fill rate - registered allied health professionals (AHP) (%) > 100 | N13: Average fill rate - non-registered allied health professionals (AHP) (%) > 100 | O13: Planned Hours > 0 | P13: Actual Hours > 0 | Q13: Actual Hours < 1448 | R13: Actual Hours > 30,000 | S13: Submitted actual hours with zero patients
A14: =IF('Trust - Frontsheet'!A16="","",'Trust - Frontsheet'!A16) -> RTQ02Abbey | B14: =IF('Trust - Frontsheet'!A16="","",'Trust - Frontsheet'!D16) -> RTQ02 | C14: =IF(VLOOKUP(A14,'Trust - Frontsheet'!$A$16:$AC$215,5,0)="","",VLOOKUP(A14,'Trust - Frontsheet'!$A$16:$AC$216,5,0)) -> WOTTON LAWN HOSPITAL | D14: =IF(VLOOKUP(A14,'Trust - Frontsheet'!$A$16:$AC$215,6,0)="","",VLOOKUP(A14,'Trust - Frontsheet'!$A$16:$AC$216,6,0)) -> Abbey | E14: =IF(A14="","",IF(AND('Trust - Frontsheet'!AK16>1,ISNUMBER('Trust - Frontsheet'!AK16)),"Registered Nurses/Midwives Avg Day Fill rate > 100%","")) | F14: =IF(A14="","",IF(AND(ISNUMBER('Trust - Frontsheet'!AL16),'Trust - Frontsheet'!AL16>1),"Non-Registered Nurses/Midwives Avg Day Fill rate > 100%","")) -> Non-Registered Nurses/Midwives Avg Day Fill rate > 100% | G14: =IF(A14="","",IF(AND(ISNUMBER('Trust - Frontsheet'!AM16),'Trust - Frontsheet'!AM16>1),"Registered Nursing Associates Day Fill rate > 100%","")) | H14: =IF(A14="","",IF(AND(ISNUMBER('Trust - Frontsheet'!AN16),'Trust - Frontsheet'!AN16>1),"Non-Registered Nursing Associates Day Fill rate > 100%","")) | I14: =IF(A14="","",IF(AND(ISNUMBER('Trust - Frontsheet'!AO16),'Trust - Frontsheet'!AO16>1),"Registered Nurses/Midwives Avg Night Fill rate > 100%","")) -> Registered Nurses/Midwives Avg Night Fill rate > 100% | J14: =IF(A14="","",IF(AND(ISNUMBER('Trust - Frontsheet'!AP16),'Trust - Frontsheet'!AP16>1),"Non-Registered Nurses/Midwives Avg Night Fill rate >100%","")) -> Non-Registered Nurses/Midwives Avg Night Fill rate >100% | K14: =IF(A14="","",IF(AND(ISNUMBER('Trust - Frontsheet'!AQ16),'Trust - Frontsheet'!AQ16>1),"Registered Nursing Associates Avg Night Fill rate 100%","")) | L14: =IF(A14="","",IF(AND(ISNUMBER('Trust - Frontsheet'!AR16),'Trust - Frontsheet'!AR16>1),"Non-Registered Nursing Associates Avg Night Fill rate > 100%","")) | M14: =IF(A14="","",IF(AND(ISNUMBER('Trust - Frontsheet'!AS16),'Trust - Frontsheet'!AS16>1),"Registered Allied Health Professionals Avg Fill rate > 100%","")) | N14: =IF(A14="","",IF(AND(ISNUMBER('Trust - Frontsheet'!AT16),'Trust - Frontsheet'!AT16>1),"Non-Registered Allied Health Professionals Avg Fill rate > 100%","")) | O14: =IF(A14="","",IF((VLOOKUP(A14,'Trust - Frontsheet'!$A$16:$AC$216,9,0)+VLOOKUP(A14,'Trust - Frontsheet'!$A$16:$AC$216,11,0)+VLOOKUP(A14,'Trust - Frontsheet'!$A$16:$AC$216,13,0)+VLOOKUP(A14,'Trust - Frontsheet'!$A$16:$AC$216,15,0)+VLOOKUP(A14,'Trust - Frontsheet'!$A$16:$AC$216,17,0)+VLOOKUP(A14,'Trust - Frontsheet'!$A$16:$AC$216,19,0)+VLOOKUP(A14,'Trust - Frontsheet'!$A$16:$AC$216,21,0)+VLOOKUP(A14,'Trust - Frontsheet'!$A$16:$AC$216,23,0)+VLOOKUP(A14,'Trust - Frontsheet'!$A$16:$AC$216,25,0)+VLOOKUP(A14,'Trust - Frontsheet'!$A$16:$AC$216,27,0))<=0,"Planned hours aren't greater than zero","")) | P14: =IF(A14="","",IF((VLOOKUP(A14,'Trust - Frontsheet'!$A$16:$AC$216,10,0)+VLOOKUP(A14,'Trust - Frontsheet'!$A$16:$AC$216,12,0)+VLOOKUP(A14,'Trust - Frontsheet'!$A$16:$AC$216,14,0)+VLOOKUP(A14,'Trust - Frontsheet'!$A$16:$AC$216,16,0)+VLOOKUP(A14,'Trust - Frontsheet'!$A$16:$AC$216,18,0)+VLOOKUP(A14,'Trust - Frontsheet'!$A$16:$AC$216,20,0)+VLOOKUP(A14,'Trust - Frontsheet'!$A$16:$AC$216,22,0)+VLOOKUP(A14,'Trust - Frontsheet'!$A$16:$AC$216,24,0)+VLOOKUP(A14,'Trust - Frontsheet'!$A$16:$AC$216,26,0)+VLOOKUP(A14,'Trust - Frontsheet'!$A$16:$AC$216,28,0))<=0,"Actual hours aren't greater than zero","")) | Q14: =IF(A14="","",IF((VLOOKUP(A14,'Trust - Frontsheet'!$A$16:$AC$216,10,0)+VLOOKUP(A14,'Trust - Frontsheet'!$A$16:$AC$216,12,0)+VLOOKUP(A14,'Trust - Frontsheet'!$A$16:$AC$216,14,0)+VLOOKUP(A14,'Trust - Frontsheet'!$A$16:$AC$216,16,0)+VLOOKUP(A14,'Trust - Frontsheet'!$A$16:$AC$216,18,0)+VLOOKUP(A14,'Trust - Frontsheet'!$A$16:$AC$216,20,0)+VLOOKUP(A14,'Trust - Frontsheet'!$A$16:$AC$216,22,0)+VLOOKUP(A14,'Trust - Frontsheet'!$A$16:$AC$216,24,0)+VLOOKUP(A14,'Trust - Frontsheet'!$A$16:$AC$216,26,0)+VLOOKUP(A14,'Trust - Frontsheet'!$A$16:$AC$216,28,0))<1448,"Actual hours are under 1448","")) | R14: =IF(A14="","",IF((VLOOKUP(A14,'Trust - Frontsheet'!$A$16:$AC$216,10,0)+VLOOKUP(A14,'Trust - Frontsheet'!$A$16:$AC$216,12,0)+VLOOKUP(A14,'Trust - Frontsheet'!$A$16:$AC$216,14,0)+VLOOKUP(A14,'Trust - Frontsheet'!$A$16:$AC$216,16,0)+VLOOKUP(A14,'Trust - Frontsheet'!$A$16:$AC$216,18,0)+VLOOKUP(A14,'Trust - Frontsheet'!$A$16:$AC$216,20,0)+VLOOKUP(A14,'Trust - Frontsheet'!$A$16:$AC$216,22,0)+VLOOKUP(A14,'Trust - Frontsheet'!$A$16:$AC$216,24,0)+VLOOKUP(A14,'Trust - Frontsheet'!$A$16:$AC$216,26,0)+VLOOKUP(A14,'Trust - Frontsheet'!$A$16:$AC$216,28,0))>30000,"Actual hours are greater than 30,000","")) | S14: =IF(A14="","",IF(AND((VLOOKUP(A14,'Trust - Frontsheet'!$A$16:$AC$216,10,0)+VLOOKUP(A14,'Trust - Frontsheet'!$A$16:$AC$216,12,0)+VLOOKUP(A14,'Trust - Frontsheet'!$A$16:$AC$216,14,0)+VLOOKUP(A14,'Trust - Frontsheet'!$A$16:$AC$216,16,0)+VLOOKUP(A14,'Trust - Frontsheet'!$A$16:$AC$216,18,0)+VLOOKUP(A14,'Trust - Frontsheet'!$A$16:$AC$216,20,0)+VLOOKUP(A14,'Trust - Frontsheet'!$A$16:$AC$216,22,0)+VLOOKUP(A14,'Trust - Frontsheet'!$A$16:$AC$216,24,0)+VLOOKUP(A14,'Trust - Frontsheet'!$A$16:$AC$216,26,0)+VLOOKUP(A14,'Trust - Frontsheet'!$A$16:$AC$216,28,0))>0,VLOOKUP(A14,'Trust - Frontsheet'!$A$16:$AC$216,29,0)<=0),"Actual hours entered with no patient count",""))
A15: =IF('Trust - Frontsheet'!A17="","",'Trust - Frontsheet'!A17) -> RTQ02Dean | B15: =IF('Trust - Frontsheet'!A17="","",'Trust - Frontsheet'!D17) -> RTQ02 | C15: =IF(VLOOKUP(A15,'Trust - Frontsheet'!$A$16:$AC$215,5,0)="","",VLOOKUP(A15,'Trust - Frontsheet'!$A$16:$AC$216,5,0)) -> WOTTON LAWN HOSPITAL | D15: =IF(VLOOKUP(A15,'Trust - Frontsheet'!$A$16:$AC$215,6,0)="","",VLOOKUP(A15,'Trust - Frontsheet'!$A$16:$AC$216,6,0)) -> Dean | E15: =IF(A15="","",IF(AND('Trust - Frontsheet'!AK17>1,ISNUMBER('Trust - Frontsheet'!AK17)),"Registered Nurses/Midwives Avg Day Fill rate > 100%","")) | F15: =IF(A15="","",IF(AND(ISNUMBER('Trust - Frontsheet'!AL17),'Trust - Frontsheet'!AL17>1),"Non-Registered Nurses/Midwives Avg Day Fill rate > 100%","")) -> Non-Registered Nurses/Midwives Avg Day Fill rate > 100% | G15: =IF(A15="","",IF(AND(ISNUMBER('Trust - Frontsheet'!AM17),'Trust - Frontsheet'!AM17>1),"Registered Nursing Associates Day Fill rate > 100%","")) | H15: =IF(A15="","",IF(AND(ISNUMBER('Trust - Frontsheet'!AN17),'Trust - Frontsheet'!AN17>1),"Non-Registered Nursing Associates Day Fill rate > 100%","")) | I15: =IF(A15="","",IF(AND(ISNUMBER('Trust - Frontsheet'!AO17),'Trust - Frontsheet'!AO17>1),"Registered Nurses/Midwives Avg Night Fill rate > 100%","")) -> Registered Nurses/Midwives Avg Night Fill rate > 100% | J15: =IF(A15="","",IF(AND(ISNUMBER('Trust - Frontsheet'!AP17),'Trust - Frontsheet'!AP17>1),"Non-Registered Nurses/Midwives Avg Night Fill rate >100%","")) -> Non-Registered Nurses/Midwives Avg Night Fill rate >100% | K15: =IF(A15="","",IF(AND(ISNUMBER('Trust - Frontsheet'!AQ17),'Trust - Frontsheet'!AQ17>1),"Registered Nursing Associates Avg Night Fill rate 100%","")) | L15: =IF(A15="","",IF(AND(ISNUMBER('Trust - Frontsheet'!AR17),'Trust - Frontsheet'!AR17>1),"Non-Registered Nursing Associates Avg Night Fill rate > 100%","")) | M15: =IF(A15="","",IF(AND(ISNUMBER('Trust - Frontsheet'!AS17),'Trust - Frontsheet'!AS17>1),"Registered Allied Health Professionals Avg Fill rate > 100%","")) | N15: =IF(A15="","",IF(AND(ISNUMBER('Trust - Frontsheet'!AT17),'Trust - Frontsheet'!AT17>1),"Non-Registered Allied Health Professionals Avg Fill rate > 100%","")) | O15: =IF(A15="","",IF((VLOOKUP(A15,'Trust - Frontsheet'!$A$16:$AC$216,9,0)+VLOOKUP(A15,'Trust - Frontsheet'!$A$16:$AC$216,11,0)+VLOOKUP(A15,'Trust - Frontsheet'!$A$16:$AC$216,13,0)+VLOOKUP(A15,'Trust - Frontsheet'!$A$16:$AC$216,15,0)+VLOOKUP(A15,'Trust - Frontsheet'!$A$16:$AC$216,17,0)+VLOOKUP(A15,'Trust - Frontsheet'!$A$16:$AC$216,19,0)+VLOOKUP(A15,'Trust - Frontsheet'!$A$16:$AC$216,21,0)+VLOOKUP(A15,'Trust - Frontsheet'!$A$16:$AC$216,23,0)+VLOOKUP(A15,'Trust - Frontsheet'!$A$16:$AC$216,25,0)+VLOOKUP(A15,'Trust - Frontsheet'!$A$16:$AC$216,27,0))<=0,"Planned hours aren't greater than zero","")) | P15: =IF(A15="","",IF((VLOOKUP(A15,'Trust - Frontsheet'!$A$16:$AC$216,10,0)+VLOOKUP(A15,'Trust - Frontsheet'!$A$16:$AC$216,12,0)+VLOOKUP(A15,'Trust - Frontsheet'!$A$16:$AC$216,14,0)+VLOOKUP(A15,'Trust - Frontsheet'!$A$16:$AC$216,16,0)+VLOOKUP(A15,'Trust - Frontsheet'!$A$16:$AC$216,18,0)+VLOOKUP(A15,'Trust - Frontsheet'!$A$16:$AC$216,20,0)+VLOOKUP(A15,'Trust - Frontsheet'!$A$16:$AC$216,22,0)+VLOOKUP(A15,'Trust - Frontsheet'!$A$16:$AC$216,24,0)+VLOOKUP(A15,'Trust - Frontsheet'!$A$16:$AC$216,26,0)+VLOOKUP(A15,'Trust - Frontsheet'!$A$16:$AC$216,28,0))<=0,"Actual hours aren't greater than zero","")) | Q15: =IF(A15="","",IF((VLOOKUP(A15,'Trust - Frontsheet'!$A$16:$AC$216,10,0)+VLOOKUP(A15,'Trust - Frontsheet'!$A$16:$AC$216,12,0)+VLOOKUP(A15,'Trust - Frontsheet'!$A$16:$AC$216,14,0)+VLOOKUP(A15,'Trust - Frontsheet'!$A$16:$AC$216,16,0)+VLOOKUP(A15,'Trust - Frontsheet'!$A$16:$AC$216,18,0)+VLOOKUP(A15,'Trust - Frontsheet'!$A$16:$AC$216,20,0)+VLOOKUP(A15,'Trust - Frontsheet'!$A$16:$AC$216,22,0)+VLOOKUP(A15,'Trust - Frontsheet'!$A$16:$AC$216,24,0)+VLOOKUP(A15,'Trust - Frontsheet'!$A$16:$AC$216,26,0)+VLOOKUP(A15,'Trust - Frontsheet'!$A$16:$AC$216,28,0))<1448,"Actual hours are under 1448","")) | R15: =IF(A15="","",IF((VLOOKUP(A15,'Trust - Frontsheet'!$A$16:$AC$216,10,0)+VLOOKUP(A15,'Trust - Frontsheet'!$A$16:$AC$216,12,0)+VLOOKUP(A15,'Trust - Frontsheet'!$A$16:$AC$216,14,0)+VLOOKUP(A15,'Trust - Frontsheet'!$A$16:$AC$216,16,0)+VLOOKUP(A15,'Trust - Frontsheet'!$A$16:$AC$216,18,0)+VLOOKUP(A15,'Trust - Frontsheet'!$A$16:$AC$216,20,0)+VLOOKUP(A15,'Trust - Frontsheet'!$A$16:$AC$216,22,0)+VLOOKUP(A15,'Trust - Frontsheet'!$A$16:$AC$216,24,0)+VLOOKUP(A15,'Trust - Frontsheet'!$A$16:$AC$216,26,0)+VLOOKUP(A15,'Trust - Frontsheet'!$A$16:$AC$216,28,0))>30000,"Actual hours are greater than 30,000","")) | S15: =IF(A15="","",IF(AND((VLOOKUP(A15,'Trust - Frontsheet'!$A$16:$AC$216,10,0)+VLOOKUP(A15,'Trust - Frontsheet'!$A$16:$AC$216,12,0)+VLOOKUP(A15,'Trust - Frontsheet'!$A$16:$AC$216,14,0)+VLOOKUP(A15,'Trust - Frontsheet'!$A$16:$AC$216,16,0)+VLOOKUP(A15,'Trust - Frontsheet'!$A$16:$AC$216,18,0)+VLOOKUP(A15,'Trust - Frontsheet'!$A$16:$AC$216,20,0)+VLOOKUP(A15,'Trust - Frontsheet'!$A$16:$AC$216,22,0)+VLOOKUP(A15,'Trust - Frontsheet'!$A$16:$AC$216,24,0)+VLOOKUP(A15,'Trust - Frontsheet'!$A$16:$AC$216,26,0)+VLOOKUP(A15,'Trust - Frontsheet'!$A$16:$AC$216,28,0))>0,VLOOKUP(A15,'Trust - Frontsheet'!$A$16:$AC$216,29,0)<=0),"Actual hours entered with no patient count",""))
A16: =IF('Trust - Frontsheet'!A18="","",'Trust - Frontsheet'!A18) -> RTQ02Greyfriars | B16: =IF('Trust - Frontsheet'!A18="","",'Trust - Frontsheet'!D18) -> RTQ02 | C16: =IF(VLOOKUP(A16,'Trust - Frontsheet'!$A$16:$AC$215,5,0)="","",VLOOKUP(A16,'Trust - Frontsheet'!$A$16:$AC$216,5,0)) -> WOTTON LAWN HOSPITAL | D16: =IF(VLOOKUP(A16,'Trust - Frontsheet'!$A$16:$AC$215,6,0)="","",VLOOKUP(A16,'Trust - Frontsheet'!$A$16:$AC$216,6,0)) -> Greyfriars | E16: =IF(A16="","",IF(AND('Trust - Frontsheet'!AK18>1,ISNUMBER('Trust - Frontsheet'!AK18)),"Registered Nurses/Midwives Avg Day Fill rate > 100%","")) | F16: =IF(A16="","",IF(AND(ISNUMBER('Trust - Frontsheet'!AL18),'Trust - Frontsheet'!AL18>1),"Non-Registered Nurses/Midwives Avg Day Fill rate > 100%","")) -> Non-Registered Nurses/Midwives Avg Day Fill rate > 100% | G16: =IF(A16="","",IF(AND(ISNUMBER('Trust - Frontsheet'!AM18),'Trust - Frontsheet'!AM18>1),"Registered Nursing Associates Day Fill rate > 100%","")) | H16: =IF(A16="","",IF(AND(ISNUMBER('Trust - Frontsheet'!AN18),'Trust - Frontsheet'!AN18>1),"Non-Registered Nursing Associates Day Fill rate > 100%","")) | I16: =IF(A16="","",IF(AND(ISNUMBER('Trust - Frontsheet'!AO18),'Trust - Frontsheet'!AO18>1),"Registered Nurses/Midwives Avg Night Fill rate > 100%","")) | J16: =IF(A16="","",IF(AND(ISNUMBER('Trust - Frontsheet'!AP18),'Trust - Frontsheet'!AP18>1),"Non-Registered Nurses/Midwives Avg Night Fill rate >100%","")) -> Non-Registered Nurses/Midwives Avg Night Fill rate >100% | K16: =IF(A16="","",IF(AND(ISNUMBER('Trust - Frontsheet'!AQ18),'Trust - Frontsheet'!AQ18>1),"Registered Nursing Associates Avg Night Fill rate 100%","")) | L16: =IF(A16="","",IF(AND(ISNUMBER('Trust - Frontsheet'!AR18),'Trust - Frontsheet'!AR18>1),"Non-Registered Nursing Associates Avg Night Fill rate > 100%","")) | M16: =IF(A16="","",IF(AND(ISNUMBER('Trust - Frontsheet'!AS18),'Trust - Frontsheet'!AS18>1),"Registered Allied Health Professionals Avg Fill rate > 100%","")) | N16: =IF(A16="","",IF(AND(ISNUMBER('Trust - Frontsheet'!AT18),'Trust - Frontsheet'!AT18>1),"Non-Registered Allied Health Professionals Avg Fill rate > 100%","")) | O16: =IF(A16="","",IF((VLOOKUP(A16,'Trust - Frontsheet'!$A$16:$AC$216,9,0)+VLOOKUP(A16,'Trust - Frontsheet'!$A$16:$AC$216,11,0)+VLOOKUP(A16,'Trust - Frontsheet'!$A$16:$AC$216,13,0)+VLOOKUP(A16,'Trust - Frontsheet'!$A$16:$AC$216,15,0)+VLOOKUP(A16,'Trust - Frontsheet'!$A$16:$AC$216,17,0)+VLOOKUP(A16,'Trust - Frontsheet'!$A$16:$AC$216,19,0)+VLOOKUP(A16,'Trust - Frontsheet'!$A$16:$AC$216,21,0)+VLOOKUP(A16,'Trust - Frontsheet'!$A$16:$AC$216,23,0)+VLOOKUP(A16,'Trust - Frontsheet'!$A$16:$AC$216,25,0)+VLOOKUP(A16,'Trust - Frontsheet'!$A$16:$AC$216,27,0))<=0,"Planned hours aren't greater than zero","")) | P16: =IF(A16="","",IF((VLOOKUP(A16,'Trust - Frontsheet'!$A$16:$AC$216,10,0)+VLOOKUP(A16,'Trust - Frontsheet'!$A$16:$AC$216,12,0)+VLOOKUP(A16,'Trust - Frontsheet'!$A$16:$AC$216,14,0)+VLOOKUP(A16,'Trust - Frontsheet'!$A$16:$AC$216,16,0)+VLOOKUP(A16,'Trust - Frontsheet'!$A$16:$AC$216,18,0)+VLOOKUP(A16,'Trust - Frontsheet'!$A$16:$AC$216,20,0)+VLOOKUP(A16,'Trust - Frontsheet'!$A$16:$AC$216,22,0)+VLOOKUP(A16,'Trust - Frontsheet'!$A$16:$AC$216,24,0)+VLOOKUP(A16,'Trust - Frontsheet'!$A$16:$AC$216,26,0)+VLOOKUP(A16,'Trust - Frontsheet'!$A$16:$AC$216,28,0))<=0,"Actual hours aren't greater than zero","")) | Q16: =IF(A16="","",IF((VLOOKUP(A16,'Trust - Frontsheet'!$A$16:$AC$216,10,0)+VLOOKUP(A16,'Trust - Frontsheet'!$A$16:$AC$216,12,0)+VLOOKUP(A16,'Trust - Frontsheet'!$A$16:$AC$216,14,0)+VLOOKUP(A16,'Trust - Frontsheet'!$A$16:$AC$216,16,0)+VLOOKUP(A16,'Trust - Frontsheet'!$A$16:$AC$216,18,0)+VLOOKUP(A16,'Trust - Frontsheet'!$A$16:$AC$216,20,0)+VLOOKUP(A16,'Trust - Frontsheet'!$A$16:$AC$216,22,0)+VLOOKUP(A16,'Trust - Frontsheet'!$A$16:$AC$216,24,0)+VLOOKUP(A16,'Trust - Frontsheet'!$A$16:$AC$216,26,0)+VLOOKUP(A16,'Trust - Frontsheet'!$A$16:$AC$216,28,0))<1448,"Actual hours are under 1448","")) | R16: =IF(A16="","",IF((VLOOKUP(A16,'Trust - Frontsheet'!$A$16:$AC$216,10,0)+VLOOKUP(A16,'Trust - Frontsheet'!$A$16:$AC$216,12,0)+VLOOKUP(A16,'Trust - Frontsheet'!$A$16:$AC$216,14,0)+VLOOKUP(A16,'Trust - Frontsheet'!$A$16:$AC$216,16,0)+VLOOKUP(A16,'Trust - Frontsheet'!$A$16:$AC$216,18,0)+VLOOKUP(A16,'Trust - Frontsheet'!$A$16:$AC$216,20,0)+VLOOKUP(A16,'Trust - Frontsheet'!$A$16:$AC$216,22,0)+VLOOKUP(A16,'Trust - Frontsheet'!$A$16:$AC$216,24,0)+VLOOKUP(A16,'Trust - Frontsheet'!$A$16:$AC$216,26,0)+VLOOKUP(A16,'Trust - Frontsheet'!$A$16:$AC$216,28,0))>30000,"Actual hours are greater than 30,000","")) | S16: =IF(A16="","",IF(AND((VLOOKUP(A16,'Trust - Frontsheet'!$A$16:$AC$216,10,0)+VLOOKUP(A16,'Trust - Frontsheet'!$A$16:$AC$216,12,0)+VLOOKUP(A16,'Trust - Frontsheet'!$A$16:$AC$216,14,0)+VLOOKUP(A16,'Trust - Frontsheet'!$A$16:$AC$216,16,0)+VLOOKUP(A16,'Trust - Frontsheet'!$A$16:$AC$216,18,0)+VLOOKUP(A16,'Trust - Frontsheet'!$A$16:$AC$216,20,0)+VLOOKUP(A16,'Trust - Frontsheet'!$A$16:$AC$216,22,0)+VLOOKUP(A16,'Trust - Frontsheet'!$A$16:$AC$216,24,0)+VLOOKUP(A16,'Trust - Frontsheet'!$A$16:$AC$216,26,0)+VLOOKUP(A16,'Trust - Frontsheet'!$A$16:$AC$216,28,0))>0,VLOOKUP(A16,'Trust - Frontsheet'!$A$16:$AC$216,29,0)<=0),"Actual hours entered with no patient count",""))
A17: =IF('Trust - Frontsheet'!A19="","",'Trust - Frontsheet'!A19) -> RTQ02Kingsholm | B17: =IF('Trust - Frontsheet'!A19="","",'Trust - Frontsheet'!D19) -> RTQ02 | C17: =IF(VLOOKUP(A17,'Trust - Frontsheet'!$A$16:$AC$215,5,0)="","",VLOOKUP(A17,'Trust - Frontsheet'!$A$16:$AC$216,5,0)) -> WOTTON LAWN HOSPITAL | D17: =IF(VLOOKUP(A17,'Trust - Frontsheet'!$A$16:$AC$215,6,0)="","",VLOOKUP(A17,'Trust - Frontsheet'!$A$16:$AC$216,6,0)) -> Kingsholm | E17: =IF(A17="","",IF(AND('Trust - Frontsheet'!AK19>1,ISNUMBER('Trust - Frontsheet'!AK19)),"Registered Nurses/Midwives Avg Day Fill rate > 100%","")) | F17: =IF(A17="","",IF(AND(ISNUMBER('Trust - Frontsheet'!AL19),'Trust - Frontsheet'!AL19>1),"Non-Registered Nurses/Midwives Avg Day Fill rate > 100%","")) -> Non-Registered Nurses/Midwives Avg Day Fill rate > 100% | G17: =IF(A17="","",IF(AND(ISNUMBER('Trust - Frontsheet'!AM19),'Trust - Frontsheet'!AM19>1),"Registered Nursing Associates Day Fill rate > 100%","")) | H17: =IF(A17="","",IF(AND(ISNUMBER('Trust - Frontsheet'!AN19),'Trust - Frontsheet'!AN19>1),"Non-Registered Nursing Associates Day Fill rate > 100%","")) | I17: =IF(A17="","",IF(AND(ISNUMBER('Trust - Frontsheet'!AO19),'Trust - Frontsheet'!AO19>1),"Registered Nurses/Midwives Avg Night Fill rate > 100%","")) | J17: =IF(A17="","",IF(AND(ISNUMBER('Trust - Frontsheet'!AP19),'Trust - Frontsheet'!AP19>1),"Non-Registered Nurses/Midwives Avg Night Fill rate >100%","")) -> Non-Registered Nurses/Midwives Avg Night Fill rate >100% | K17: =IF(A17="","",IF(AND(ISNUMBER('Trust - Frontsheet'!AQ19),'Trust - Frontsheet'!AQ19>1),"Registered Nursing Associates Avg Night Fill rate 100%","")) | L17: =IF(A17="","",IF(AND(ISNUMBER('Trust - Frontsheet'!AR19),'Trust - Frontsheet'!AR19>1),"Non-Registered Nursing Associates Avg Night Fill rate > 100%","")) | M17: =IF(A17="","",IF(AND(ISNUMBER('Trust - Frontsheet'!AS19),'Trust - Frontsheet'!AS19>1),"Registered Allied Health Professionals Avg Fill rate > 100%","")) | N17: =IF(A17="","",IF(AND(ISNUMBER('Trust - Frontsheet'!AT19),'Trust - Frontsheet'!AT19>1),"Non-Registered Allied Health Professionals Avg Fill rate > 100%","")) | O17: =IF(A17="","",IF((VLOOKUP(A17,'Trust - Frontsheet'!$A$16:$AC$216,9,0)+VLOOKUP(A17,'Trust - Frontsheet'!$A$16:$AC$216,11,0)+VLOOKUP(A17,'Trust - Frontsheet'!$A$16:$AC$216,13,0)+VLOOKUP(A17,'Trust - Frontsheet'!$A$16:$AC$216,15,0)+VLOOKUP(A17,'Trust - Frontsheet'!$A$16:$AC$216,17,0)+VLOOKUP(A17,'Trust - Frontsheet'!$A$16:$AC$216,19,0)+VLOOKUP(A17,'Trust - Frontsheet'!$A$16:$AC$216,21,0)+VLOOKUP(A17,'Trust - Frontsheet'!$A$16:$AC$216,23,0)+VLOOKUP(A17,'Trust - Frontsheet'!$A$16:$AC$216,25,0)+VLOOKUP(A17,'Trust - Frontsheet'!$A$16:$AC$216,27,0))<=0,"Planned hours aren't greater than zero","")) | P17: =IF(A17="","",IF((VLOOKUP(A17,'Trust - Frontsheet'!$A$16:$AC$216,10,0)+VLOOKUP(A17,'Trust - Frontsheet'!$A$16:$AC$216,12,0)+VLOOKUP(A17,'Trust - Frontsheet'!$A$16:$AC$216,14,0)+VLOOKUP(A17,'Trust - Frontsheet'!$A$16:$AC$216,16,0)+VLOOKUP(A17,'Trust - Frontsheet'!$A$16:$AC$216,18,0)+VLOOKUP(A17,'Trust - Frontsheet'!$A$16:$AC$216,20,0)+VLOOKUP(A17,'Trust - Frontsheet'!$A$16:$AC$216,22,0)+VLOOKUP(A17,'Trust - Frontsheet'!$A$16:$AC$216,24,0)+VLOOKUP(A17,'Trust - Frontsheet'!$A$16:$AC$216,26,0)+VLOOKUP(A17,'Trust - Frontsheet'!$A$16:$AC$216,28,0))<=0,"Actual hours aren't greater than zero","")) | Q17: =IF(A17="","",IF((VLOOKUP(A17,'Trust - Frontsheet'!$A$16:$AC$216,10,0)+VLOOKUP(A17,'Trust - Frontsheet'!$A$16:$AC$216,12,0)+VLOOKUP(A17,'Trust - Frontsheet'!$A$16:$AC$216,14,0)+VLOOKUP(A17,'Trust - Frontsheet'!$A$16:$AC$216,16,0)+VLOOKUP(A17,'Trust - Frontsheet'!$A$16:$AC$216,18,0)+VLOOKUP(A17,'Trust - Frontsheet'!$A$16:$AC$216,20,0)+VLOOKUP(A17,'Trust - Frontsheet'!$A$16:$AC$216,22,0)+VLOOKUP(A17,'Trust - Frontsheet'!$A$16:$AC$216,24,0)+VLOOKUP(A17,'Trust - Frontsheet'!$A$16:$AC$216,26,0)+VLOOKUP(A17,'Trust - Frontsheet'!$A$16:$AC$216,28,0))<1448,"Actual hours are under 1448","")) | R17: =IF(A17="","",IF((VLOOKUP(A17,'Trust - Frontsheet'!$A$16:$AC$216,10,0)+VLOOKUP(A17,'Trust - Frontsheet'!$A$16:$AC$216,12,0)+VLOOKUP(A17,'Trust - Frontsheet'!$A$16:$AC$216,14,0)+VLOOKUP(A17,'Trust - Frontsheet'!$A$16:$AC$216,16,0)+VLOOKUP(A17,'Trust - Frontsheet'!$A$16:$AC$216,18,0)+VLOOKUP(A17,'Trust - Frontsheet'!$A$16:$AC$216,20,0)+VLOOKUP(A17,'Trust - Frontsheet'!$A$16:$AC$216,22,0)+VLOOKUP(A17,'Trust - Frontsheet'!$A$16:$AC$216,24,0)+VLOOKUP(A17,'Trust - Frontsheet'!$A$16:$AC$216,26,0)+VLOOKUP(A17,'Trust - Frontsheet'!$A$16:$AC$216,28,0))>30000,"Actual hours are greater than 30,000","")) | S17: =IF(A17="","",IF(AND((VLOOKUP(A17,'Trust - Frontsheet'!$A$16:$AC$216,10,0)+VLOOKUP(A17,'Trust - Frontsheet'!$A$16:$AC$216,12,0)+VLOOKUP(A17,'Trust - Frontsheet'!$A$16:$AC$216,14,0)+VLOOKUP(A17,'Trust - Frontsheet'!$A$16:$AC$216,16,0)+VLOOKUP(A17,'Trust - Frontsheet'!$A$16:$AC$216,18,0)+VLOOKUP(A17,'Trust - Frontsheet'!$A$16:$AC$216,20,0)+VLOOKUP(A17,'Trust - Frontsheet'!$A$16:$AC$216,22,0)+VLOOKUP(A17,'Trust - Frontsheet'!$A$16:$AC$216,24,0)+VLOOKUP(A17,'Trust - Frontsheet'!$A$16:$AC$216,26,0)+VLOOKUP(A17,'Trust - Frontsheet'!$A$16:$AC$216,28,0))>0,VLOOKUP(A17,'Trust - Frontsheet'!$A$16:$AC$216,29,0)<=0),"Actual hours entered with no patient count",""))
A18: =IF('Trust - Frontsheet'!A20="","",'Trust - Frontsheet'!A20) -> RTQ02Montpellier | B18: =IF('Trust - Frontsheet'!A20="","",'Trust - Frontsheet'!D20) -> RTQ02 | C18: =IF(VLOOKUP(A18,'Trust - Frontsheet'!$A$16:$AC$215,5,0)="","",VLOOKUP(A18,'Trust - Frontsheet'!$A$16:$AC$216,5,0)) -> WOTTON LAWN HOSPITAL | D18: =IF(VLOOKUP(A18,'Trust - Frontsheet'!$A$16:$AC$215,6,0)="","",VLOOKUP(A18,'Trust - Frontsheet'!$A$16:$AC$216,6,0)) -> Montpellier | E18: =IF(A18="","",IF(AND('Trust - Frontsheet'!AK20>1,ISNUMBER('Trust - Frontsheet'!AK20)),"Registered Nurses/Midwives Avg Day Fill rate > 100%","")) | F18: =IF(A18="","",IF(AND(ISNUMBER('Trust - Frontsheet'!AL20),'Trust - Frontsheet'!AL20>1),"Non-Registered Nurses/Midwives Avg Day Fill rate > 100%","")) | G18: =IF(A18="","",IF(AND(ISNUMBER('Trust - Frontsheet'!AM20),'Trust - Frontsheet'!AM20>1),"Registered Nursing Associates Day Fill rate > 100%","")) | H18: =IF(A18="","",IF(AND(ISNUMBER('Trust - Frontsheet'!AN20),'Trust - Frontsheet'!AN20>1),"Non-Registered Nursing Associates Day Fill rate > 100%","")) | I18: =IF(A18="","",IF(AND(ISNUMBER('Trust - Frontsheet'!AO20),'Trust - Frontsheet'!AO20>1),"Registered Nurses/Midwives Avg Night Fill rate > 100%","")) | J18: =IF(A18="","",IF(AND(ISNUMBER('Trust - Frontsheet'!AP20),'Trust - Frontsheet'!AP20>1),"Non-Registered Nurses/Midwives Avg Night Fill rate >100%","")) | K18: =IF(A18="","",IF(AND(ISNUMBER('Trust - Frontsheet'!AQ20),'Trust - Frontsheet'!AQ20>1),"Registered Nursing Associates Avg Night Fill rate 100%","")) | L18: =IF(A18="","",IF(AND(ISNUMBER('Trust - Frontsheet'!AR20),'Trust - Frontsheet'!AR20>1),"Non-Registered Nursing Associates Avg Night Fill rate > 100%","")) | M18: =IF(A18="","",IF(AND(ISNUMBER('Trust - Frontsheet'!AS20),'Trust - Frontsheet'!AS20>1),"Registered Allied Health Professionals Avg Fill rate > 100%","")) | N18: =IF(A18="","",IF(AND(ISNUMBER('Trust - Frontsheet'!AT20),'Trust - Frontsheet'!AT20>1),"Non-Registered Allied Health Professionals Avg Fill rate > 100%","")) | O18: =IF(A18="","",IF((VLOOKUP(A18,'Trust - Frontsheet'!$A$16:$AC$216,9,0)+VLOOKUP(A18,'Trust - Frontsheet'!$A$16:$AC$216,11,0)+VLOOKUP(A18,'Trust - Frontsheet'!$A$16:$AC$216,13,0)+VLOOKUP(A18,'Trust - Frontsheet'!$A$16:$AC$216,15,0)+VLOOKUP(A18,'Trust - Frontsheet'!$A$16:$AC$216,17,0)+VLOOKUP(A18,'Trust - Frontsheet'!$A$16:$AC$216,19,0)+VLOOKUP(A18,'Trust - Frontsheet'!$A$16:$AC$216,21,0)+VLOOKUP(A18,'Trust - Frontsheet'!$A$16:$AC$216,23,0)+VLOOKUP(A18,'Trust - Frontsheet'!$A$16:$AC$216,25,0)+VLOOKUP(A18,'Trust - Frontsheet'!$A$16:$AC$216,27,0))<=0,"Planned hours aren't greater than zero","")) | P18: =IF(A18="","",IF((VLOOKUP(A18,'Trust - Frontsheet'!$A$16:$AC$216,10,0)+VLOOKUP(A18,'Trust - Frontsheet'!$A$16:$AC$216,12,0)+VLOOKUP(A18,'Trust - Frontsheet'!$A$16:$AC$216,14,0)+VLOOKUP(A18,'Trust - Frontsheet'!$A$16:$AC$216,16,0)+VLOOKUP(A18,'Trust - Frontsheet'!$A$16:$AC$216,18,0)+VLOOKUP(A18,'Trust - Frontsheet'!$A$16:$AC$216,20,0)+VLOOKUP(A18,'Trust - Frontsheet'!$A$16:$AC$216,22,0)+VLOOKUP(A18,'Trust - Frontsheet'!$A$16:$AC$216,24,0)+VLOOKUP(A18,'Trust - Frontsheet'!$A$16:$AC$216,26,0)+VLOOKUP(A18,'Trust - Frontsheet'!$A$16:$AC$216,28,0))<=0,"Actual hours aren't greater than zero","")) | Q18: =IF(A18="","",IF((VLOOKUP(A18,'Trust - Frontsheet'!$A$16:$AC$216,10,0)+VLOOKUP(A18,'Trust - Frontsheet'!$A$16:$AC$216,12,0)+VLOOKUP(A18,'Trust - Frontsheet'!$A$16:$AC$216,14,0)+VLOOKUP(A18,'Trust - Frontsheet'!$A$16:$AC$216,16,0)+VLOOKUP(A18,'Trust - Frontsheet'!$A$16:$AC$216,18,0)+VLOOKUP(A18,'Trust - Frontsheet'!$A$16:$AC$216,20,0)+VLOOKUP(A18,'Trust - Frontsheet'!$A$16:$AC$216,22,0)+VLOOKUP(A18,'Trust - Frontsheet'!$A$16:$AC$216,24,0)+VLOOKUP(A18,'Trust - Frontsheet'!$A$16:$AC$216,26,0)+VLOOKUP(A18,'Trust - Frontsheet'!$A$16:$AC$216,28,0))<1448,"Actual hours are under 1448","")) | R18: =IF(A18="","",IF((VLOOKUP(A18,'Trust - Frontsheet'!$A$16:$AC$216,10,0)+VLOOKUP(A18,'Trust - Frontsheet'!$A$16:$AC$216,12,0)+VLOOKUP(A18,'Trust - Frontsheet'!$A$16:$AC$216,14,0)+VLOOKUP(A18,'Trust - Frontsheet'!$A$16:$AC$216,16,0)+VLOOKUP(A18,'Trust - Frontsheet'!$A$16:$AC$216,18,0)+VLOOKUP(A18,'Trust - Frontsheet'!$A$16:$AC$216,20,0)+VLOOKUP(A18,'Trust - Frontsheet'!$A$16:$AC$216,22,0)+VLOOKUP(A18,'Trust - Frontsheet'!$A$16:$AC$216,24,0)+VLOOKUP(A18,'Trust - Frontsheet'!$A$16:$AC$216,26,0)+VLOOKUP(A18,'Trust - Frontsheet'!$A$16:$AC$216,28,0))>30000,"Actual hours are greater than 30,000","")) | S18: =IF(A18="","",IF(AND((VLOOKUP(A18,'Trust - Frontsheet'!$A$16:$AC$216,10,0)+VLOOKUP(A18,'Trust - Frontsheet'!$A$16:$AC$216,12,0)+VLOOKUP(A18,'Trust - Frontsheet'!$A$16:$AC$216,14,0)+VLOOKUP(A18,'Trust - Frontsheet'!$A$16:$AC$216,16,0)+VLOOKUP(A18,'Trust - Frontsheet'!$A$16:$AC$216,18,0)+VLOOKUP(A18,'Trust - Frontsheet'!$A$16:$AC$216,20,0)+VLOOKUP(A18,'Trust - Frontsheet'!$A$16:$AC$216,22,0)+VLOOKUP(A18,'Trust - Frontsheet'!$A$16:$AC$216,24,0)+VLOOKUP(A18,'Trust - Frontsheet'!$A$16:$AC$216,26,0)+VLOOKUP(A18,'Trust - Frontsheet'!$A$16:$AC$216,28,0))>0,VLOOKUP(A18,'Trust - Frontsheet'!$A$16:$AC$216,29,0)<=0),"Actual hours entered with no patient count",""))
A19: =IF('Trust - Frontsheet'!A21="","",'Trust - Frontsheet'!A21) -> RTQ02Priory | B19: =IF('Trust - Frontsheet'!A21="","",'Trust - Frontsheet'!D21) -> RTQ02 | C19: =IF(VLOOKUP(A19,'Trust - Frontsheet'!$A$16:$AC$215,5,0)="","",VLOOKUP(A19,'Trust - Frontsheet'!$A$16:$AC$216,5,0)) -> WOTTON LAWN HOSPITAL | D19: =IF(VLOOKUP(A19,'Trust - Frontsheet'!$A$16:$AC$215,6,0)="","",VLOOKUP(A19,'Trust - Frontsheet'!$A$16:$AC$216,6,0)) -> Priory | E19: =IF(A19="","",IF(AND('Trust - Frontsheet'!AK21>1,ISNUMBER('Trust - Frontsheet'!AK21)),"Registered Nurses/Midwives Avg Day Fill rate > 100%","")) | F19: =IF(A19="","",IF(AND(ISNUMBER('Trust - Frontsheet'!AL21),'Trust - Frontsheet'!AL21>1),"Non-Registered Nurses/Midwives Avg Day Fill rate > 100%","")) -> Non-Registered Nurses/Midwives Avg Day Fill rate > 100% | G19: =IF(A19="","",IF(AND(ISNUMBER('Trust - Frontsheet'!AM21),'Trust - Frontsheet'!AM21>1),"Registered Nursing Associates Day Fill rate > 100%","")) | H19: =IF(A19="","",IF(AND(ISNUMBER('Trust - Frontsheet'!AN21),'Trust - Frontsheet'!AN21>1),"Non-Registered Nursing Associates Day Fill rate > 100%","")) | I19: =IF(A19="","",IF(AND(ISNUMBER('Trust - Frontsheet'!AO21),'Trust - Frontsheet'!AO21>1),"Registered Nurses/Midwives Avg Night Fill rate > 100%","")) | J19: =IF(A19="","",IF(AND(ISNUMBER('Trust - Frontsheet'!AP21),'Trust - Frontsheet'!AP21>1),"Non-Registered Nurses/Midwives Avg Night Fill rate >100%","")) -> Non-Registered Nurses/Midwives Avg Night Fill rate >100% | K19: =IF(A19="","",IF(AND(ISNUMBER('Trust - Frontsheet'!AQ21),'Trust - Frontsheet'!AQ21>1),"Registered Nursing Associates Avg Night Fill rate 100%","")) | L19: =IF(A19="","",IF(AND(ISNUMBER('Trust - Frontsheet'!AR21),'Trust - Frontsheet'!AR21>1),"Non-Registered Nursing Associates Avg Night Fill rate > 100%","")) | M19: =IF(A19="","",IF(AND(ISNUMBER('Trust - Frontsheet'!AS21),'Trust - Frontsheet'!AS21>1),"Registered Allied Health Professionals Avg Fill rate > 100%","")) | N19: =IF(A19="","",IF(AND(ISNUMBER('Trust - Frontsheet'!AT21),'Trust - Frontsheet'!AT21>1),"Non-Registered Allied Health Professionals Avg Fill rate > 100%","")) | O19: =IF(A19="","",IF((VLOOKUP(A19,'Trust - Frontsheet'!$A$16:$AC$216,9,0)+VLOOKUP(A19,'Trust - Frontsheet'!$A$16:$AC$216,11,0)+VLOOKUP(A19,'Trust - Frontsheet'!$A$16:$AC$216,13,0)+VLOOKUP(A19,'Trust - Frontsheet'!$A$16:$AC$216,15,0)+VLOOKUP(A19,'Trust - Frontsheet'!$A$16:$AC$216,17,0)+VLOOKUP(A19,'Trust - Frontsheet'!$A$16:$AC$216,19,0)+VLOOKUP(A19,'Trust - Frontsheet'!$A$16:$AC$216,21,0)+VLOOKUP(A19,'Trust - Frontsheet'!$A$16:$AC$216,23,0)+VLOOKUP(A19,'Trust - Frontsheet'!$A$16:$AC$216,25,0)+VLOOKUP(A19,'Trust - Frontsheet'!$A$16:$AC$216,27,0))<=0,"Planned hours aren't greater than zero","")) | P19: =IF(A19="","",IF((VLOOKUP(A19,'Trust - Frontsheet'!$A$16:$AC$216,10,0)+VLOOKUP(A19,'Trust - Frontsheet'!$A$16:$AC$216,12,0)+VLOOKUP(A19,'Trust - Frontsheet'!$A$16:$AC$216,14,0)+VLOOKUP(A19,'Trust - Frontsheet'!$A$16:$AC$216,16,0)+VLOOKUP(A19,'Trust - Frontsheet'!$A$16:$AC$216,18,0)+VLOOKUP(A19,'Trust - Frontsheet'!$A$16:$AC$216,20,0)+VLOOKUP(A19,'Trust - Frontsheet'!$A$16:$AC$216,22,0)+VLOOKUP(A19,'Trust - Frontsheet'!$A$16:$AC$216,24,0)+VLOOKUP(A19,'Trust - Frontsheet'!$A$16:$AC$216,26,0)+VLOOKUP(A19,'Trust - Frontsheet'!$A$16:$AC$216,28,0))<=0,"Actual hours aren't greater than zero","")) | Q19: =IF(A19="","",IF((VLOOKUP(A19,'Trust - Frontsheet'!$A$16:$AC$216,10,0)+VLOOKUP(A19,'Trust - Frontsheet'!$A$16:$AC$216,12,0)+VLOOKUP(A19,'Trust - Frontsheet'!$A$16:$AC$216,14,0)+VLOOKUP(A19,'Trust - Frontsheet'!$A$16:$AC$216,16,0)+VLOOKUP(A19,'Trust - Frontsheet'!$A$16:$AC$216,18,0)+VLOOKUP(A19,'Trust - Frontsheet'!$A$16:$AC$216,20,0)+VLOOKUP(A19,'Trust - Frontsheet'!$A$16:$AC$216,22,0)+VLOOKUP(A19,'Trust - Frontsheet'!$A$16:$AC$216,24,0)+VLOOKUP(A19,'Trust - Frontsheet'!$A$16:$AC$216,26,0)+VLOOKUP(A19,'Trust - Frontsheet'!$A$16:$AC$216,28,0))<1448,"Actual hours are under 1448","")) | R19: =IF(A19="","",IF((VLOOKUP(A19,'Trust - Frontsheet'!$A$16:$AC$216,10,0)+VLOOKUP(A19,'Trust - Frontsheet'!$A$16:$AC$216,12,0)+VLOOKUP(A19,'Trust - Frontsheet'!$A$16:$AC$216,14,0)+VLOOKUP(A19,'Trust - Frontsheet'!$A$16:$AC$216,16,0)+VLOOKUP(A19,'Trust - Frontsheet'!$A$16:$AC$216,18,0)+VLOOKUP(A19,'Trust - Frontsheet'!$A$16:$AC$216,20,0)+VLOOKUP(A19,'Trust - Frontsheet'!$A$16:$AC$216,22,0)+VLOOKUP(A19,'Trust - Frontsheet'!$A$16:$AC$216,24,0)+VLOOKUP(A19,'Trust - Frontsheet'!$A$16:$AC$216,26,0)+VLOOKUP(A19,'Trust - Frontsheet'!$A$16:$AC$216,28,0))>30000,"Actual hours are greater than 30,000","")) | S19: =IF(A19="","",IF(AND((VLOOKUP(A19,'Trust - Frontsheet'!$A$16:$AC$216,10,0)+VLOOKUP(A19,'Trust - Frontsheet'!$A$16:$AC$216,12,0)+VLOOKUP(A19,'Trust - Frontsheet'!$A$16:$AC$216,14,0)+VLOOKUP(A19,'Trust - Frontsheet'!$A$16:$AC$216,16,0)+VLOOKUP(A19,'Trust - Frontsheet'!$A$16:$AC$216,18,0)+VLOOKUP(A19,'Trust - Frontsheet'!$A$16:$AC$216,20,0)+VLOOKUP(A19,'Trust - Frontsheet'!$A$16:$AC$216,22,0)+VLOOKUP(A19,'Trust - Frontsheet'!$A$16:$AC$216,24,0)+VLOOKUP(A19,'Trust - Frontsheet'!$A$16:$AC$216,26,0)+VLOOKUP(A19,'Trust - Frontsheet'!$A$16:$AC$216,28,0))>0,VLOOKUP(A19,'Trust - Frontsheet'!$A$16:$AC$216,29,0)<=0),"Actual hours entered with no patient count",""))
A20: =IF('Trust - Frontsheet'!A22="","",'Trust - Frontsheet'!A22) -> RTQ01Chestnut | B20: =IF('Trust - Frontsheet'!A22="","",'Trust - Frontsheet'!D22) -> RTQ01 | C20: =IF(VLOOKUP(A20,'Trust - Frontsheet'!$A$16:$AC$215,5,0)="","",VLOOKUP(A20,'Trust - Frontsheet'!$A$16:$AC$216,5,0)) -> CHARLTON LANE HOSPITAL | D20: =IF(VLOOKUP(A20,'Trust - Frontsheet'!$A$16:$AC$215,6,0)="","",VLOOKUP(A20,'Trust - Frontsheet'!$A$16:$AC$216,6,0)) -> Chestnut | E20: =IF(A20="","",IF(AND('Trust - Frontsheet'!AK22>1,ISNUMBER('Trust - Frontsheet'!AK22)),"Registered Nurses/Midwives Avg Day Fill rate > 100%","")) | F20: =IF(A20="","",IF(AND(ISNUMBER('Trust - Frontsheet'!AL22),'Trust - Frontsheet'!AL22>1),"Non-Registered Nurses/Midwives Avg Day Fill rate > 100%","")) -> Non-Registered Nurses/Midwives Avg Day Fill rate > 100% | G20: =IF(A20="","",IF(AND(ISNUMBER('Trust - Frontsheet'!AM22),'Trust - Frontsheet'!AM22>1),"Registered Nursing Associates Day Fill rate > 100%","")) | H20: =IF(A20="","",IF(AND(ISNUMBER('Trust - Frontsheet'!AN22),'Trust - Frontsheet'!AN22>1),"Non-Registered Nursing Associates Day Fill rate > 100%","")) | I20: =IF(A20="","",IF(AND(ISNUMBER('Trust - Frontsheet'!AO22),'Trust - Frontsheet'!AO22>1),"Registered Nurses/Midwives Avg Night Fill rate > 100%","")) | J20: =IF(A20="","",IF(AND(ISNUMBER('Trust - Frontsheet'!AP22),'Trust - Frontsheet'!AP22>1),"Non-Registered Nurses/Midwives Avg Night Fill rate >100%","")) | K20: =IF(A20="","",IF(AND(ISNUMBER('Trust - Frontsheet'!AQ22),'Trust - Frontsheet'!AQ22>1),"Registered Nursing Associates Avg Night Fill rate 100%","")) | L20: =IF(A20="","",IF(AND(ISNUMBER('Trust - Frontsheet'!AR22),'Trust - Frontsheet'!AR22>1),"Non-Registered Nursing Associates Avg Night Fill rate > 100%","")) | M20: =IF(A20="","",IF(AND(ISNUMBER('Trust - Frontsheet'!AS22),'Trust - Frontsheet'!AS22>1),"Registered Allied Health Professionals Avg Fill rate > 100%","")) | N20: =IF(A20="","",IF(AND(ISNUMBER('Trust - Frontsheet'!AT22),'Trust - Frontsheet'!AT22>1),"Non-Registered Allied Health Professionals Avg Fill rate > 100%","")) | O20: =IF(A20="","",IF((VLOOKUP(A20,'Trust - Frontsheet'!$A$16:$AC$216,9,0)+VLOOKUP(A20,'Trust - Frontsheet'!$A$16:$AC$216,11,0)+VLOOKUP(A20,'Trust - Frontsheet'!$A$16:$AC$216,13,0)+VLOOKUP(A20,'Trust - Frontsheet'!$A$16:$AC$216,15,0)+VLOOKUP(A20,'Trust - Frontsheet'!$A$16:$AC$216,17,0)+VLOOKUP(A20,'Trust - Frontsheet'!$A$16:$AC$216,19,0)+VLOOKUP(A20,'Trust - Frontsheet'!$A$16:$AC$216,21,0)+VLOOKUP(A20,'Trust - Frontsheet'!$A$16:$AC$216,23,0)+VLOOKUP(A20,'Trust - Frontsheet'!$A$16:$AC$216,25,0)+VLOOKUP(A20,'Trust - Frontsheet'!$A$16:$AC$216,27,0))<=0,"Planned hours aren't greater than zero","")) | P20: =IF(A20="","",IF((VLOOKUP(A20,'Trust - Frontsheet'!$A$16:$AC$216,10,0)+VLOOKUP(A20,'Trust - Frontsheet'!$A$16:$AC$216,12,0)+VLOOKUP(A20,'Trust - Frontsheet'!$A$16:$AC$216,14,0)+VLOOKUP(A20,'Trust - Frontsheet'!$A$16:$AC$216,16,0)+VLOOKUP(A20,'Trust - Frontsheet'!$A$16:$AC$216,18,0)+VLOOKUP(A20,'Trust - Frontsheet'!$A$16:$AC$216,20,0)+VLOOKUP(A20,'Trust - Frontsheet'!$A$16:$AC$216,22,0)+VLOOKUP(A20,'Trust - Frontsheet'!$A$16:$AC$216,24,0)+VLOOKUP(A20,'Trust - Frontsheet'!$A$16:$AC$216,26,0)+VLOOKUP(A20,'Trust - Frontsheet'!$A$16:$AC$216,28,0))<=0,"Actual hours aren't greater than zero","")) | Q20: =IF(A20="","",IF((VLOOKUP(A20,'Trust - Frontsheet'!$A$16:$AC$216,10,0)+VLOOKUP(A20,'Trust - Frontsheet'!$A$16:$AC$216,12,0)+VLOOKUP(A20,'Trust - Frontsheet'!$A$16:$AC$216,14,0)+VLOOKUP(A20,'Trust - Frontsheet'!$A$16:$AC$216,16,0)+VLOOKUP(A20,'Trust - Frontsheet'!$A$16:$AC$216,18,0)+VLOOKUP(A20,'Trust - Frontsheet'!$A$16:$AC$216,20,0)+VLOOKUP(A20,'Trust - Frontsheet'!$A$16:$AC$216,22,0)+VLOOKUP(A20,'Trust - Frontsheet'!$A$16:$AC$216,24,0)+VLOOKUP(A20,'Trust - Frontsheet'!$A$16:$AC$216,26,0)+VLOOKUP(A20,'Trust - Frontsheet'!$A$16:$AC$216,28,0))<1448,"Actual hours are under 1448","")) | R20: =IF(A20="","",IF((VLOOKUP(A20,'Trust - Frontsheet'!$A$16:$AC$216,10,0)+VLOOKUP(A20,'Trust - Frontsheet'!$A$16:$AC$216,12,0)+VLOOKUP(A20,'Trust - Frontsheet'!$A$16:$AC$216,14,0)+VLOOKUP(A20,'Trust - Frontsheet'!$A$16:$AC$216,16,0)+VLOOKUP(A20,'Trust - Frontsheet'!$A$16:$AC$216,18,0)+VLOOKUP(A20,'Trust - Frontsheet'!$A$16:$AC$216,20,0)+VLOOKUP(A20,'Trust - Frontsheet'!$A$16:$AC$216,22,0)+VLOOKUP(A20,'Trust - Frontsheet'!$A$16:$AC$216,24,0)+VLOOKUP(A20,'Trust - Frontsheet'!$A$16:$AC$216,26,0)+VLOOKUP(A20,'Trust - Frontsheet'!$A$16:$AC$216,28,0))>30000,"Actual hours are greater than 30,000","")) | S20: =IF(A20="","",IF(AND((VLOOKUP(A20,'Trust - Frontsheet'!$A$16:$AC$216,10,0)+VLOOKUP(A20,'Trust - Frontsheet'!$A$16:$AC$216,12,0)+VLOOKUP(A20,'Trust - Frontsheet'!$A$16:$AC$216,14,0)+VLOOKUP(A20,'Trust - Frontsheet'!$A$16:$AC$216,16,0)+VLOOKUP(A20,'Trust - Frontsheet'!$A$16:$AC$216,18,0)+VLOOKUP(A20,'Trust - Frontsheet'!$A$16:$AC$216,20,0)+VLOOKUP(A20,'Trust - Frontsheet'!$A$16:$AC$216,22,0)+VLOOKUP(A20,'Trust - Frontsheet'!$A$16:$AC$216,24,0)+VLOOKUP(A20,'Trust - Frontsheet'!$A$16:$AC$216,26,0)+VLOOKUP(A20,'Trust - Frontsheet'!$A$16:$AC$216,28,0))>0,VLOOKUP(A20,'Trust - Frontsheet'!$A$16:$AC$216,29,0)<=0),"Actual hours entered with no patient count",""))
A21: =IF('Trust - Frontsheet'!A23="","",'Trust - Frontsheet'!A23) -> RTQ01Mulberry | B21: =IF('Trust - Frontsheet'!A23="","",'Trust - Frontsheet'!D23) -> RTQ01 | C21: =IF(VLOOKUP(A21,'Trust - Frontsheet'!$A$16:$AC$215,5,0)="","",VLOOKUP(A21,'Trust - Frontsheet'!$A$16:$AC$216,5,0)) -> CHARLTON LANE HOSPITAL | D21: =IF(VLOOKUP(A21,'Trust - Frontsheet'!$A$16:$AC$215,6,0)="","",VLOOKUP(A21,'Trust - Frontsheet'!$A$16:$AC$216,6,0)) -> Mulberry | E21: =IF(A21="","",IF(AND('Trust - Frontsheet'!AK23>1,ISNUMBER('Trust - Frontsheet'!AK23)),"Registered Nurses/Midwives Avg Day Fill rate > 100%","")) | F21: =IF(A21="","",IF(AND(ISNUMBER('Trust - Frontsheet'!AL23),'Trust - Frontsheet'!AL23>1),"Non-Registered Nurses/Midwives Avg Day Fill rate > 100%","")) | G21: =IF(A21="","",IF(AND(ISNUMBER('Trust - Frontsheet'!AM23),'Trust - Frontsheet'!AM23>1),"Registered Nursing Associates Day Fill rate > 100%","")) | H21: =IF(A21="","",IF(AND(ISNUMBER('Trust - Frontsheet'!AN23),'Trust - Frontsheet'!AN23>1),"Non-Registered Nursing Associates Day Fill rate > 100%","")) | I21: =IF(A21="","",IF(AND(ISNUMBER('Trust - Frontsheet'!AO23),'Trust - Frontsheet'!AO23>1),"Registered Nurses/Midwives Avg Night Fill rate > 100%","")) | J21: =IF(A21="","",IF(AND(ISNUMBER('Trust - Frontsheet'!AP23),'Trust - Frontsheet'!AP23>1),"Non-Registered Nurses/Midwives Avg Night Fill rate >100%","")) -> Non-Registered Nurses/Midwives Avg Night Fill rate >100% | K21: =IF(A21="","",IF(AND(ISNUMBER('Trust - Frontsheet'!AQ23),'Trust - Frontsheet'!AQ23>1),"Registered Nursing Associates Avg Night Fill rate 100%","")) | L21: =IF(A21="","",IF(AND(ISNUMBER('Trust - Frontsheet'!AR23),'Trust - Frontsheet'!AR23>1),"Non-Registered Nursing Associates Avg Night Fill rate > 100%","")) | M21: =IF(A21="","",IF(AND(ISNUMBER('Trust - Frontsheet'!AS23),'Trust - Frontsheet'!AS23>1),"Registered Allied Health Professionals Avg Fill rate > 100%","")) | N21: =IF(A21="","",IF(AND(ISNUMBER('Trust - Frontsheet'!AT23),'Trust - Frontsheet'!AT23>1),"Non-Registered Allied Health Professionals Avg Fill rate > 100%","")) | O21: =IF(A21="","",IF((VLOOKUP(A21,'Trust - Frontsheet'!$A$16:$AC$216,9,0)+VLOOKUP(A21,'Trust - Frontsheet'!$A$16:$AC$216,11,0)+VLOOKUP(A21,'Trust - Frontsheet'!$A$16:$AC$216,13,0)+VLOOKUP(A21,'Trust - Frontsheet'!$A$16:$AC$216,15,0)+VLOOKUP(A21,'Trust - Frontsheet'!$A$16:$AC$216,17,0)+VLOOKUP(A21,'Trust - Frontsheet'!$A$16:$AC$216,19,0)+VLOOKUP(A21,'Trust - Frontsheet'!$A$16:$AC$216,21,0)+VLOOKUP(A21,'Trust - Frontsheet'!$A$16:$AC$216,23,0)+VLOOKUP(A21,'Trust - Frontsheet'!$A$16:$AC$216,25,0)+VLOOKUP(A21,'Trust - Frontsheet'!$A$16:$AC$216,27,0))<=0,"Planned hours aren't greater than zero","")) | P21: =IF(A21="","",IF((VLOOKUP(A21,'Trust - Frontsheet'!$A$16:$AC$216,10,0)+VLOOKUP(A21,'Trust - Frontsheet'!$A$16:$AC$216,12,0)+VLOOKUP(A21,'Trust - Frontsheet'!$A$16:$AC$216,14,0)+VLOOKUP(A21,'Trust - Frontsheet'!$A$16:$AC$216,16,0)+VLOOKUP(A21,'Trust - Frontsheet'!$A$16:$AC$216,18,0)+VLOOKUP(A21,'Trust - Frontsheet'!$A$16:$AC$216,20,0)+VLOOKUP(A21,'Trust - Frontsheet'!$A$16:$AC$216,22,0)+VLOOKUP(A21,'Trust - Frontsheet'!$A$16:$AC$216,24,0)+VLOOKUP(A21,'Trust - Frontsheet'!$A$16:$AC$216,26,0)+VLOOKUP(A21,'Trust - Frontsheet'!$A$16:$AC$216,28,0))<=0,"Actual hours aren't greater than zero","")) | Q21: =IF(A21="","",IF((VLOOKUP(A21,'Trust - Frontsheet'!$A$16:$AC$216,10,0)+VLOOKUP(A21,'Trust - Frontsheet'!$A$16:$AC$216,12,0)+VLOOKUP(A21,'Trust - Frontsheet'!$A$16:$AC$216,14,0)+VLOOKUP(A21,'Trust - Frontsheet'!$A$16:$AC$216,16,0)+VLOOKUP(A21,'Trust - Frontsheet'!$A$16:$AC$216,18,0)+VLOOKUP(A21,'Trust - Frontsheet'!$A$16:$AC$216,20,0)+VLOOKUP(A21,'Trust - Frontsheet'!$A$16:$AC$216,22,0)+VLOOKUP(A21,'Trust - Frontsheet'!$A$16:$AC$216,24,0)+VLOOKUP(A21,'Trust - Frontsheet'!$A$16:$AC$216,26,0)+VLOOKUP(A21,'Trust - Frontsheet'!$A$16:$AC$216,28,0))<1448,"Actual hours are under 1448","")) | R21: =IF(A21="","",IF((VLOOKUP(A21,'Trust - Frontsheet'!$A$16:$AC$216,10,0)+VLOOKUP(A21,'Trust - Frontsheet'!$A$16:$AC$216,12,0)+VLOOKUP(A21,'Trust - Frontsheet'!$A$16:$AC$216,14,0)+VLOOKUP(A21,'Trust - Frontsheet'!$A$16:$AC$216,16,0)+VLOOKUP(A21,'Trust - Frontsheet'!$A$16:$AC$216,18,0)+VLOOKUP(A21,'Trust - Frontsheet'!$A$16:$AC$216,20,0)+VLOOKUP(A21,'Trust - Frontsheet'!$A$16:$AC$216,22,0)+VLOOKUP(A21,'Trust - Frontsheet'!$A$16:$AC$216,24,0)+VLOOKUP(A21,'Trust - Frontsheet'!$A$16:$AC$216,26,0)+VLOOKUP(A21,'Trust - Frontsheet'!$A$16:$AC$216,28,0))>30000,"Actual hours are greater than 30,000","")) | S21: =IF(A21="","",IF(AND((VLOOKUP(A21,'Trust - Frontsheet'!$A$16:$AC$216,10,0)+VLOOKUP(A21,'Trust - Frontsheet'!$A$16:$AC$216,12,0)+VLOOKUP(A21,'Trust - Frontsheet'!$A$16:$AC$216,14,0)+VLOOKUP(A21,'Trust - Frontsheet'!$A$16:$AC$216,16,0)+VLOOKUP(A21,'Trust - Frontsheet'!$A$16:$AC$216,18,0)+VLOOKUP(A21,'Trust - Frontsheet'!$A$16:$AC$216,20,0)+VLOOKUP(A21,'Trust - Frontsheet'!$A$16:$AC$216,22,0)+VLOOKUP(A21,'Trust - Frontsheet'!$A$16:$AC$216,24,0)+VLOOKUP(A21,'Trust - Frontsheet'!$A$16:$AC$216,26,0)+VLOOKUP(A21,'Trust - Frontsheet'!$A$16:$AC$216,28,0))>0,VLOOKUP(A21,'Trust - Frontsheet'!$A$16:$AC$216,29,0)<=0),"Actual hours entered with no patient count",""))
A22: =IF('Trust - Frontsheet'!A24="","",'Trust - Frontsheet'!A24) -> RTQ01Willow | B22: =IF('Trust - Frontsheet'!A24="","",'Trust - Frontsheet'!D24) -> RTQ01 | C22: =IF(VLOOKUP(A22,'Trust - Frontsheet'!$A$16:$AC$215,5,0)="","",VLOOKUP(A22,'Trust - Frontsheet'!$A$16:$AC$216,5,0)) -> CHARLTON LANE HOSPITAL | D22: =IF(VLOOKUP(A22,'Trust - Frontsheet'!$A$16:$AC$215,6,0)="","",VLOOKUP(A22,'Trust - Frontsheet'!$A$16:$AC$216,6,0)) -> Willow | E22: =IF(A22="","",IF(AND('Trust - Frontsheet'!AK24>1,ISNUMBER('Trust - Frontsheet'!AK24)),"Registered Nurses/Midwives Avg Day Fill rate > 100%","")) | F22: =IF(A22="","",IF(AND(ISNUMBER('Trust - Frontsheet'!AL24),'Trust - Frontsheet'!AL24>1),"Non-Registered Nurses/Midwives Avg Day Fill rate > 100%","")) | G22: =IF(A22="","",IF(AND(ISNUMBER('Trust - Frontsheet'!AM24),'Trust - Frontsheet'!AM24>1),"Registered Nursing Associates Day Fill rate > 100%","")) | H22: =IF(A22="","",IF(AND(ISNUMBER('Trust - Frontsheet'!AN24),'Trust - Frontsheet'!AN24>1),"Non-Registered Nursing Associates Day Fill rate > 100%","")) | I22: =IF(A22="","",IF(AND(ISNUMBER('Trust - Frontsheet'!AO24),'Trust - Frontsheet'!AO24>1),"Registered Nurses/Midwives Avg Night Fill rate > 100%","")) | J22: =IF(A22="","",IF(AND(ISNUMBER('Trust - Frontsheet'!AP24),'Trust - Frontsheet'!AP24>1),"Non-Registered Nurses/Midwives Avg Night Fill rate >100%","")) | K22: =IF(A22="","",IF(AND(ISNUMBER('Trust - Frontsheet'!AQ24),'Trust - Frontsheet'!AQ24>1),"Registered Nursing Associates Avg Night Fill rate 100%","")) | L22: =IF(A22="","",IF(AND(ISNUMBER('Trust - Frontsheet'!AR24),'Trust - Frontsheet'!AR24>1),"Non-Registered Nursing Associates Avg Night Fill rate > 100%","")) | M22: =IF(A22="","",IF(AND(ISNUMBER('Trust - Frontsheet'!AS24),'Trust - Frontsheet'!AS24>1),"Registered Allied Health Professionals Avg Fill rate > 100%","")) | N22: =IF(A22="","",IF(AND(ISNUMBER('Trust - Frontsheet'!AT24),'Trust - Frontsheet'!AT24>1),"Non-Registered Allied Health Professionals Avg Fill rate > 100%","")) | O22: =IF(A22="","",IF((VLOOKUP(A22,'Trust - Frontsheet'!$A$16:$AC$216,9,0)+VLOOKUP(A22,'Trust - Frontsheet'!$A$16:$AC$216,11,0)+VLOOKUP(A22,'Trust - Frontsheet'!$A$16:$AC$216,13,0)+VLOOKUP(A22,'Trust - Frontsheet'!$A$16:$AC$216,15,0)+VLOOKUP(A22,'Trust - Frontsheet'!$A$16:$AC$216,17,0)+VLOOKUP(A22,'Trust - Frontsheet'!$A$16:$AC$216,19,0)+VLOOKUP(A22,'Trust - Frontsheet'!$A$16:$AC$216,21,0)+VLOOKUP(A22,'Trust - Frontsheet'!$A$16:$AC$216,23,0)+VLOOKUP(A22,'Trust - Frontsheet'!$A$16:$AC$216,25,0)+VLOOKUP(A22,'Trust - Frontsheet'!$A$16:$AC$216,27,0))<=0,"Planned hours aren't greater than zero","")) | P22: =IF(A22="","",IF((VLOOKUP(A22,'Trust - Frontsheet'!$A$16:$AC$216,10,0)+VLOOKUP(A22,'Trust - Frontsheet'!$A$16:$AC$216,12,0)+VLOOKUP(A22,'Trust - Frontsheet'!$A$16:$AC$216,14,0)+VLOOKUP(A22,'Trust - Frontsheet'!$A$16:$AC$216,16,0)+VLOOKUP(A22,'Trust - Frontsheet'!$A$16:$AC$216,18,0)+VLOOKUP(A22,'Trust - Frontsheet'!$A$16:$AC$216,20,0)+VLOOKUP(A22,'Trust - Frontsheet'!$A$16:$AC$216,22,0)+VLOOKUP(A22,'Trust - Frontsheet'!$A$16:$AC$216,24,0)+VLOOKUP(A22,'Trust - Frontsheet'!$A$16:$AC$216,26,0)+VLOOKUP(A22,'Trust - Frontsheet'!$A$16:$AC$216,28,0))<=0,"Actual hours aren't greater than zero","")) | Q22: =IF(A22="","",IF((VLOOKUP(A22,'Trust - Frontsheet'!$A$16:$AC$216,10,0)+VLOOKUP(A22,'Trust - Frontsheet'!$A$16:$AC$216,12,0)+VLOOKUP(A22,'Trust - Frontsheet'!$A$16:$AC$216,14,0)+VLOOKUP(A22,'Trust - Frontsheet'!$A$16:$AC$216,16,0)+VLOOKUP(A22,'Trust - Frontsheet'!$A$16:$AC$216,18,0)+VLOOKUP(A22,'Trust - Frontsheet'!$A$16:$AC$216,20,0)+VLOOKUP(A22,'Trust - Frontsheet'!$A$16:$AC$216,22,0)+VLOOKUP(A22,'Trust - Frontsheet'!$A$16:$AC$216,24,0)+VLOOKUP(A22,'Trust - Frontsheet'!$A$16:$AC$216,26,0)+VLOOKUP(A22,'Trust - Frontsheet'!$A$16:$AC$216,28,0))<1448,"Actual hours are under 1448","")) | R22: =IF(A22="","",IF((VLOOKUP(A22,'Trust - Frontsheet'!$A$16:$AC$216,10,0)+VLOOKUP(A22,'Trust - Frontsheet'!$A$16:$AC$216,12,0)+VLOOKUP(A22,'Trust - Frontsheet'!$A$16:$AC$216,14,0)+VLOOKUP(A22,'Trust - Frontsheet'!$A$16:$AC$216,16,0)+VLOOKUP(A22,'Trust - Frontsheet'!$A$16:$AC$216,18,0)+VLOOKUP(A22,'Trust - Frontsheet'!$A$16:$AC$216,20,0)+VLOOKUP(A22,'Trust - Frontsheet'!$A$16:$AC$216,22,0)+VLOOKUP(A22,'Trust - Frontsheet'!$A$16:$AC$216,24,0)+VLOOKUP(A22,'Trust - Frontsheet'!$A$16:$AC$216,26,0)+VLOOKUP(A22,'Trust - Frontsheet'!$A$16:$AC$216,28,0))>30000,"Actual hours are greater than 30,000","")) | S22: =IF(A22="","",IF(AND((VLOOKUP(A22,'Trust - Frontsheet'!$A$16:$AC$216,10,0)+VLOOKUP(A22,'Trust - Frontsheet'!$A$16:$AC$216,12,0)+VLOOKUP(A22,'Trust - Frontsheet'!$A$16:$AC$216,14,0)+VLOOKUP(A22,'Trust - Frontsheet'!$A$16:$AC$216,16,0)+VLOOKUP(A22,'Trust - Frontsheet'!$A$16:$AC$216,18,0)+VLOOKUP(A22,'Trust - Frontsheet'!$A$16:$AC$216,20,0)+VLOOKUP(A22,'Trust - Frontsheet'!$A$16:$AC$216,22,0)+VLOOKUP(A22,'Trust - Frontsheet'!$A$16:$AC$216,24,0)+VLOOKUP(A22,'Trust - Frontsheet'!$A$16:$AC$216,26,0)+VLOOKUP(A22,'Trust - Frontsheet'!$A$16:$AC$216,28,0))>0,VLOOKUP(A22,'Trust - Frontsheet'!$A$16:$AC$216,29,0)<=0),"Actual hours entered with no patient count",""))
A23: =IF('Trust - Frontsheet'!A25="","",'Trust - Frontsheet'!A25) -> RTQG1Laurel House | B23: =IF('Trust - Frontsheet'!A25="","",'Trust - Frontsheet'!D25) -> RTQG1 | C23: =IF(VLOOKUP(A23,'Trust - Frontsheet'!$A$16:$AC$215,5,0)="","",VLOOKUP(A23,'Trust - Frontsheet'!$A$16:$AC$216,5,0)) -> LAUREL HOUSE | D23: =IF(VLOOKUP(A23,'Trust - Frontsheet'!$A$16:$AC$215,6,0)="","",VLOOKUP(A23,'Trust - Frontsheet'!$A$16:$AC$216,6,0)) -> Laurel House | E23: =IF(A23="","",IF(AND('Trust - Frontsheet'!AK25>1,ISNUMBER('Trust - Frontsheet'!AK25)),"Registered Nurses/Midwives Avg Day Fill rate > 100%","")) | F23: =IF(A23="","",IF(AND(ISNUMBER('Trust - Frontsheet'!AL25),'Trust - Frontsheet'!AL25>1),"Non-Registered Nurses/Midwives Avg Day Fill rate > 100%","")) -> Non-Registered Nurses/Midwives Avg Day Fill rate > 100% | G23: =IF(A23="","",IF(AND(ISNUMBER('Trust - Frontsheet'!AM25),'Trust - Frontsheet'!AM25>1),"Registered Nursing Associates Day Fill rate > 100%","")) | H23: =IF(A23="","",IF(AND(ISNUMBER('Trust - Frontsheet'!AN25),'Trust - Frontsheet'!AN25>1),"Non-Registered Nursing Associates Day Fill rate > 100%","")) | I23: =IF(A23="","",IF(AND(ISNUMBER('Trust - Frontsheet'!AO25),'Trust - Frontsheet'!AO25>1),"Registered Nurses/Midwives Avg Night Fill rate > 100%","")) | J23: =IF(A23="","",IF(AND(ISNUMBER('Trust - Frontsheet'!AP25),'Trust - Frontsheet'!AP25>1),"Non-Registered Nurses/Midwives Avg Night Fill rate >100%","")) | K23: =IF(A23="","",IF(AND(ISNUMBER('Trust - Frontsheet'!AQ25),'Trust - Frontsheet'!AQ25>1),"Registered Nursing Associates Avg Night Fill rate 100%","")) | L23: =IF(A23="","",IF(AND(ISNUMBER('Trust - Frontsheet'!AR25),'Trust - Frontsheet'!AR25>1),"Non-Registered Nursing Associates Avg Night Fill rate > 100%","")) | M23: =IF(A23="","",IF(AND(ISNUMBER('Trust - Frontsheet'!AS25),'Trust - Frontsheet'!AS25>1),"Registered Allied Health Professionals Avg Fill rate > 100%","")) | N23: =IF(A23="","",IF(AND(ISNUMBER('Trust - Frontsheet'!AT25),'Trust - Frontsheet'!AT25>1),"Non-Registered Allied Health Professionals Avg Fill rate > 100%","")) | O23: =IF(A23="","",IF((VLOOKUP(A23,'Trust - Frontsheet'!$A$16:$AC$216,9,0)+VLOOKUP(A23,'Trust - Frontsheet'!$A$16:$AC$216,11,0)+VLOOKUP(A23,'Trust - Frontsheet'!$A$16:$AC$216,13,0)+VLOOKUP(A23,'Trust - Frontsheet'!$A$16:$AC$216,15,0)+VLOOKUP(A23,'Trust - Frontsheet'!$A$16:$AC$216,17,0)+VLOOKUP(A23,'Trust - Frontsheet'!$A$16:$AC$216,19,0)+VLOOKUP(A23,'Trust - Frontsheet'!$A$16:$AC$216,21,0)+VLOOKUP(A23,'Trust - Frontsheet'!$A$16:$AC$216,23,0)+VLOOKUP(A23,'Trust - Frontsheet'!$A$16:$AC$216,25,0)+VLOOKUP(A23,'Trust - Frontsheet'!$A$16:$AC$216,27,0))<=0,"Planned hours aren't greater than zero","")) | P23: =IF(A23="","",IF((VLOOKUP(A23,'Trust - Frontsheet'!$A$16:$AC$216,10,0)+VLOOKUP(A23,'Trust - Frontsheet'!$A$16:$AC$216,12,0)+VLOOKUP(A23,'Trust - Frontsheet'!$A$16:$AC$216,14,0)+VLOOKUP(A23,'Trust - Frontsheet'!$A$16:$AC$216,16,0)+VLOOKUP(A23,'Trust - Frontsheet'!$A$16:$AC$216,18,0)+VLOOKUP(A23,'Trust - Frontsheet'!$A$16:$AC$216,20,0)+VLOOKUP(A23,'Trust - Frontsheet'!$A$16:$AC$216,22,0)+VLOOKUP(A23,'Trust - Frontsheet'!$A$16:$AC$216,24,0)+VLOOKUP(A23,'Trust - Frontsheet'!$A$16:$AC$216,26,0)+VLOOKUP(A23,'Trust - Frontsheet'!$A$16:$AC$216,28,0))<=0,"Actual hours aren't greater than zero","")) | Q23: =IF(A23="","",IF((VLOOKUP(A23,'Trust - Frontsheet'!$A$16:$AC$216,10,0)+VLOOKUP(A23,'Trust - Frontsheet'!$A$16:$AC$216,12,0)+VLOOKUP(A23,'Trust - Frontsheet'!$A$16:$AC$216,14,0)+VLOOKUP(A23,'Trust - Frontsheet'!$A$16:$AC$216,16,0)+VLOOKUP(A23,'Trust - Frontsheet'!$A$16:$AC$216,18,0)+VLOOKUP(A23,'Trust - Frontsheet'!$A$16:$AC$216,20,0)+VLOOKUP(A23,'Trust - Frontsheet'!$A$16:$AC$216,22,0)+VLOOKUP(A23,'Trust - Frontsheet'!$A$16:$AC$216,24,0)+VLOOKUP(A23,'Trust - Frontsheet'!$A$16:$AC$216,26,0)+VLOOKUP(A23,'Trust - Frontsheet'!$A$16:$AC$216,28,0))<1448,"Actual hours are under 1448","")) | R23: =IF(A23="","",IF((VLOOKUP(A23,'Trust - Frontsheet'!$A$16:$AC$216,10,0)+VLOOKUP(A23,'Trust - Frontsheet'!$A$16:$AC$216,12,0)+VLOOKUP(A23,'Trust - Frontsheet'!$A$16:$AC$216,14,0)+VLOOKUP(A23,'Trust - Frontsheet'!$A$16:$AC$216,16,0)+VLOOKUP(A23,'Trust - Frontsheet'!$A$16:$AC$216,18,0)+VLOOKUP(A23,'Trust - Frontsheet'!$A$16:$AC$216,20,0)+VLOOKUP(A23,'Trust - Frontsheet'!$A$16:$AC$216,22,0)+VLOOKUP(A23,'Trust - Frontsheet'!$A$16:$AC$216,24,0)+VLOOKUP(A23,'Trust - Frontsheet'!$A$16:$AC$216,26,0)+VLOOKUP(A23,'Trust - Frontsheet'!$A$16:$AC$216,28,0))>30000,"Actual hours are greater than 30,000","")) | S23: =IF(A23="","",IF(AND((VLOOKUP(A23,'Trust - Frontsheet'!$A$16:$AC$216,10,0)+VLOOKUP(A23,'Trust - Frontsheet'!$A$16:$AC$216,12,0)+VLOOKUP(A23,'Trust - Frontsheet'!$A$16:$AC$216,14,0)+VLOOKUP(A23,'Trust - Frontsheet'!$A$16:$AC$216,16,0)+VLOOKUP(A23,'Trust - Frontsheet'!$A$16:$AC$216,18,0)+VLOOKUP(A23,'Trust - Frontsheet'!$A$16:$AC$216,20,0)+VLOOKUP(A23,'Trust - Frontsheet'!$A$16:$AC$216,22,0)+VLOOKUP(A23,'Trust - Frontsheet'!$A$16:$AC$216,24,0)+VLOOKUP(A23,'Trust - Frontsheet'!$A$16:$AC$216,26,0)+VLOOKUP(A23,'Trust - Frontsheet'!$A$16:$AC$216,28,0))>0,VLOOKUP(A23,'Trust - Frontsheet'!$A$16:$AC$216,29,0)<=0),"Actual hours entered with no patient count",""))
A24: =IF('Trust - Frontsheet'!A26="","",'Trust - Frontsheet'!A26) -> RTQ13Honeybourne | B24: =IF('Trust - Frontsheet'!A26="","",'Trust - Frontsheet'!D26) -> RTQ13 | C24: =IF(VLOOKUP(A24,'Trust - Frontsheet'!$A$16:$AC$215,5,0)="","",VLOOKUP(A24,'Trust - Frontsheet'!$A$16:$AC$216,5,0)) -> HONEYBOURNE | D24: =IF(VLOOKUP(A24,'Trust - Frontsheet'!$A$16:$AC$215,6,0)="","",VLOOKUP(A24,'Trust - Frontsheet'!$A$16:$AC$216,6,0)) -> Honeybourne | E24: =IF(A24="","",IF(AND('Trust - Frontsheet'!AK26>1,ISNUMBER('Trust - Frontsheet'!AK26)),"Registered Nurses/Midwives Avg Day Fill rate > 100%","")) | F24: =IF(A24="","",IF(AND(ISNUMBER('Trust - Frontsheet'!AL26),'Trust - Frontsheet'!AL26>1),"Non-Registered Nurses/Midwives Avg Day Fill rate > 100%","")) -> Non-Registered Nurses/Midwives Avg Day Fill rate > 100% | G24: =IF(A24="","",IF(AND(ISNUMBER('Trust - Frontsheet'!AM26),'Trust - Frontsheet'!AM26>1),"Registered Nursing Associates Day Fill rate > 100%","")) | H24: =IF(A24="","",IF(AND(ISNUMBER('Trust - Frontsheet'!AN26),'Trust - Frontsheet'!AN26>1),"Non-Registered Nursing Associates Day Fill rate > 100%","")) | I24: =IF(A24="","",IF(AND(ISNUMBER('Trust - Frontsheet'!AO26),'Trust - Frontsheet'!AO26>1),"Registered Nurses/Midwives Avg Night Fill rate > 100%","")) -> Registered Nurses/Midwives Avg Night Fill rate > 100% | J24: =IF(A24="","",IF(AND(ISNUMBER('Trust - Frontsheet'!AP26),'Trust - Frontsheet'!AP26>1),"Non-Registered Nurses/Midwives Avg Night Fill rate >100%","")) -> Non-Registered Nurses/Midwives Avg Night Fill rate >100% | K24: =IF(A24="","",IF(AND(ISNUMBER('Trust - Frontsheet'!AQ26),'Trust - Frontsheet'!AQ26>1),"Registered Nursing Associates Avg Night Fill rate 100%","")) | L24: =IF(A24="","",IF(AND(ISNUMBER('Trust - Frontsheet'!AR26),'Trust - Frontsheet'!AR26>1),"Non-Registered Nursing Associates Avg Night Fill rate > 100%","")) | M24: =IF(A24="","",IF(AND(ISNUMBER('Trust - Frontsheet'!AS26),'Trust - Frontsheet'!AS26>1),"Registered Allied Health Professionals Avg Fill rate > 100%","")) | N24: =IF(A24="","",IF(AND(ISNUMBER('Trust - Frontsheet'!AT26),'Trust - Frontsheet'!AT26>1),"Non-Registered Allied Health Professionals Avg Fill rate > 100%","")) | O24: =IF(A24="","",IF((VLOOKUP(A24,'Trust - Frontsheet'!$A$16:$AC$216,9,0)+VLOOKUP(A24,'Trust - Frontsheet'!$A$16:$AC$216,11,0)+VLOOKUP(A24,'Trust - Frontsheet'!$A$16:$AC$216,13,0)+VLOOKUP(A24,'Trust - Frontsheet'!$A$16:$AC$216,15,0)+VLOOKUP(A24,'Trust - Frontsheet'!$A$16:$AC$216,17,0)+VLOOKUP(A24,'Trust - Frontsheet'!$A$16:$AC$216,19,0)+VLOOKUP(A24,'Trust - Frontsheet'!$A$16:$AC$216,21,0)+VLOOKUP(A24,'Trust - Frontsheet'!$A$16:$AC$216,23,0)+VLOOKUP(A24,'Trust - Frontsheet'!$A$16:$AC$216,25,0)+VLOOKUP(A24,'Trust - Frontsheet'!$A$16:$AC$216,27,0))<=0,"Planned hours aren't greater than zero","")) | P24: =IF(A24="","",IF((VLOOKUP(A24,'Trust - Frontsheet'!$A$16:$AC$216,10,0)+VLOOKUP(A24,'Trust - Frontsheet'!$A$16:$AC$216,12,0)+VLOOKUP(A24,'Trust - Frontsheet'!$A$16:$AC$216,14,0)+VLOOKUP(A24,'Trust - Frontsheet'!$A$16:$AC$216,16,0)+VLOOKUP(A24,'Trust - Frontsheet'!$A$16:$AC$216,18,0)+VLOOKUP(A24,'Trust - Frontsheet'!$A$16:$AC$216,20,0)+VLOOKUP(A24,'Trust - Frontsheet'!$A$16:$AC$216,22,0)+VLOOKUP(A24,'Trust - Frontsheet'!$A$16:$AC$216,24,0)+VLOOKUP(A24,'Trust - Frontsheet'!$A$16:$AC$216,26,0)+VLOOKUP(A24,'Trust - Frontsheet'!$A$16:$AC$216,28,0))<=0,"Actual hours aren't greater than zero","")) | Q24: =IF(A24="","",IF((VLOOKUP(A24,'Trust - Frontsheet'!$A$16:$AC$216,10,0)+VLOOKUP(A24,'Trust - Frontsheet'!$A$16:$AC$216,12,0)+VLOOKUP(A24,'Trust - Frontsheet'!$A$16:$AC$216,14,0)+VLOOKUP(A24,'Trust - Frontsheet'!$A$16:$AC$216,16,0)+VLOOKUP(A24,'Trust - Frontsheet'!$A$16:$AC$216,18,0)+VLOOKUP(A24,'Trust - Frontsheet'!$A$16:$AC$216,20,0)+VLOOKUP(A24,'Trust - Frontsheet'!$A$16:$AC$216,22,0)+VLOOKUP(A24,'Trust - Frontsheet'!$A$16:$AC$216,24,0)+VLOOKUP(A24,'Trust - Frontsheet'!$A$16:$AC$216,26,0)+VLOOKUP(A24,'Trust - Frontsheet'!$A$16:$AC$216,28,0))<1448,"Actual hours are under 1448","")) | R24: =IF(A24="","",IF((VLOOKUP(A24,'Trust - Frontsheet'!$A$16:$AC$216,10,0)+VLOOKUP(A24,'Trust - Frontsheet'!$A$16:$AC$216,12,0)+VLOOKUP(A24,'Trust - Frontsheet'!$A$16:$AC$216,14,0)+VLOOKUP(A24,'Trust - Frontsheet'!$A$16:$AC$216,16,0)+VLOOKUP(A24,'Trust - Frontsheet'!$A$16:$AC$216,18,0)+VLOOKUP(A24,'Trust - Frontsheet'!$A$16:$AC$216,20,0)+VLOOKUP(A24,'Trust - Frontsheet'!$A$16:$AC$216,22,0)+VLOOKUP(A24,'Trust - Frontsheet'!$A$16:$AC$216,24,0)+VLOOKUP(A24,'Trust - Frontsheet'!$A$16:$AC$216,26,0)+VLOOKUP(A24,'Trust - Frontsheet'!$A$16:$AC$216,28,0))>30000,"Actual hours are greater than 30,000","")) | S24: =IF(A24="","",IF(AND((VLOOKUP(A24,'Trust - Frontsheet'!$A$16:$AC$216,10,0)+VLOOKUP(A24,'Trust - Frontsheet'!$A$16:$AC$216,12,0)+VLOOKUP(A24,'Trust - Frontsheet'!$A$16:$AC$216,14,0)+VLOOKUP(A24,'Trust - Frontsheet'!$A$16:$AC$216,16,0)+VLOOKUP(A24,'Trust - Frontsheet'!$A$16:$AC$216,18,0)+VLOOKUP(A24,'Trust - Frontsheet'!$A$16:$AC$216,20,0)+VLOOKUP(A24,'Trust - Frontsheet'!$A$16:$AC$216,22,0)+VLOOKUP(A24,'Trust - Frontsheet'!$A$16:$AC$216,24,0)+VLOOKUP(A24,'Trust - Frontsheet'!$A$16:$AC$216,26,0)+VLOOKUP(A24,'Trust - Frontsheet'!$A$16:$AC$216,28,0))>0,VLOOKUP(A24,'Trust - Frontsheet'!$A$16:$AC$216,29,0)<=0),"Actual hours entered with no patient count",""))
A25: =IF('Trust - Frontsheet'!A27="","",'Trust - Frontsheet'!A27) -> RTQ54Berkeley House | B25: =IF('Trust - Frontsheet'!A27="","",'Trust - Frontsheet'!D27) -> RTQ54 | C25: =IF(VLOOKUP(A25,'Trust - Frontsheet'!$A$16:$AC$215,5,0)="","",VLOOKUP(A25,'Trust - Frontsheet'!$A$16:$AC$216,5,0)) -> BERKELEY HOUSE | D25: =IF(VLOOKUP(A25,'Trust - Frontsheet'!$A$16:$AC$215,6,0)="","",VLOOKUP(A25,'Trust - Frontsheet'!$A$16:$AC$216,6,0)) -> Berkeley House | E25: =IF(A25="","",IF(AND('Trust - Frontsheet'!AK27>1,ISNUMBER('Trust - Frontsheet'!AK27)),"Registered Nurses/Midwives Avg Day Fill rate > 100%","")) | F25: =IF(A25="","",IF(AND(ISNUMBER('Trust - Frontsheet'!AL27),'Trust - Frontsheet'!AL27>1),"Non-Registered Nurses/Midwives Avg Day Fill rate > 100%","")) | G25: =IF(A25="","",IF(AND(ISNUMBER('Trust - Frontsheet'!AM27),'Trust - Frontsheet'!AM27>1),"Registered Nursing Associates Day Fill rate > 100%","")) | H25: =IF(A25="","",IF(AND(ISNUMBER('Trust - Frontsheet'!AN27),'Trust - Frontsheet'!AN27>1),"Non-Registered Nursing Associates Day Fill rate > 100%","")) | I25: =IF(A25="","",IF(AND(ISNUMBER('Trust - Frontsheet'!AO27),'Trust - Frontsheet'!AO27>1),"Registered Nurses/Midwives Avg Night Fill rate > 100%","")) -> Registered Nurses/Midwives Avg Night Fill rate > 100% | J25: =IF(A25="","",IF(AND(ISNUMBER('Trust - Frontsheet'!AP27),'Trust - Frontsheet'!AP27>1),"Non-Registered Nurses/Midwives Avg Night Fill rate >100%","")) | K25: =IF(A25="","",IF(AND(ISNUMBER('Trust - Frontsheet'!AQ27),'Trust - Frontsheet'!AQ27>1),"Registered Nursing Associates Avg Night Fill rate 100%","")) | L25: =IF(A25="","",IF(AND(ISNUMBER('Trust - Frontsheet'!AR27),'Trust - Frontsheet'!AR27>1),"Non-Registered Nursing Associates Avg Night Fill rate > 100%","")) | M25: =IF(A25="","",IF(AND(ISNUMBER('Trust - Frontsheet'!AS27),'Trust - Frontsheet'!AS27>1),"Registered Allied Health Professionals Avg Fill rate > 100%","")) | N25: =IF(A25="","",IF(AND(ISNUMBER('Trust - Frontsheet'!AT27),'Trust - Frontsheet'!AT27>1),"Non-Registered Allied Health Professionals Avg Fill rate > 100%","")) | O25: =IF(A25="","",IF((VLOOKUP(A25,'Trust - Frontsheet'!$A$16:$AC$216,9,0)+VLOOKUP(A25,'Trust - Frontsheet'!$A$16:$AC$216,11,0)+VLOOKUP(A25,'Trust - Frontsheet'!$A$16:$AC$216,13,0)+VLOOKUP(A25,'Trust - Frontsheet'!$A$16:$AC$216,15,0)+VLOOKUP(A25,'Trust - Frontsheet'!$A$16:$AC$216,17,0)+VLOOKUP(A25,'Trust - Frontsheet'!$A$16:$AC$216,19,0)+VLOOKUP(A25,'Trust - Frontsheet'!$A$16:$AC$216,21,0)+VLOOKUP(A25,'Trust - Frontsheet'!$A$16:$AC$216,23,0)+VLOOKUP(A25,'Trust - Frontsheet'!$A$16:$AC$216,25,0)+VLOOKUP(A25,'Trust - Frontsheet'!$A$16:$AC$216,27,0))<=0,"Planned hours aren't greater than zero","")) | P25: =IF(A25="","",IF((VLOOKUP(A25,'Trust - Frontsheet'!$A$16:$AC$216,10,0)+VLOOKUP(A25,'Trust - Frontsheet'!$A$16:$AC$216,12,0)+VLOOKUP(A25,'Trust - Frontsheet'!$A$16:$AC$216,14,0)+VLOOKUP(A25,'Trust - Frontsheet'!$A$16:$AC$216,16,0)+VLOOKUP(A25,'Trust - Frontsheet'!$A$16:$AC$216,18,0)+VLOOKUP(A25,'Trust - Frontsheet'!$A$16:$AC$216,20,0)+VLOOKUP(A25,'Trust - Frontsheet'!$A$16:$AC$216,22,0)+VLOOKUP(A25,'Trust - Frontsheet'!$A$16:$AC$216,24,0)+VLOOKUP(A25,'Trust - Frontsheet'!$A$16:$AC$216,26,0)+VLOOKUP(A25,'Trust - Frontsheet'!$A$16:$AC$216,28,0))<=0,"Actual hours aren't greater than zero","")) | Q25: =IF(A25="","",IF((VLOOKUP(A25,'Trust - Frontsheet'!$A$16:$AC$216,10,0)+VLOOKUP(A25,'Trust - Frontsheet'!$A$16:$AC$216,12,0)+VLOOKUP(A25,'Trust - Frontsheet'!$A$16:$AC$216,14,0)+VLOOKUP(A25,'Trust - Frontsheet'!$A$16:$AC$216,16,0)+VLOOKUP(A25,'Trust - Frontsheet'!$A$16:$AC$216,18,0)+VLOOKUP(A25,'Trust - Frontsheet'!$A$16:$AC$216,20,0)+VLOOKUP(A25,'Trust - Frontsheet'!$A$16:$AC$216,22,0)+VLOOKUP(A25,'Trust - Frontsheet'!$A$16:$AC$216,24,0)+VLOOKUP(A25,'Trust - Frontsheet'!$A$16:$AC$216,26,0)+VLOOKUP(A25,'Trust - Frontsheet'!$A$16:$AC$216,28,0))<1448,"Actual hours are under 1448","")) | R25: =IF(A25="","",IF((VLOOKUP(A25,'Trust - Frontsheet'!$A$16:$AC$216,10,0)+VLOOKUP(A25,'Trust - Frontsheet'!$A$16:$AC$216,12,0)+VLOOKUP(A25,'Trust - Frontsheet'!$A$16:$AC$216,14,0)+VLOOKUP(A25,'Trust - Frontsheet'!$A$16:$AC$216,16,0)+VLOOKUP(A25,'Trust - Frontsheet'!$A$16:$AC$216,18,0)+VLOOKUP(A25,'Trust - Frontsheet'!$A$16:$AC$216,20,0)+VLOOKUP(A25,'Trust - Frontsheet'!$A$16:$AC$216,22,0)+VLOOKUP(A25,'Trust - Frontsheet'!$A$16:$AC$216,24,0)+VLOOKUP(A25,'Trust - Frontsheet'!$A$16:$AC$216,26,0)+VLOOKUP(A25,'Trust - Frontsheet'!$A$16:$AC$216,28,0))>30000,"Actual hours are greater than 30,000","")) | S25: =IF(A25="","",IF(AND((VLOOKUP(A25,'Trust - Frontsheet'!$A$16:$AC$216,10,0)+VLOOKUP(A25,'Trust - Frontsheet'!$A$16:$AC$216,12,0)+VLOOKUP(A25,'Trust - Frontsheet'!$A$16:$AC$216,14,0)+VLOOKUP(A25,'Trust - Frontsheet'!$A$16:$AC$216,16,0)+VLOOKUP(A25,'Trust - Frontsheet'!$A$16:$AC$216,18,0)+VLOOKUP(A25,'Trust - Frontsheet'!$A$16:$AC$216,20,0)+VLOOKUP(A25,'Trust - Frontsheet'!$A$16:$AC$216,22,0)+VLOOKUP(A25,'Trust - Frontsheet'!$A$16:$AC$216,24,0)+VLOOKUP(A25,'Trust - Frontsheet'!$A$16:$AC$216,26,0)+VLOOKUP(A25,'Trust - Frontsheet'!$A$16:$AC$216,28,0))>0,VLOOKUP(A25,'Trust - Frontsheet'!$A$16:$AC$216,29,0)<=0),"Actual hours entered with no patient count",""))
... A213: =IF('Trust - Frontsheet'!A215="","",'Trust - Frontsheet'!A215) | B213: =IF('Trust - Frontsheet'!A215="","",'Trust - Frontsheet'!D215) | C213: =IF(VLOOKUP(A213,'Trust - Frontsheet'!$A$16:$AC$215,5,0)="","",VLOOKUP(A213,'Trust - Frontsheet'!$A$16:$AC$216,5,0)) | D213: =IF(VLOOKUP(A213,'Trust - Frontsheet'!$A$16:$AC$215,6,0)="","",VLOOKUP(A213,'Trust - Frontsheet'!$A$16:$AC$216,6,0)) | E213: =IF(A213="","",IF(AND('Trust - Frontsheet'!AK215>1,ISNUMBER('Trust - Frontsheet'!AK215)),"Registered Nurses/Midwives Avg Day Fill rate > 100%","")) | F213: =IF(A213="","",IF(AND(ISNUMBER('Trust - Frontsheet'!AL215),'Trust - Frontsheet'!AL215>1),"Non-Registered Nurses/Midwives Avg Day Fill rate > 100%","")) | G213: =IF(A213="","",IF(AND(ISNUMBER('Trust - Frontsheet'!AM215),'Trust - Frontsheet'!AM215>1),"Registered Nursing Associates Day Fill rate > 100%","")) | H213: =IF(A213="","",IF(AND(ISNUMBER('Trust - Frontsheet'!AN215),'Trust - Frontsheet'!AN215>1),"Non-Registered Nursing Associates Day Fill rate > 100%","")) | I213: =IF(A213="","",IF(AND(ISNUMBER('Trust - Frontsheet'!AO215),'Trust - Frontsheet'!AO215>1),"Registered Nurses/Midwives Avg Night Fill rate > 100%","")) | J213: =IF(A213="","",IF(AND(ISNUMBER('Trust - Frontsheet'!AP215),'Trust - Frontsheet'!AP215>1),"Non-Registered Nurses/Midwives Avg Night Fill rate >100%","")) | K213: =IF(A213="","",IF(AND(ISNUMBER('Trust - Frontsheet'!AQ215),'Trust - Frontsheet'!AQ215>1),"Registered Nursing Associates Avg Night Fill rate 100%","")) | L213: =IF(A213="","",IF(AND(ISNUMBER('Trust - Frontsheet'!AR215),'Trust - Frontsheet'!AR215>1),"Non-Registered Nursing Associates Avg Night Fill rate > 100%","")) | M213: =IF(A213="","",IF(AND(ISNUMBER('Trust - Frontsheet'!AS215),'Trust - Frontsheet'!AS215>1),"Registered Allied Health Professionals Avg Fill rate > 100%","")) | N213: =IF(A213="","",IF(AND(ISNUMBER('Trust - Frontsheet'!AT215),'Trust - Frontsheet'!AT215>1),"Non-Registered Allied Health Professionals Avg Fill rate > 100%","")) | O213: =IF(A213="","",IF((VLOOKUP(A213,'Trust - Frontsheet'!$A$16:$AC$216,9,0)+VLOOKUP(A213,'Trust - Frontsheet'!$A$16:$AC$216,11,0)+VLOOKUP(A213,'Trust - Frontsheet'!$A$16:$AC$216,13,0)+VLOOKUP(A213,'Trust - Frontsheet'!$A$16:$AC$216,15,0)+VLOOKUP(A213,'Trust - Frontsheet'!$A$16:$AC$216,17,0)+VLOOKUP(A213,'Trust - Frontsheet'!$A$16:$AC$216,19,0)+VLOOKUP(A213,'Trust - Frontsheet'!$A$16:$AC$216,21,0)+VLOOKUP(A213,'Trust - Frontsheet'!$A$16:$AC$216,23,0)+VLOOKUP(A213,'Trust - Frontsheet'!$A$16:$AC$216,25,0)+VLOOKUP(A213,'Trust - Frontsheet'!$A$16:$AC$216,27,0))<=0,"Planned hours aren't greater than zero","")) | P213: =IF(A213="","",IF((VLOOKUP(A213,'Trust - Frontsheet'!$A$16:$AC$216,10,0)+VLOOKUP(A213,'Trust - Frontsheet'!$A$16:$AC$216,12,0)+VLOOKUP(A213,'Trust - Frontsheet'!$A$16:$AC$216,14,0)+VLOOKUP(A213,'Trust - Frontsheet'!$A$16:$AC$216,16,0)+VLOOKUP(A213,'Trust - Frontsheet'!$A$16:$AC$216,18,0)+VLOOKUP(A213,'Trust - Frontsheet'!$A$16:$AC$216,20,0)+VLOOKUP(A213,'Trust - Frontsheet'!$A$16:$AC$216,22,0)+VLOOKUP(A213,'Trust - Frontsheet'!$A$16:$AC$216,24,0)+VLOOKUP(A213,'Trust - Frontsheet'!$A$16:$AC$216,26,0)+VLOOKUP(A213,'Trust - Frontsheet'!$A$16:$AC$216,28,0))<=0,"Actual hours aren't greater than zero","")) | Q213: =IF(A213="","",IF((VLOOKUP(A213,'Trust - Frontsheet'!$A$16:$AC$216,10,0)+VLOOKUP(A213,'Trust - Frontsheet'!$A$16:$AC$216,12,0)+VLOOKUP(A213,'Trust - Frontsheet'!$A$16:$AC$216,14,0)+VLOOKUP(A213,'Trust - Frontsheet'!$A$16:$AC$216,16,0)+VLOOKUP(A213,'Trust - Frontsheet'!$A$16:$AC$216,18,0)+VLOOKUP(A213,'Trust - Frontsheet'!$A$16:$AC$216,20,0)+VLOOKUP(A213,'Trust - Frontsheet'!$A$16:$AC$216,22,0)+VLOOKUP(A213,'Trust - Frontsheet'!$A$16:$AC$216,24,0)+VLOOKUP(A213,'Trust - Frontsheet'!$A$16:$AC$216,26,0)+VLOOKUP(A213,'Trust - Frontsheet'!$A$16:$AC$216,28,0))<1448,"Actual hours are under 1448","")) | R213: =IF(A213="","",IF((VLOOKUP(A213,'Trust - Frontsheet'!$A$16:$AC$216,10,0)+VLOOKUP(A213,'Trust - Frontsheet'!$A$16:$AC$216,12,0)+VLOOKUP(A213,'Trust - Frontsheet'!$A$16:$AC$216,14,0)+VLOOKUP(A213,'Trust - Frontsheet'!$A$16:$AC$216,16,0)+VLOOKUP(A213,'Trust - Frontsheet'!$A$16:$AC$216,18,0)+VLOOKUP(A213,'Trust - Frontsheet'!$A$16:$AC$216,20,0)+VLOOKUP(A213,'Trust - Frontsheet'!$A$16:$AC$216,22,0)+VLOOKUP(A213,'Trust - Frontsheet'!$A$16:$AC$216,24,0)+VLOOKUP(A213,'Trust - Frontsheet'!$A$16:$AC$216,26,0)+VLOOKUP(A213,'Trust - Frontsheet'!$A$16:$AC$216,28,0))>30000,"Actual hours are greater than 30,000","")) | S213: =IF(A213="","",IF(AND((VLOOKUP(A213,'Trust - Frontsheet'!$A$16:$AC$216,10,0)+VLOOKUP(A213,'Trust - Frontsheet'!$A$16:$AC$216,12,0)+VLOOKUP(A213,'Trust - Frontsheet'!$A$16:$AC$216,14,0)+VLOOKUP(A213,'Trust - Frontsheet'!$A$16:$AC$216,16,0)+VLOOKUP(A213,'Trust - Frontsheet'!$A$16:$AC$216,18,0)+VLOOKUP(A213,'Trust - Frontsheet'!$A$16:$AC$216,20,0)+VLOOKUP(A213,'Trust - Frontsheet'!$A$16:$AC$216,22,0)+VLOOKUP(A213,'Trust - Frontsheet'!$A$16:$AC$216,24,0)+VLOOKUP(A213,'Trust - Frontsheet'!$A$16:$AC$216,26,0)+VLOOKUP(A213,'Trust - Frontsheet'!$A$16:$AC$216,28,0))>0,VLOOKUP(A213,'Trust - Frontsheet'!$A$16:$AC$216,29,0)<=0),"Actual hours entered with no patient count",""))

Sheet Reference Data
A1: Specialties | D1: Provider Orgs | G1: Sites | J1: Concat Construction
A2: 100 - GENERAL SURGERY | D2: RCF | E2: AIREDALE NHS FOUNDATION TRUST | G2: =H2&I2 -> AXGSAVERNAKE COMMUNITY HOSPITAL | H2: =LEFT(J2,3) -> AXG | I2: SAVERNAKE COMMUNITY HOSPITAL | J2: AXG02 | K2: Match:
A3: 101 - UROLOGY | D3: RBS | E3: ALDER HEY CHILDREN'S NHS FOUNDATION TRUST | G3: =H3&I3 -> AXGWARMINSTER COMMUNITY HOSPITAL | H3: =LEFT(J3,3) -> AXG | I3: WARMINSTER COMMUNITY HOSPITAL | J3: AXG03 | K3: =MATCH(OrgCodeSelection,SiteOrgCodes,0)+1 -> 2108
A4: 103 - BREAST SURGERY | D4: RTK | E4: ASHFORD AND ST PETER'S HOSPITALS NHS FOUNDATION TRUST | G4: =H4&I4 -> AXGWILTSHIRE HEALTH & CARE (CHIPPENHAM COMMUNITY HOSPITAL) | H4: =LEFT(J4,3) -> AXG | I4: WILTSHIRE HEALTH & CARE (CHIPPENHAM COMMUNITY HOSPITAL) | J4: AXG01 | K4: Countif:
A5: 107 - VASCULAR SURGERY | D5: RVN | E5: AVON AND WILTSHIRE MENTAL HEALTH PARTNERSHIP NHS TRUST | G5: =H5&I5 -> R0AMANCHESTER ROYAL EYE HOSPITAL | H5: =LEFT(J5,3) -> R0A | I5: MANCHESTER ROYAL EYE HOSPITAL | J5: R0A04 | K5: =SUM(COUNTIF(SiteOrgCodes,OrgCodeSelection)+$K$3-1) -> 2149
A6: 110 - TRAUMA & ORTHOPAEDICS | D6: RF4 | E6: BARKING, HAVERING AND REDBRIDGE UNIVERSITY HOSPITALS NHS TRUST | G6: =H6&I6 -> R0AMANCHESTER ROYAL INFIRMARY | H6: =LEFT(J6,3) -> R0A | I6: MANCHESTER ROYAL INFIRMARY | J6: R0A02 | K6: Concat Items:
A7: 120 - ENT | D7: RRP | E7: BARNET, ENFIELD AND HARINGEY MENTAL HEALTH NHS TRUST | G7: =H7&I7 -> R0ANORTH MANCHESTER GENERAL HOSPITAL | H7: =LEFT(J7,3) -> R0A | I7: NORTH MANCHESTER GENERAL HOSPITAL | J7: R0A66 | K7: $I
A8: 130 - OPHTHALMOLOGY | D8: RFF | E8: BARNSLEY HOSPITAL NHS FOUNDATION TRUST | G8: =H8&I8 -> R0AROYAL MANCHESTER CHILDREN'S HOSPITAL | H8: =LEFT(J8,3) -> R0A | I8: ROYAL MANCHESTER CHILDREN'S HOSPITAL | J8: R0A03 | K8: :$I
A9: 140 - ORAL SURGERY | D9: R1H | E9: BARTS HEALTH NHS TRUST | G9: =H9&I9 -> R0AST MARY'S HOSPITAL | H9: =LEFT(J9,3) -> R0A | I9: ST MARY'S HOSPITAL | J9: R0A05
A10: 141 - RESTORATIVE DENTISTRY | D10: RC9 | E10: BEDFORDSHIRE HOSPITALS NHS FOUNDATION TRUST | G10: =H10&I10 -> R0ATRAFFORD GENERAL HOSPITAL | H10: =LEFT(J10,3) -> R0A | I10: TRAFFORD GENERAL HOSPITAL | J10: R0A09 | K10: Concat Final:
A11: 142 - PAEDIATRIC DENTISTRY | D11: RWX | E11: BERKSHIRE HEALTHCARE NHS FOUNDATION TRUST | G11: =H11&I11 -> R0AUNIVERSITY DENTAL HOSPITAL | H11: =LEFT(J11,3) -> R0A | I11: UNIVERSITY DENTAL HOSPITAL | J11: R0A06 | K11: =CONCATENATE($K$7,$K$3,$K$8,$K$5) -> $I2108:$I2149
A12: 143 - ORTHODONTICS | D12: RXT | E12: BIRMINGHAM AND SOLIHULL MENTAL HEALTH NHS FOUNDATION TRUST | G12: =H12&I12 -> R0AWYTHENSHAWE HOSPITAL | H12: =LEFT(J12,3) -> R0A | I12: WYTHENSHAWE HOSPITAL | J12: R0A07
A13: 145 - ORAL & MAXILLO FACIAL SURGERY | D13: RYW | E13: BIRMINGHAM COMMUNITY HEALTHCARE NHS FOUNDATION TRUST | G13: =H13&I13 -> R0BMONKTON HALL HOSPITAL | H13: =LEFT(J13,3) -> R0B | I13: MONKTON HALL HOSPITAL | J13: R0B1J
A14: 150 - NEUROSURGERY | D14: RQ3 | E14: BIRMINGHAM WOMEN'S AND CHILDREN'S NHS FOUNDATION TRUST | G14: =H14&I14 -> R0BSOUTH TYNESIDE DISTRICT HOSPITAL | H14: =LEFT(J14,3) -> R0B | I14: SOUTH TYNESIDE DISTRICT HOSPITAL | J14: R0B0Q
A15: 160 - PLASTIC SURGERY | D15: TAJ | E15: BLACK COUNTRY HEALTHCARE NHS FOUNDATION TRUST | G15: =H15&I15 -> R0BST BENEDICT'S HOSPICE | H15: =LEFT(J15,3) -> R0B | I15: ST BENEDICT'S HOSPICE | J15: R0B0U
A16: 170 - CARDIOTHORACIC SURGERY | D16: RXL | E16: BLACKPOOL TEACHING HOSPITALS NHS FOUNDATION TRUST | G16: =H16&I16 -> R0BSUNDERLAND EYE INFIRMARY | H16: =LEFT(J16,3) -> R0B | I16: SUNDERLAND EYE INFIRMARY | J16: R0B0X
A17: 171 - PAEDIATRIC SURGERY | D17: RMC | E17: BOLTON NHS FOUNDATION TRUST | G17: =H17&I17 -> R0BSUNDERLAND ROYAL HOSPITAL | H17: =LEFT(J17,3) -> R0B | I17: SUNDERLAND ROYAL HOSPITAL | J17: R0B01
A18: 180 - ACCIDENT & EMERGENCY | D18: TAD | E18: BRADFORD DISTRICT CARE NHS FOUNDATION TRUST | G18: =H18&I18 -> R0DA&E | H18: =LEFT(J18,3) -> R0D | I18: A&E | J18: R0D16
A19: 190 - ANAESTHETICS | D19: RAE | E19: BRADFORD TEACHING HOSPITALS NHS FOUNDATION TRUST | G19: =H19&I19 -> R0DALDERNEY COMMUNITY HOSPITAL | H19: =LEFT(J19,3) -> R0D | I19: ALDERNEY COMMUNITY HOSPITAL | J19: R0D0H
A20: 192 - CRITICAL CARE MEDICINE | D20: RY2 | E20: BRIDGEWATER COMMUNITY HEALTHCARE NHS FOUNDATION TRUST | G20: =H20&I20 -> R0DBLANDFORD COMMUNITY HOSPITAL | H20: =LEFT(J20,3) -> R0D | I20: BLANDFORD COMMUNITY HOSPITAL | J20: R0D04
A21: 300 - GENERAL MEDICINE | D21: RXQ | E21: BUCKINGHAMSHIRE HEALTHCARE NHS TRUST | G21: =H21&I21 -> R0DBOSCOMBE COMMUNITY HOSPITAL | H21: =LEFT(J21,3) -> R0D | I21: BOSCOMBE COMMUNITY HOSPITAL | J21: R0D05
A22: 301 - GASTROENTEROLOGY | D22: RWY | E22: CALDERDALE AND HUDDERSFIELD NHS FOUNDATION TRUST | G22: =H22&I22 -> R0DBREAST SCREENING - POOLE | H22: =LEFT(J22,3) -> R0D | I22: BREAST SCREENING - POOLE | J22: R0D12
A23: 302 - ENDOCRINOLOGY | D23: RGT | E23: CAMBRIDGE UNIVERSITY HOSPITALS NHS FOUNDATION TRUST | G23: =H23&I23 -> R0DCHRISTCHURCH HOSPITAL | H23: =LEFT(J23,3) -> R0D | I23: CHRISTCHURCH HOSPITAL | J23: R0D03
... A84: 996 - PSYCHIATRIC INTENSIVE CARE UNIT | D84: RY6 | E84: LEEDS COMMUNITY HEALTHCARE NHS TRUST | G84: =H84&I84 -> R1ACOMMUNITY PAEDESTRICIANS-1 | H84: =LEFT(J84,3) -> R1A | I84: COMMUNITY PAEDESTRICIANS-1 | J84: R1AQQ
D85: RR8 | E85: LEEDS TEACHING HOSPITALS NHS TRUST | G85: =H85&I85 -> R1ACOMMUNITY UNIT | H85: =LEFT(J85,3) -> R1A | I85: COMMUNITY UNIT | J85: R1ADV
D86: RT5 | E86: LEICESTERSHIRE PARTNERSHIP NHS TRUST | G86: =H86&I86 -> R1ACOMMUNITY VENUE | H86: =LEFT(J86,3) -> R1A | I86: COMMUNITY VENUE | J86: R1A76
D87: RJ2 | E87: LEWISHAM AND GREENWICH NHS TRUST | G87: =H87&I87 -> R1ACOVERCROFT | H87: =LEFT(J87,3) -> R1A | I87: COVERCROFT | J87: R1APF
D88: RY5 | E88: LINCOLNSHIRE COMMUNITY HEALTH SERVICES NHS TRUST | G88: =H88&I88 -> R1ACROMWELL HOUSE | H88: =LEFT(J88,3) -> R1A | I88: CROMWELL HOUSE | J88: R1AAV
D89: RP7 | E89: LINCOLNSHIRE PARTNERSHIP NHS FOUNDATION TRUST | G89: =H89&I89 -> R1ACROWNGATE PHYSIOTHERAPY | H89: =LEFT(J89,3) -> R1A | I89: CROWNGATE PHYSIOTHERAPY | J89: R1A82
D90: RBQ | E90: LIVERPOOL HEART AND CHEST HOSPITAL NHS FOUNDATION TRUST | G90: =H90&I90 -> R1ADROITWICH SPA PRIVATE HOSPITAL | H90: =LEFT(J90,3) -> R1A | I90: DROITWICH SPA PRIVATE HOSPITAL | J90: R1AFT
D91: REM | E91: LIVERPOOL UNIVERSITY HOSPITALS NHS FOUNDATION TRUST | G91: =H91&I91 -> R1AELGAR UNIT | H91: =LEFT(J91,3) -> R1A | I91: ELGAR UNIT | J91: R1ADW
D92: REP | E92: LIVERPOOL WOMEN'S NHS FOUNDATION TRUST | G92: =H92&I92 -> R1AESTATES BUILDING | H92: =LEFT(J92,3) -> R1A | I92: ESTATES BUILDING | J92: R1ACE
D93: R1K | E93: LONDON NORTH WEST UNIVERSITY HEALTHCARE NHS TRUST | G93: =H93&I93 -> R1AEVESHAM COMMUNITY HOSPITAL | H93: =LEFT(J93,3) -> R1A | I93: EVESHAM COMMUNITY HOSPITAL | J93: R1A1P
D94: RWF | E94: MAIDSTONE AND TUNBRIDGE WELLS NHS TRUST | G94: =H94&I94 -> R1AGOLD HILL CARE HOME | H94: =LEFT(J94,3) -> R1A | I94: GOLD HILL CARE HOME | J94: R1AKK
D95: R0A | E95: MANCHESTER UNIVERSITY NHS FOUNDATION TRUST | G95: =H95&I95 -> R1AHASTINGS CARE HOME | H95: =LEFT(J95,3) -> R1A | I95: HASTINGS CARE HOME | J95: R1AKG
D96: RPA | E96: MEDWAY NHS FOUNDATION TRUST | G96: =H96&I96 -> R1AHILL CREST 1 | H96: =LEFT(J96,3) -> R1A | I96: HILL CREST 1 | J96: R1APM
... D202: RCB | E202: YORK AND SCARBOROUGH TEACHING HOSPITALS NHS FOUNDATION TRUST | G202: =H202&I202 -> R1CNEW FOREST DAS | H202: =LEFT(J202,3) -> R1C | I202: NEW FOREST DAS | J202: R1C65
G203: =H203&I203 -> R1CNO LIMITS | H203: =LEFT(J203,3) -> R1C | I203: NO LIMITS | J203: R1CG6
G204: =H204&I204 -> R1CNO LIMITS - SHIRLEY | H204: =LEFT(J204,3) -> R1C | I204: NO LIMITS - SHIRLEY | J204: R1CL2
G205: =H205&I205 -> R1CNO LIMITS - SHOLING | H205: =LEFT(J205,3) -> R1C | I205: NO LIMITS - SHOLING | J205: R1CL3
G206: =H206&I206 -> R1COAKRIDGE HALL FOR ALL | H206: =LEFT(J206,3) -> R1C | I206: OAKRIDGE HALL FOR ALL | J206: R1CL5
G207: =H207&I207 -> R1COLDER PERS MENTAL HEALTH | H207: =LEFT(J207,3) -> R1C | I207: OLDER PERS MENTAL HEALTH | J207: R1C26
G208: =H208&I208 -> R1CPETERSFIELD HOSPITAL | H208: =LEFT(J208,3) -> R1C | I208: PETERSFIELD HOSPITAL | J208: R1CD8
G209: =H209&I209 -> R1CPICKLES COPPICE | H209: =LEFT(J209,3) -> R1C | I209: PICKLES COPPICE | J209: R1C44
G210: =H210&I210 -> R1CPRINCESS ANNE HOSPITAL | H210: =LEFT(J210,3) -> R1C | I210: PRINCESS ANNE HOSPITAL | J210: R1C36
G211: =H211&I211 -> R1CQUEEN ALEXANDRA HOSPITAL | H211: =LEFT(J211,3) -> R1C | I211: QUEEN ALEXANDRA HOSPITAL | J211: R1CJ7
G212: =H212&I212 -> R1CROMSEY HOSPITAL | H212: =LEFT(J212,3) -> R1C | I212: ROMSEY HOSPITAL | J212: R1C46
G213: =H213&I213 -> R1CSAINSBURYS | H213: =LEFT(J213,3) -> R1C | I213: SAINSBURYS | J213: R1CV7
G214: =H214&I214 -> R1CSNOWDON NEURO REHAB UNIT | H214: =LEFT(J214,3) -> R1C | I214: SNOWDON NEURO REHAB UNIT | J214: R1C52
... G284: =H284&I284 -> R1DWREXHAM MAELOR HOSPITAL | H284: =LEFT(J284,3) -> R1D | I284: WREXHAM MAELOR HOSPITAL | J284: R1DD4
G285: =H285&I285 -> RW1ST MARY'S HOSPITAL | H285: RW1 | I285: ST MARY'S HOSPITAL | J285: R9V0A
G286: =H286&I286 -> RW1JUBILEE UNIT HARRY SOTNICK HOUSE | H286: RW1 | I286: JUBILEE UNIT HARRY SOTNICK HOUSE | J286: P4Q6C
G287: =H287&I287 -> RW1ST MARY'S HEALTH CAMPUS | H287: RW1 | I287: ST MARY'S HEALTH CAMPUS | J287: R1CD4
G288: =H288&I288 -> RW1JUBILEE HOUSE | H288: RW1 | I288: JUBILEE HOUSE | J288: RW12H
G289: =H289&I289 -> RW1ST JAMES' HOSPITAL | H289: RW1 | I289: ST JAMES' HOSPITAL | J289: RW159
G290: =H290&I290 -> RW1WESTERN COMMUNITY HOSPITAL | H290: RW1 | I290: WESTERN COMMUNITY HOSPITAL | J290: RW155
G291: =H291&I291 -> R1HAINSLEY UNIT | H291: =LEFT(J291,3) -> R1H | I291: AINSLEY UNIT | J291: R1H42
G292: =H292&I292 -> R1HBLT BIRTH CENTRE | H292: =LEFT(J292,3) -> R1H | I292: BLT BIRTH CENTRE | J292: R1H90
G293: =H293&I293 -> R1HBLT PRIVATE HOSPITALS | H293: =LEFT(J293,3) -> R1H | I293: BLT PRIVATE HOSPITALS | J293: R1H86
G294: =H294&I294 -> R1HGATEWAY SURGICAL CENTRE | H294: =LEFT(J294,3) -> R1H | I294: GATEWAY SURGICAL CENTRE | J294: R1H11
G295: =H295&I295 -> R1HMILE END HOSPITAL | H295: =LEFT(J295,3) -> R1H | I295: MILE END HOSPITAL | J295: R1H13
G296: =H296&I296 -> R1HNEWHAM GENERAL HOSPITAL | H296: =LEFT(J296,3) -> R1H | I296: NEWHAM GENERAL HOSPITAL | J296: R1HNH
G297: =H297&I297 -> R1HST BARTHOLOMEW'S HOSPITAL | H297: =LEFT(J297,3) -> R1H | I297: ST BARTHOLOMEW'S HOSPITAL | J297: R1HM0
G298: =H298&I298 -> R1HTHE LONDON CHEST HOSPITAL | H298: =LEFT(J298,3) -> R1H | I298: THE LONDON CHEST HOSPITAL | J298: R1H83
G299: =H299&I299 -> R1HTHE ROYAL LONDON HOSPITAL | H299: =LEFT(J299,3) -> R1H | I299: THE ROYAL LONDON HOSPITAL | J299: R1H12
G300: =H300&I300 -> R1HWHIPPS CROSS AT SILVERTHORN MEDICAL | H300: =LEFT(J300,3) -> R1H | I300: WHIPPS CROSS AT SILVERTHORN MEDICAL | J300: R1HMC
G301: =H301&I301 -> R1HWHIPPS CROSS UNIVERSITY HOSPITAL | H301: =LEFT(J301,3) -> R1H | I301: WHIPPS CROSS UNIVERSITY HOSPITAL | J301: R1HKH
G302: =H302&I302 -> R1K EDGWARE COMMUNITY HOSPITAL | H302: =LEFT(J302,3) -> R1K | I302: EDGWARE COMMUNITY HOSPITAL | J302: R1K21
... G332: =H332&I332 -> R1LWOODLEA CLINIC (LEARNING DISABILITY SERVICE) | H332: =LEFT(J332,3) -> R1L | I332: WOODLEA CLINIC (LEARNING DISABILITY SERVICE) | J332: R1LL8
G333: =H333&I333 -> R1FST MARY'S HOSPITAL | H333: R1F | I333: ST MARY'S HOSPITAL | J333: R1F01
G334: =H334&I334 -> RA2FARNHAM HOSPITAL | H334: =LEFT(J334,3) -> RA2 | I334: FARNHAM HOSPITAL | J334: RA215
G335: =H335&I335 -> RA2FRIMLEY PARK HOSPITAL | H335: =LEFT(J335,3) -> RA2 | I335: FRIMLEY PARK HOSPITAL | J335: RA245
G336: =H336&I336 -> RA2HASLEMERE HOSPITAL | H336: =LEFT(J336,3) -> RA2 | I336: HASLEMERE HOSPITAL | J336: RA219
G337: =H337&I337 -> RA2ROYAL SURREY COUNTY HOSPITAL | H337: =LEFT(J337,3) -> RA2 | I337: ROYAL SURREY COUNTY HOSPITAL | J337: RA201
G338: =H338&I338 -> RA7BRISTOL EYE HOSPITAL | H338: =LEFT(J338,3) -> RA7 | I338: BRISTOL EYE HOSPITAL | J338: RA708
G339: =H339&I339 -> RA7BRISTOL HAEMATOLOGY AND ONCOLOGY CENTRE | H339: =LEFT(J339,3) -> RA7 | I339: BRISTOL HAEMATOLOGY AND ONCOLOGY CENTRE | J339: RA710
G340: =H340&I340 -> RA7BRISTOL ROYAL HOSPITAL FOR CHILDREN | H340: =LEFT(J340,3) -> RA7 | I340: BRISTOL ROYAL HOSPITAL FOR CHILDREN | J340: RA723
G341: =H341&I341 -> RA7BRISTOL ROYAL INFIRMARY | H341: =LEFT(J341,3) -> RA7 | I341: BRISTOL ROYAL INFIRMARY | J341: RA701
G342: =H342&I342 -> RA7KEYNSHAM HOSPITAL | H342: =LEFT(J342,3) -> RA7 | I342: KEYNSHAM HOSPITAL | J342: RA705
G343: =H343&I343 -> RA7SOUTH BRISTOL COMMUNITY HOSPITAL | H343: =LEFT(J343,3) -> RA7 | I343: SOUTH BRISTOL COMMUNITY HOSPITAL | J343: RA773
G344: =H344&I344 -> RA7ST MICHAEL'S HOSPITAL | H344: =LEFT(J344,3) -> RA7 | I344: ST MICHAEL'S HOSPITAL | J344: RA707
G345: =H345&I345 -> RA7UNIVERSITY OF BRISTOL DENTAL HOSPITAL | H345: =LEFT(J345,3) -> RA7 | I345: UNIVERSITY OF BRISTOL DENTAL HOSPITAL | J345: RA709
... G374: =H374&I374 -> RALROYAL FREE HOSPITAL | H374: =LEFT(J374,3) -> RAL | I374: ROYAL FREE HOSPITAL | J374: RAL01
G375: =H375&I375 -> RALNORTH MIDDLESEX HOSPITAL | H375: RAL | I375: NORTH MIDDLESEX HOSPITAL | J375: RAPNM
G376: =H376&I376 -> RALST. ALBANS CITY HOSPITAL | H376: =LEFT(J376,3) -> RAL | I376: ST. ALBANS CITY HOSPITAL | J376: RALAL
G377: =H377&I377 -> RALWATFORD GENERAL HOSPITAL | H377: =LEFT(J377,3) -> RAL | I377: WATFORD GENERAL HOSPITAL | J377: RALWA
G378: =H378&I378 -> RANROYAL NATIONAL ORTHOPAEDIC HOSPITAL (BOLSOVER STREET) | H378: =LEFT(J378,3) -> RAN | I378: ROYAL NATIONAL ORTHOPAEDIC HOSPITAL (BOLSOVER STREET) | J378: RAN02
G379: =H379&I379 -> RANTHE ROYAL NATIONAL ORTHOPAEDIC HOSPITAL (STANMORE) | H379: =LEFT(J379,3) -> RAN | I379: THE ROYAL NATIONAL ORTHOPAEDIC HOSPITAL (STANMORE) | J379: RAN01
G380: =H380&I380 -> RASHILLINGDON HOSPITAL | H380: =LEFT(J380,3) -> RAS | I380: HILLINGDON HOSPITAL | J380: RAS01
G381: =H381&I381 -> RASMOUNT VERNON HOSPITAL SITE | H381: =LEFT(J381,3) -> RAS | I381: MOUNT VERNON HOSPITAL SITE | J381: RAS02
G382: =H382&I382 -> RATBARKING HOSPITAL | H382: =LEFT(J382,3) -> RAT | I382: BARKING HOSPITAL | J382: RATAP
G383: =H383&I383 -> RATBASILDON HOSPITAL | H383: =LEFT(J383,3) -> RAT | I383: BASILDON HOSPITAL | J383: RATJC
G384: =H384&I384 -> RATBILLERICAY COMMUNITY HOSPITAL | H384: =LEFT(J384,3) -> RAT | I384: BILLERICAY COMMUNITY HOSPITAL | J384: RATDK
G385: =H385&I385 -> RATBRENTWOOD COMMUNITY HOSPITAL | H385: =LEFT(J385,3) -> RAT | I385: BRENTWOOD COMMUNITY HOSPITAL | J385: RATRM
G386: =H386&I386 -> RATBROOKSIDE | H386: =LEFT(J386,3) -> RAT | I386: BROOKSIDE | J386: RATRY
G387: =H387&I387 -> RATCHADWELL HEATH (CHS) | H387: =LEFT(J387,3) -> RAT | I387: CHADWELL HEATH (CHS) | J387: RATCS
... G418: =H418&I418 -> RATTHAMES VIEW (CHS) | H418: =LEFT(J418,3) -> RAT | I418: THAMES VIEW (CHS) | J418: RATTV
G419: =H419&I419 -> RATTHE AINSLIE REHAB UNIT | H419: RAT | I419: THE AINSLIE REHAB UNIT | J419: K9O1E
G420: =H420&I420 -> RATTHORNEBURY UNIT | H420: =LEFT(J420,3) -> RAT | I420: THORNEBURY UNIT | J420: RATHN
G421: =H421&I421 -> RATTHORPE COOMBE | H421: =LEFT(J421,3) -> RAT | I421: THORPE COOMBE | J421: RATTH
...

Sheet Wards
A1: Concatenate | B1: Org code | C1: Org name | D1: Site Code | E1: Site Name | F1: Ward | G1: Notes | H1: Last date of change
A2: =CONCATENATE(D2,F2) -> RCF22Acute Assessment Unit | B2: RCF | C2: AIREDALE NHS FOUNDATION TRUST | D2: RCF22 | E2: AIREDALE GENERAL HOSPITAL | F2: Acute Assessment Unit
A3: =CONCATENATE(D3,F3) -> RCF22Labour Suite | B3: RCF | C3: AIREDALE NHS FOUNDATION TRUST | D3: RCF22 | E3: AIREDALE GENERAL HOSPITAL | F3: Labour Suite
A4: =CONCATENATE(D4,F4) -> RCF22Neonatal Unit | B4: RCF | C4: AIREDALE NHS FOUNDATION TRUST | D4: RCF22 | E4: AIREDALE GENERAL HOSPITAL | F4: Neonatal Unit
A5: =CONCATENATE(D5,F5) -> RCF22Ward 01 | B5: RCF | C5: AIREDALE NHS FOUNDATION TRUST | D5: RCF22 | E5: AIREDALE GENERAL HOSPITAL | F5: Ward 01
A6: =CONCATENATE(D6,F6) -> RCF22Ward 02 | B6: RCF | C6: AIREDALE NHS FOUNDATION TRUST | D6: RCF22 | E6: AIREDALE GENERAL HOSPITAL | F6: Ward 02
A7: =CONCATENATE(D7,F7) -> RCF22Ward 04 | B7: RCF | C7: AIREDALE NHS FOUNDATION TRUST | D7: RCF22 | E7: AIREDALE GENERAL HOSPITAL | F7: Ward 04
A8: =CONCATENATE(D8,F8) -> RCF22Ward 05 | B8: RCF | C8: AIREDALE NHS FOUNDATION TRUST | D8: RCF22 | E8: AIREDALE GENERAL HOSPITAL | F8: Ward 05
A9: =CONCATENATE(D9,F9) -> RCF22Ward 06 | B9: RCF | C9: AIREDALE NHS FOUNDATION TRUST | D9: RCF22 | E9: AIREDALE GENERAL HOSPITAL | F9: Ward 06
A10: =CONCATENATE(D10,F10) -> RCF22Ward 07 | B10: RCF | C10: AIREDALE NHS FOUNDATION TRUST | D10: RCF22 | E10: AIREDALE GENERAL HOSPITAL | F10: Ward 07
A11: =CONCATENATE(D11,F11) -> RCF22Ward 09 | B11: RCF | C11: AIREDALE NHS FOUNDATION TRUST | D11: RCF22 | E11: AIREDALE GENERAL HOSPITAL | F11: Ward 09
A12: =CONCATENATE(D12,F12) -> RCF22Ward 10 | B12: RCF | C12: AIREDALE NHS FOUNDATION TRUST | D12: RCF22 | E12: AIREDALE GENERAL HOSPITAL | F12: Ward 10
A13: =CONCATENATE(D13,F13) -> RCF22Ward 13 | B13: RCF | C13: AIREDALE NHS FOUNDATION TRUST | D13: RCF22 | E13: AIREDALE GENERAL HOSPITAL | F13: Ward 13
... A233: =CONCATENATE(D233,F233) -> R1HM05C SBH | B233: R1H | C233: BARTS HEALTH NHS TRUST | D233: R1HM0 | E233: St Bartholomew's Hospital | F233: 5C SBH
A234: =CONCATENATE(D234,F234) -> R1HM05D SBH | B234: R1H | C234: BARTS HEALTH NHS TRUST | D234: R1HM0 | E234: St Bartholomew's Hospital | F234: 5D SBH | G234: Added ward 27/09/2019 | H234: 43735
A235: =CONCATENATE(D235,F235) -> R1HM06A SBH | B235: R1H | C235: BARTS HEALTH NHS TRUST | D235: R1HM0 | E235: St Bartholomew's Hospital | F235: 6A SBH
A236: =CONCATENATE(D236,F236) -> R1HM06D SBH | B236: R1H | C236: BARTS HEALTH NHS TRUST | D236: R1HM0 | E236: St Bartholomew's Hospital | F236: 6D SBH
A237: =CONCATENATE(D237,F237) -> R1H1210E RLH | B237: R1H | C237: BARTS HEALTH NHS TRUST | D237: R1H12 | E237: The Royal London Hospital | F237: 10E RLH
A238: =CONCATENATE(D238,F238) -> R1H1210F RLH | B238: R1H | C238: BARTS HEALTH NHS TRUST | D238: R1H12 | E238: The Royal London Hospital | F238: 10F RLH
A239: =CONCATENATE(D239,F239) -> R1H1211C RLH | B239: R1H | C239: BARTS HEALTH NHS TRUST | D239: R1H12 | E239: The Royal London Hospital | F239: 11C RLH
A240: =CONCATENATE(D240,F240) -> R1H1211E & 11F AAU | B240: R1H | C240: BARTS HEALTH NHS TRUST | D240: R1H12 | E240: The Royal London Hospital | F240: 11E & 11F AAU
A241: =CONCATENATE(D241,F241) -> R1H1212C RLH | B241: R1H | C241: BARTS HEALTH NHS TRUST | D241: R1H12 | E241: The Royal London Hospital | F241: 12C RLH
A242: =CONCATENATE(D242,F242) -> R1H1212D RLH | B242: R1H | C242: BARTS HEALTH NHS TRUST | D242: R1H12 | E242: The Royal London Hospital | F242: 12D RLH
A243: =CONCATENATE(D243,F243) -> R1H1212E RLH | B243: R1H | C243: BARTS HEALTH NHS TRUST | D243: R1H12 | E243: The Royal London Hospital | F243: 12E RLH
A244: =CONCATENATE(D244,F244) -> R1H1212F RLH | B244: R1H | C244: BARTS HEALTH NHS TRUST | D244: R1H12 | E244: The Royal London Hospital | F244: 12F RLH
A245: =CONCATENATE(D245,F245) -> R1H1213C RLH | B245: R1H | C245: BARTS HEALTH NHS TRUST | D245: R1H12 | E245: The Royal London Hospital | F245: 13C RLH
A246: =CONCATENATE(D246,F246) -> R1H1213D RLH | B246: R1H | C246: BARTS HEALTH NHS TRUST | D246: R1H12 | E246: The Royal London Hospital | F246: 13D RLH
... A413: =CONCATENATE(D413,F413) -> RYW235 | B413: RYW | C413: BIRMINGHAM COMMUNITY HEALTHCARE NHS FOUNDATION TRUST | D413: RYW23 | E413: MOSELEY HALL HOSPITAL | F413: 5
A414: =CONCATENATE(D414,F414) -> RYW236 | B414: RYW | C414: BIRMINGHAM COMMUNITY HEALTHCARE NHS FOUNDATION TRUST | D414: RYW23 | E414: MOSELEY HALL HOSPITAL | F414: 6 | G414: 27/07/2020 - New ward | H414: 44039
A415: =CONCATENATE(D415,F415) -> RYW238 | B415: RYW | C415: BIRMINGHAM COMMUNITY HEALTHCARE NHS FOUNDATION TRUST | D415: RYW23 | E415: MOSELEY HALL HOSPITAL | F415: 8
A416: =CONCATENATE(D416,F416) -> RYW239 | B416: RYW | C416: BIRMINGHAM COMMUNITY HEALTHCARE NHS FOUNDATION TRUST | D416: RYW23 | E416: MOSELEY HALL HOSPITAL | F416: 9
A417: =CONCATENATE(D417,F417) -> RYW23CCDU | B417: RYW | C417: BIRMINGHAM COMMUNITY HEALTHCARE NHS FOUNDATION TRUST | D417: RYW23 | E417: MOSELEY HALL HOSPITAL | F417: CCDU
A418: =CONCATENATE(D418,F418) -> RYW15Sheldon unit | B418: RYW | C418: BIRMINGHAM COMMUNITY HEALTHCARE NHS FOUNDATION TRUST | D418: RYW15 | E418: SHELDON HEATH - LAND ONLY | F418: Sheldon unit
A419: =CONCATENATE(D419,F419) -> RYW2412 | B419: RYW | C419: BIRMINGHAM COMMUNITY HEALTHCARE NHS FOUNDATION TRUST | D419: RYW24 | E419: WEST HEATH HOSPITAL | F419: 12
A420: =CONCATENATE(D420,F420) -> RYW24Willows | B420: RYW | C420: BIRMINGHAM COMMUNITY HEALTHCARE NHS FOUNDATION TRUST | D420: RYW24 | E420: WEST HEATH HOSPITAL | F420: Willows
A421: =CONCATENATE(D421,F421) -> RQ301Ashfield | B421: RQ3 | C421: BIRMINGHAM WOMEN'S AND CHILDREN'S NHS FOUNDATION TRUST | D421: RQ301 | E421: BIRMINGHAM CHILDREN'S HOSPITAL | F421: Ashfield
A422: =CONCATENATE(D422,F422) -> RQ301Burns | B422: RQ3 | C422: BIRMINGHAM WOMEN'S AND CHILDREN'S NHS FOUNDATION TRUST | D422: RQ301 | E422: BIRMINGHAM CHILDREN'S HOSPITAL | F422: Burns
A423: =CONCATENATE(D423,F423) -> RQ301ED | B423: RQ3 | C423: BIRMINGHAM WOMEN'S AND CHILDREN'S NHS FOUNDATION TRUST | D423: RQ301 | E423: BIRMINGHAM CHILDREN'S HOSPITAL | F423: ED
A424: =CONCATENATE(D424,F424) -> RQ301Heathlands | B424: RQ3 | C424: BIRMINGHAM WOMEN'S AND CHILDREN'S NHS FOUNDATION TRUST | D424: RQ301 | E424: BIRMINGHAM CHILDREN'S HOSPITAL | F424: Heathlands
A425: =CONCATENATE(D425,F425) -> RQ301Irwin | B425: RQ3 | C425: BIRMINGHAM WOMEN'S AND CHILDREN'S NHS FOUNDATION TRUST | D425: RQ301 | E425: BIRMINGHAM CHILDREN'S HOSPITAL | F425: Irwin
A426: =CONCATENATE(D426,F426) -> RQ301MHDU | B426: RQ3 | C426: BIRMINGHAM WOMEN'S AND CHILDREN'S NHS FOUNDATION TRUST | D426: RQ301 | E426: BIRMINGHAM CHILDREN'S HOSPITAL | F426: MHDU
... A557: =CONCATENATE(D557,F557) -> RAE01Paediatrics | B557: RAE | C557: BRADFORD TEACHING HOSPITALS NHS FOUNDATION TRUST | D557: RAE01 | E557: BRADFORD ROYAL INFIRMARY | F557: Paediatrics
A558: =CONCATENATE(D558,F558) -> RAE01Ward 01 - AMU | B558: RAE | C558: BRADFORD TEACHING HOSPITALS NHS FOUNDATION TRUST | D558: RAE01 | E558: BRADFORD ROYAL INFIRMARY | F558: Ward 01 - AMU | G558: Added ward 27/09/2019 | H558: 43735
A559: =CONCATENATE(D559,F559) -> RAE01Ward 04 - AMU | B559: RAE | C559: BRADFORD TEACHING HOSPITALS NHS FOUNDATION TRUST | D559: RAE01 | E559: BRADFORD ROYAL INFIRMARY | F559: Ward 04 - AMU
A560: =CONCATENATE(D560,F560) -> RAE01Ward 11 | B560: RAE | C560: BRADFORD TEACHING HOSPITALS NHS FOUNDATION TRUST | D560: RAE01 | E560: BRADFORD ROYAL INFIRMARY | F560: Ward 11
A561: =CONCATENATE(D561,F561) -> RAE01Ward 12 | B561: RAE | C561: BRADFORD TEACHING HOSPITALS NHS FOUNDATION TRUST | D561: RAE01 | E561: BRADFORD ROYAL INFIRMARY | F561: Ward 12 | G561: Added ward 11/12/2019 | H561: 43810
A562: =CONCATENATE(D562,F562) -> RAE01Ward 14 | B562: RAE | C562: BRADFORD TEACHING HOSPITALS NHS FOUNDATION TRUST | D562: RAE01 | E562: BRADFORD ROYAL INFIRMARY | F562: Ward 14 | G562: Added ward 27/09/2019 | H562: 43735
A563: =CONCATENATE(D563,F563) -> RAE01Ward 15 Renal | B563: RAE | C563: BRADFORD TEACHING HOSPITALS NHS FOUNDATION TRUST | D563: RAE01 | E563: BRADFORD ROYAL INFIRMARY | F563: Ward 15 Renal
A564: =CONCATENATE(D564,F564) -> RAE01Ward 18 | B564: RAE | C564: BRADFORD TEACHING HOSPITALS NHS FOUNDATION TRUST | D564: RAE01 | E564: BRADFORD ROYAL INFIRMARY | F564: Ward 18
A565: =CONCATENATE(D565,F565) -> RAE01Ward 20 | B565: RAE | C565: BRADFORD TEACHING HOSPITALS NHS FOUNDATION TRUST | D565: RAE01 | E565: BRADFORD ROYAL INFIRMARY | F565: Ward 20
A566: =CONCATENATE(D566,F566) -> RAE01Ward 21 | B566: RAE | C566: BRADFORD TEACHING HOSPITALS NHS FOUNDATION TRUST | D566: RAE01 | E566: BRADFORD ROYAL INFIRMARY | F566: Ward 21
A567: =CONCATENATE(D567,F567) -> RAE01Ward 22 & CCU | B567: RAE | C567: BRADFORD TEACHING HOSPITALS NHS FOUNDATION TRUST | D567: RAE01 | E567: BRADFORD ROYAL INFIRMARY | F567: Ward 22 & CCU | G567: Added ward 27/09/2019 | H567: 43735
A568: =CONCATENATE(D568,F568) -> RAE01Ward 23 | B568: RAE | C568: BRADFORD TEACHING HOSPITALS NHS FOUNDATION TRUST | D568: RAE01 | E568: BRADFORD ROYAL INFIRMARY | F568: Ward 23 | G568: Added ward 27/09/2019 | H568: 43735
A569: =CONCATENATE(D569,F569) -> RAE01Ward 24 Oncology | B569: RAE | C569: BRADFORD TEACHING HOSPITALS NHS FOUNDATION TRUST | D569: RAE01 | E569: BRADFORD ROYAL INFIRMARY | F569: Ward 24 Oncology
A570: =CONCATENATE(D570,F570) -> RAE01Ward 25 | B570: RAE | C570: BRADFORD TEACHING HOSPITALS NHS FOUNDATION TRUST | D570: RAE01 | E570: BRADFORD ROYAL INFIRMARY | F570: Ward 25
A571: =CONCATENATE(D571,F571) -> RAE01Ward 26 | B571: RAE | C571: BRADFORD TEACHING HOSPITALS NHS FOUNDATION TRUST | D571: RAE01 | E571: BRADFORD ROYAL INFIRMARY | F571: Ward 26
A572: =CONCATENATE(D572,F572) -> RAE01Ward 27 | B572: RAE | C572: BRADFORD TEACHING HOSPITALS NHS FOUNDATION TRUST | D572: RAE01 | E572: BRADFORD ROYAL INFIRMARY | F572: Ward 27
A573: =CONCATENATE(D573,F573) -> RAE01Ward 28 | B573: RAE | C573: BRADFORD TEACHING HOSPITALS NHS FOUNDATION TRUST | D573: RAE01 | E573: BRADFORD ROYAL INFIRMARY | F573: Ward 28
A574: =CONCATENATE(D574,F574) -> RAE01Ward 29 | B574: RAE | C574: BRADFORD TEACHING HOSPITALS NHS FOUNDATION TRUST | D574: RAE01 | E574: BRADFORD ROYAL INFIRMARY | F574: Ward 29
A575: =CONCATENATE(D575,F575) -> RAE01Ward 3 | B575: RAE | C575: BRADFORD TEACHING HOSPITALS NHS FOUNDATION TRUST | D575: RAE01 | E575: BRADFORD ROYAL INFIRMARY | F575: Ward 3 | G575: Added ward 27/09/2019 | H575: 43735
A576: =CONCATENATE(D576,F576) -> RAE01Ward 31 | B576: RAE | C576: BRADFORD TEACHING HOSPITALS NHS FOUNDATION TRUST | D576: RAE01 | E576: BRADFORD ROYAL INFIRMARY | F576: Ward 31
A577: =CONCATENATE(D577,F577) -> RAE01Ward 33 | B577: RAE | C577: BRADFORD TEACHING HOSPITALS NHS FOUNDATION TRUST | D577: RAE01 | E577: BRADFORD ROYAL INFIRMARY | F577: Ward 33
A578: =CONCATENATE(D578,F578) -> RAE01Ward 6 | B578: RAE | C578: BRADFORD TEACHING HOSPITALS NHS FOUNDATION TRUST | D578: RAE01 | E578: BRADFORD ROYAL INFIRMARY | F578: Ward 6
A579: =CONCATENATE(D579,F579) -> RAE01Ward 7 Infectious Diseases | B579: RAE | C579: BRADFORD TEACHING HOSPITALS NHS FOUNDATION TRUST | D579: RAE01 | E579: BRADFORD ROYAL INFIRMARY | F579: Ward 7 Infectious Diseases
A580: =CONCATENATE(D580,F580) -> RAE01Ward 8 | B580: RAE | C580: BRADFORD TEACHING HOSPITALS NHS FOUNDATION TRUST | D580: RAE01 | E580: BRADFORD ROYAL INFIRMARY | F580: Ward 8
A581: =CONCATENATE(D581,F581) -> RAE01Ward 9 Short Stay | B581: RAE | C581: BRADFORD TEACHING HOSPITALS NHS FOUNDATION TRUST | D581: RAE01 | E581: BRADFORD ROYAL INFIRMARY | F581: Ward 9 Short Stay
A582: =CONCATENATE(D582,F582) -> RAE05F5 | B582: RAE | C582: BRADFORD TEACHING HOSPITALS NHS FOUNDATION TRUST | D582: RAE05 | E582: ST LUKES HOSPITAL | F582: F5
A583: =CONCATENATE(D583,F583) -> RAE05F6 | B583: RAE | C583: BRADFORD TEACHING HOSPITALS NHS FOUNDATION TRUST | D583: RAE05 | E583: ST LUKES HOSPITAL | F583: F6
A584: =CONCATENATE(D584,F584) -> RAE05WBG | B584: RAE | C584: BRADFORD TEACHING HOSPITALS NHS FOUNDATION TRUST | D584: RAE05 | E584: ST LUKES HOSPITAL | F584: WBG
A585: =CONCATENATE(D585,F585) -> RAE05WWP | B585: RAE | C585: BRADFORD TEACHING HOSPITALS NHS FOUNDATION TRUST | D585: RAE05 | E585: ST LUKES HOSPITAL | F585: WWP
A586: =CONCATENATE(D586,F586) -> RXQ51Bucks Neuro Rehab | B586: RXQ | C586: BUCKINGHAMSHIRE HEALTHCARE NHS TRUST | D586: RXQ51 | E586: Amersham Hospital | F586: Bucks Neuro Rehab
A587: =CONCATENATE(D587,F587) -> RXQ51Chartridge | B587: RXQ | C587: BUCKINGHAMSHIRE HEALTHCARE NHS TRUST | D587: RXQ51 | E587: Amersham Hospital | F587: Chartridge
A588: =CONCATENATE(D588,F588) -> RXQ51Waterside | B588: RXQ | C588: BUCKINGHAMSHIRE HEALTHCARE NHS TRUST | D588: RXQ51 | E588: Amersham Hospital | F588: Waterside
A589: =CONCATENATE(D589,F589) -> RXQ61Buckingham | B589: RXQ | C589: BUCKINGHAMSHIRE HEALTHCARE NHS TRUST | D589: RXQ61 | E589: Buckingham Hospital | F589: Buckingham | G589: Added ward 27/09/2019 | H589: 43735
A590: =CONCATENATE(D590,F590) -> RXQFNFlorence Nightingale | B590: RXQ | C590: BUCKINGHAMSHIRE HEALTHCARE NHS TRUST | D590: RXQFN | E590: Florence Nightingale Hospice | F590: Florence Nightingale
